Workbook
Name AnnualCIchange: '(I) OptionLists'!$D$5:$D$8
Name EDU_CI_Lookup: '(E) EDU_CIs'!$A$5:$B$34
Name EDU_CI_names: '(E) EDU_CIs'!$A$5:$A$33
Name EDU_CI_values: '(E) EDU_CIs'!$B$5:$B$33
Name EDU_EV_names: '(B) EDU_EVs'!$B$5:$B$22
Name EDU_EV_values: '(B) EDU_EVs'!$D$5:$D$22
Name EV_Fuel_Multi: '(I) OptionLists'!$G$5:$G$8
Name EV_Fuel_Single: '(I) OptionLists'!$G$5:$G$7
Name GridCIMulti: '(I) OptionLists'!$C$5:$C$8
Name GridCISingle: '(I) OptionLists'!$C$5:$C$7
Name Inflation: '(H) Inflation'!$B$5:$B$9
Name NoInflation: '(H) Inflation'!$B$20
Name NoManualChange: '(I) OptionLists'!$D$9
Name OEMpart: '(I) OptionLists'!$E$5:$E$8
Name PricesMulti: '(I) OptionLists'!$B$5:$B$8
Name PricesSingle: '(I) OptionLists'!$A$5:$A$7
Name ResShare: '(I) OptionLists'!$F$5:$F$8
Name SingleYear: '(D) CI Standard'!$B$21
Name Statewide2026: '(E) EDU_CIs'!$B$34
Name Years: '(D) CI Standard'!$B$5:$B$19

Sheet Start here
A1: CTFP EDU Residential Charging Calculator
A3: General notes
B5: 1. All calculation values and assumptions come from the Clean Transportation Fuel Program rule under 20.2.92 NMAC, associated analyses, and external data sources where indicated.
B6: 2. The only sheet with values to populate is the Calculator tab. All other sheets contain input and parameter values and are for observation only.
B7: 3. In this sheet and the Calculator sheet, superscript numbers refer to notes on each page. Superscript letters refer to rows referencing data from input assumption sheets (A)-(I).
A9: Calculator directions
B11: 1. In Column B of the Calculator sheet, select operating inputs in the brown cells.
B12: 2. Depending upon your selections in Column B, you may see orange cells in Column C or Column I where manual input is required. If so, please populate those cells!
A14: Calculator input notes
A16: Estimated charging fuel quantity for 2026 - Row 12 of Calculator sheetA.B
B17: 1. The "EDU-based estimate" option in Cell B12 estimates the fuel qualtity used for electric vehicle (EV) charging in an Electric Distributrion Utility's (EDU) service area selected in Cell B11.
C18: a. It does this by prorating the estimated 136,480 megawatt hours (MWh) ofelectricity used for EV charging from both the Benefits-Cost Analysis and Rebuttal Sensitivity Analysis (NMED Exhibits 79 and 136 from EIB 25-23)
C19: from the '(A) ElectricityProj_MWh' sheet by the share of onroad EVs in New Mexico registered within each EDU's service area from Atlas Public Policy, EvaluateNM (Kumar, 2026), as listed in the '(B) EDU_EVs' sheet.
B20: 2. The "Manual" option in Cell B12 allows the user to hand-enter a 2026 charging fuel quantity (in MWh) in Cell C12.
C21: a. This option is suggested for EDUs in service territories that do not have a number of on-road EVs from Atlas Public Policy, EvaluateNM (Kumar, 2026) listed in the '(B) EDU_EVs' sheet.
C22: b. The default option for such service territories is to receive a 0.02% share of New Mexico's total fuel quantity in 2026 from the EV share listed in sheet (B) as registered in "Out of state or unknown" service territories.
A24: Residential charging fuel share - Row 13 of Calculator sheetC
B25: 1. Because the projected 136,480 MWh of electricity used for EV charging in 2026 is inclusive of both residential and non-residential charging, this overall total must be prorated by a portion that is used for residential charging.
C26: a. This portion can be manually entered or estimated from the average residential portions from 2023-2025 in California, Washington, and Oregon shown in the '(C) Res%' sheet, and calculated from sheets (C.1) through (C.3).
A28: Projected charging fuel change - Row 14 of Calculator sheetA
B29: 1. The "Benefit-Cost Analysis" option in Cell B14 increases the quanitity of electricity used for EV charging after 2026 using projections from NMED Exhibit 79 of EIB 25-23.
C30: a. These projections assume the continuation of state and federal EV-supporting policies in New Mexico through 2040.
B31: 2. The "Rebuttal Sensitivity Analysis" option in Cell B14 increases the quanitity of electricity used for EV charging after 2026 using projections from NMED Exhibit 136 of EIB 25-23.
C32: a. These projections assume the rollback of state and federal EV-supporting policies in New Mexico through 2040.
B33: 3. If you select "Manual (Single percentage)" in Cell B14, you will need to enter in Cell C14 a single assumed percentage rate by which the fuel quanitity used for EV charging grows each year after 2026.
B34: 4. If you select "Manual (Different annual percentages)” in Cell B14, you will need to enter each year's EV fuel use growth rate as a percentage in Column K, based upon custom growth projections.
A36: 2026 Grid/EDU carbon intensity - Row 15 of Calculator sheetE
A37: Note: Options 1-3 require an entry into Row 16 to determine grid electricity carbon intensity (CI) changes for years after 2026.
B38: 1. The The "EDU-based estimate" determines the 2026 grid electricity CI for an EDU based upon its 2026 EDU-specific CI value from NMED. See the '(E) EDU_CIs' sheet for a reference list.
B39: 2. The "Statewide" option calculates the 2026 grid electricity CI as a weighted average of EDU carbon intensities and the number of registered on-road EVs in each from Atlas Public Policy, EvaluateNM (Kumar, 2026).
B40: 3. If you select "Manual (single CI)," enter your desired 2026 CI for grid electricity in Cell C15.
B41: 4. If you select "Manual (Different annual CIs)" in Cell B15, you must manually enter the CI for each year in Column L based upon custom projections.
C42: a. Unlike Options 1-3, Option 4 does not require an entry into Row 16 to determine grid electricity CI chages for years after 2026.
A44: Annual carbon intensity change - Row 16 of Calculator sheetF
A45: Note: This selection is only available if one of Options 1-3 is selected in Row 15. Selecting Option 4 in Row 15 will require the user to enter each year's CI in Column L based upon custom projections, rendering this row (Row 16) obsolete.
B46: 1. The "Statewide change" option in Cell B16 uses projected grid CI changes from the Benefits-Cost Analysis and Rebuttal Sensitivity Analysis (NMED Exhibits 79 and 136 from EIB 25-23) that account for the Energy Transition Act.
B47: 2. The "Zero-carbon by 2040" option in Cell B16 projects grid CI changes based upon a linear path culminating in a CI of zero in 2040, when power comes from zero-carbon sources like Geothermal, Hydro, Wind, and Solar.
B48: 3. The "Manual percentage" option in Cell B16 allows the user to manually enter a percentage change applied linearly to the grid CI for all years after 2026.
C49: a. If selecting this option, specify that the percentage is negative for a grid CI that goes down over time.
B50: 4. The "Flat" option in Cell B16 assumes a grid CI that is unchanging over time.
A52: Output results year(s) - Row 18 of Calculator sheet
B53: If you would like results for multiple years until 2040, select "All years" in Cell B18. If you would like results for a single year, select "Single year" in Cell B18 and specify that year in Cell C18.
A55: Credit price projections - Row 19 of Calculator sheetG
B56: 1. The "Benefit-Cost Analysis" option in Cell B20 refers to price projections that assume the continuation of state and federal EV-supporting policies in New Mexico through 2040.
C57: a. More information on each scenario is available in the '(G) CreditPrice_Nom' sheet.
C58: b. In this scenario, unlike in the "Rebuttal Sensitivity Analysis" scenario, credit prices fall to zero by 2036 due to credit supply that exceeds compliance obligations.
B59: 3. If you select "Manual (single price)" for CTFP credit prices in Cell B19, you will need to enter your desired credit price in Cell C19.
B60: 4. If you select "Manual (different annual prices) for CTFP credit prices in Cell B19, you will need to enter the credit price for each year in Column M.
A62: Dollar type - Row 20 of Calculator sheet
B63: 1. Select "Nominal" in Cell B20 to use nominal dollars for credit prices and revenue that are not adjusted for inflation.
B64: 2. Select "Real (input dollar year in Column C)" to have credit prices and revenue that are adjusted by an inflation indicator specified in Row 21 to a specific year.
C65: a. Selecting this option will require you to enter the desired year that all earnings are adjusted to in real terms in Cell C20 (from 2026 to "2040 and subsequent years)".
A67: Inflation index - Row 21 of Calculator sheetH
A68: Note: This selection is only available if "Real (input dollar year in Column C)" is selected in Row. There will be no need for an inflation adjustment if the "nominal" option is selected in that row.
B69: If applicable, select a desired inflation index in Cell B21. For more information on each, refer to the '(H) Inflation' sheet.
A71: Vehicle manufacturer credit share uptake - Row 22 of Calculator sheet
B72: This row allows the user to estimate the degree to which EV manufacturers will exercise their option to receive a 35% share of residential EV charging revenue pursuant to Title 20, Chapter 2, Part 92, Section 403, Subsection C,
B73: Paragraph 1 of the New Mexico Administrative Code (20.2.92.403(C)(1) NMAC).
C74: You can assume Full uptake, in which case an EDU receives 1 - (.35*100%) = 65% of residential EV charging revenue, No uptake, in which case an EDU receives 1 - (.35*0%) = 100% of residential EV charging revenue,
C75: or Half uptake, in which case an EDU receives 1 - (.35*50%) = 82.5% of residential EV charging revenue.
C76: To assume a custome uptake percentage, choose "Manual" in Cell B22.
A82: Version: Residential_Charging_Credit_Revenue_Calculator_v1 | C82: Version: Final draft for QA/QC review | Release date: May 2026 | Owner: NMED Clean Transportation Fuel Program

Sheet Calculator
A1: Calculator sheet - For user input and results
A2: As desired, select inputs from brown cells in Column B. Populate any orange cells in Columns C, K, L, and M. Observe revenue results in Column J.
A4: Color legend: | E4: Results
A5: Select options as desired | E5: Year | F5: Residential fuel | G5: Fuel CI | H5: Credits | I5: Credit price | J5: Revenue
A6: Input required | F6: (MWh)2 | G6: (gCO2e/MJ)3 | H6: (MT CO2e)5,6 | I6: ($/MT CO2e)5 | J6: ($US) | K6: =IF(B14='(I) OptionLists'!G8,"Annual fuel % changes","") | L6: =IF(B15='(I) OptionLists'!C8,"Annual CIs","") | M6: =IF(B19='(I) OptionLists'!B8,"Annual credit prices","")
A7: Category or result - do not edit | E7: =IF(B18="Single year",IF(C18="","Populate cell C19",C18),2026) -> 2026 | F7: =IF(AND($B$12="Manual",$C$12=""),"Populate Cell C12",IF(AND($B$13='(I) OptionLists'!$F$8,$C$13=""),"Populate Cell C13",IF(AND($B$14='(I) OptionLists'!$G$7,$C$14=""),"Populate Cell C14",IF(AND(VALUE(LEFT(E7,4))>2026,$B$14='(I) OptionLists'!$G$8,K7=""),"Populate Column K",IF($B$12="Manual",$C$12,'(A) ElectricityProj_MWh'!$D$12*IF($B$11="Statewide",1,IFERROR(VLOOKUP($B$11,'(B) EDU_EVs'!$B$5:$D$24,3,FALSE)/SUM('(B) EDU_EVs'!$D$5:$D$24),'(B) EDU_EVs'!$D$24/SUM('(B) EDU_EVs'!$D$5:$D$24))))*IF($B$13="Manual",$C$13,VALUE(RIGHT($B$13,3)))*IF($B$14='(I) OptionLists'!$G$5,VLOOKUP(E7,'(A) ElectricityProj_MWh'!$A$6:$D$26,4,FALSE)/'(A) ElectricityProj_MWh'!$D$12,IF($B$14='(I) OptionLists'!$G$6,VLOOKUP(E7,'(A) ElectricityProj_MWh'!$F$6:$I$26,4,FALSE)/'(A) ElectricityProj_MWh'!$D$12,IF($B$14='(I) OptionLists'!$G$7,(1+$C$14)^(VALUE(LEFT(E7,4))-2026),1+IF($B$14='(I) OptionLists'!$G$8,K7)))))))) -> 87347.397 | G7: =IF(E7="","",IF(AND($B$15='(I) OptionLists'!$C$7,$C$15=""),"Populate Cell C15",IF($B$15='(I) OptionLists'!$C$6,IF(AND(B$16='(I) OptionLists'!$D$7,C$16=""),"Populate Cell C16",ROUND(Statewide2026*(IF(B$16='(I) OptionLists'!$D$5,VLOOKUP(E7,'(F) StatewideChange'!$B$5:$C$19,2,FALSE)/VLOOKUP(2026,'(F) StatewideChange'!$B$5:$C$19,2,FALSE),IF(B$16='(I) OptionLists'!$D$8,1,IF(B$16='(I) OptionLists'!$D$6,VLOOKUP(2026,'(F) StatewideChange'!$B$5:$C$19,2,FALSE)/VLOOKUP(E7,'(F) StatewideChange'!$B$5:$C$19,2,FALSE)*(2040-VALUE(LEFT(E7,4)))/(2040-2026),IF(B$16='(I) OptionLists'!$D$7,(1+C$16)^(VALUE(LEFT(E7,4))-2026),1))))),2)),IF($B$15='(I) OptionLists'!$C$7,IF(AND(B$16='(I) OptionLists'!$D$7,C$16=""),"Populate Cell C16",ROUND($C$15*(IF(B$16='(I) OptionLists'!$D$5,VLOOKUP(E7,'(F) StatewideChange'!$B$5:$C$19,2,FALSE)/VLOOKUP(2026,'(F) StatewideChange'!$B$5:$C$19,2,FALSE),IF(B$16='(I) OptionLists'!$D$8,1,IF(B$16='(I) OptionLists'!$D$6,(2040-VALUE(LEFT(E7,4)))/(2040-2026),IF(B$16='(I) OptionLists'!$D$7,(1+C$16)^(VALUE(LEFT(E7,4))-2026),1))))),2)),IF(B$15='(I) OptionLists'!$C$8,IF(L7="","Populate Column L",ROUND(L7,2)),IF(AND(B$16='(I) OptionLists'!$D$7,C$16=""),"Populate Cell C16",IFERROR(ROUND(VLOOKUP($B$11,EDU_CI_Lookup,2,FALSE)*(IF(B$16='(I) OptionLists'!$D$5,VLOOKUP(E7,'(F) StatewideChange'!$B$5:$C$19,2,FALSE)/VLOOKUP(2026,'(F) StatewideChange'!$B$5:$C$19,2,FALSE),IF(B$16='(I) OptionLists'!$D$8,1,IF(B$16='(I) OptionLists'!$D$6,(2040-VALUE(LEFT(E7,4)))/(2040-2026),IF(B$16='(I) OptionLists'!$D$7,(1+C$16)^(VALUE(LEFT(E7,4))-2026),1))))),2),"Select valid EDU option"))))))) -> 62.08 | H7: =IF(LEFT(F7,3)="Pop",F7,IF(LEFT(G7,3)="Pop",G7,IF(AND(Calculator!$B$22='(I) OptionLists'!$E$8,Calculator!$C$22=""),"Populate Cell C22",IFERROR(IF(E7="","",ROUND(F7*1000*3.6*(1-0.35*IF(Calculator!$B$22='(I) OptionLists'!$E$8,$C$22,VALUE(RIGHT($B$22,LEN($B$22)-FIND("-",$B$22,1)-1))))*(3.4*VLOOKUP(E7,'(D) CI Standard'!$B$5:$C$19,2,FALSE)-G7)/1000000,0)),"")))) -> 80860 | I7: {=IF(E7="","",_xlfn.IFNA(IF(B$19='(I) OptionLists'!$B$7,IF(C$19="","Populate cell C20",ROUND(C$19*IF($B$20="Nominal",1,INDEX('(H) Inflation'!$C$12:$N$16,MATCH($B$21,'(H) Inflation'!$B$12:$B$16,0),MATCH($C$20,'(G) Credit Price_nom'!$C$5:$Q$5,0))/INDEX('(H) Inflation'!$C$12:$N$16,MATCH($B$21,'(H) Inflation'!$B$12:$B$16,0),MATCH(E7,'(G) Credit Price_nom'!$C$5:$Q$5,0))),2)),IF(B$19='(I) OptionLists'!$B$8,IF(K6="","Populate Column M",K6),ROUND(INDEX('(G) Credit Price_nom'!$C$6:$Q$7,MATCH($B$19,'(G) Credit Price_nom'!$B$6:$B$7,0),MATCH(E7,'(G) Credit Price_nom'!$C$5:$Q$5,0))*IF($B$20="Nominal",1,INDEX('(H) Inflation'!$C$12:$N$16,MATCH($B$21,'(H) Inflation'!$B$12:$B$16,0),MATCH($C$20,'(G) Credit Price_nom'!$C$5:$Q$5,0))/INDEX('(H) Inflation'!$C$12:$R$16,MATCH($B$21,'(H) Inflation'!$B$12:$B$16,0),MATCH(E7,'(H) Inflation'!$C$11:$R$11,0))),2))),IF(AND($B$18="single year",$C$18=""),"Populate cell C19",IF(AND($B$20="Real (input dollar year in Column C)",$C$20=""),"Populate cell C21","Check cells C18:C22"))))} -> 110.49 | J7: =IF(LEFT(H7,3)="Pop",H7,IF(LEFT(I7,3)="Pop",I7,IFERROR(IF(H7="","",IF(I7="","",H7*I7)),""))) -> 8934221.4 | L7: 20
E8: {=IF(B$18="All Years",INDEX(Years,ROW()-6),"")} -> 2027 | F8: =IF(AND($B$12="Manual",$C$12=""),"Populate Cell C12",IF(AND($B$13='(I) OptionLists'!$F$8,$C$13=""),"Populate Cell C13",IF(AND($B$14='(I) OptionLists'!$G$7,$C$14=""),"Populate Cell C14",IF(AND(VALUE(LEFT(E8,4))>2026,$B$14='(I) OptionLists'!$G$8,K8=""),"Populate Column K",IF($B$12="Manual",$C$12,'(A) ElectricityProj_MWh'!$D$12*IF($B$11="Statewide",1,IFERROR(VLOOKUP($B$11,'(B) EDU_EVs'!$B$5:$D$24,3,FALSE)/SUM('(B) EDU_EVs'!$D$5:$D$24),'(B) EDU_EVs'!$D$24/SUM('(B) EDU_EVs'!$D$5:$D$24))))*IF($B$13="Manual",$C$13,VALUE(RIGHT($B$13,3)))*IF($B$14='(I) OptionLists'!$G$5,VLOOKUP(E8,'(A) ElectricityProj_MWh'!$A$6:$D$26,4,FALSE)/'(A) ElectricityProj_MWh'!$D$12,IF($B$14='(I) OptionLists'!$G$6,VLOOKUP(E8,'(A) ElectricityProj_MWh'!$F$6:$I$26,4,FALSE)/'(A) ElectricityProj_MWh'!$D$12,IF($B$14='(I) OptionLists'!$G$7,(1+$C$14)^(VALUE(LEFT(E8,4))-2026),1+IF($B$14='(I) OptionLists'!$G$8,K8)))))))) -> 210764.87 | G8: =IF(E8="","",IF(AND($B$15='(I) OptionLists'!$C$7,$C$15=""),"Populate Cell C15",IF($B$15='(I) OptionLists'!$C$6,IF(AND(B$16='(I) OptionLists'!$D$7,C$16=""),"Populate Cell C16",ROUND(Statewide2026*(IF(B$16='(I) OptionLists'!$D$5,VLOOKUP(E8,'(F) StatewideChange'!$B$5:$C$19,2,FALSE)/VLOOKUP(2026,'(F) StatewideChange'!$B$5:$C$19,2,FALSE),IF(B$16='(I) OptionLists'!$D$8,1,IF(B$16='(I) OptionLists'!$D$6,VLOOKUP(2026,'(F) StatewideChange'!$B$5:$C$19,2,FALSE)/VLOOKUP(E8,'(F) StatewideChange'!$B$5:$C$19,2,FALSE)*(2040-VALUE(LEFT(E8,4)))/(2040-2026),IF(B$16='(I) OptionLists'!$D$7,(1+C$16)^(VALUE(LEFT(E8,4))-2026),1))))),2)),IF($B$15='(I) OptionLists'!$C$7,IF(AND(B$16='(I) OptionLists'!$D$7,C$16=""),"Populate Cell C16",ROUND($C$15*(IF(B$16='(I) OptionLists'!$D$5,VLOOKUP(E8,'(F) StatewideChange'!$B$5:$C$19,2,FALSE)/VLOOKUP(2026,'(F) StatewideChange'!$B$5:$C$19,2,FALSE),IF(B$16='(I) OptionLists'!$D$8,1,IF(B$16='(I) OptionLists'!$D$6,(2040-VALUE(LEFT(E8,4)))/(2040-2026),IF(B$16='(I) OptionLists'!$D$7,(1+C$16)^(VALUE(LEFT(E8,4))-2026),1))))),2)),IF(B$15='(I) OptionLists'!$C$8,IF(L8="","Populate Column L",ROUND(L8,2)),IF(AND(B$16='(I) OptionLists'!$D$7,C$16=""),"Populate Cell C16",IFERROR(ROUND(VLOOKUP($B$11,EDU_CI_Lookup,2,FALSE)*(IF(B$16='(I) OptionLists'!$D$5,VLOOKUP(E8,'(F) StatewideChange'!$B$5:$C$19,2,FALSE)/VLOOKUP(2026,'(F) StatewideChange'!$B$5:$C$19,2,FALSE),IF(B$16='(I) OptionLists'!$D$8,1,IF(B$16='(I) OptionLists'!$D$6,(2040-VALUE(LEFT(E8,4)))/(2040-2026),IF(B$16='(I) OptionLists'!$D$7,(1+C$16)^(VALUE(LEFT(E8,4))-2026),1))))),2),"Select valid EDU option"))))))) -> 61.02 | H8: =IF(LEFT(F8,3)="Pop",F8,IF(LEFT(G8,3)="Pop",G8,IF(AND(Calculator!$B$22='(I) OptionLists'!$E$8,Calculator!$C$22=""),"Populate Cell C22",IFERROR(IF(E8="","",ROUND(F8*1000*3.6*(1-0.35*IF(Calculator!$B$22='(I) OptionLists'!$E$8,$C$22,VALUE(RIGHT($B$22,LEN($B$22)-FIND("-",$B$22,1)-1))))*(3.4*VLOOKUP(E8,'(D) CI Standard'!$B$5:$C$19,2,FALSE)-G8)/1000000,0)),"")))) -> 192200 | I8: {=IF(E8="","",_xlfn.IFNA(IF(B$19='(I) OptionLists'!$B$7,IF(C$19="","Populate cell C20",ROUND(C$19*IF($B$20="Nominal",1,INDEX('(H) Inflation'!$C$12:$N$16,MATCH($B$21,'(H) Inflation'!$B$12:$B$16,0),MATCH($C$20,'(G) Credit Price_nom'!$C$5:$Q$5,0))/INDEX('(H) Inflation'!$C$12:$N$16,MATCH($B$21,'(H) Inflation'!$B$12:$B$16,0),MATCH(E8,'(G) Credit Price_nom'!$C$5:$Q$5,0))),2)),IF(B$19='(I) OptionLists'!$B$8,IF(K7="","Populate Column M",K7),ROUND(INDEX('(G) Credit Price_nom'!$C$6:$Q$7,MATCH($B$19,'(G) Credit Price_nom'!$B$6:$B$7,0),MATCH(E8,'(G) Credit Price_nom'!$C$5:$Q$5,0))*IF($B$20="Nominal",1,INDEX('(H) Inflation'!$C$12:$N$16,MATCH($B$21,'(H) Inflation'!$B$12:$B$16,0),MATCH($C$20,'(G) Credit Price_nom'!$C$5:$Q$5,0))/INDEX('(H) Inflation'!$C$12:$R$16,MATCH($B$21,'(H) Inflation'!$B$12:$B$16,0),MATCH(E8,'(H) Inflation'!$C$11:$R$11,0))),2))),IF(AND($B$18="single year",$C$18=""),"Populate cell C19",IF(AND($B$20="Real (input dollar year in Column C)",$C$20=""),"Populate cell C21","Check cells C18:C22"))))} -> 93.6 | J8: =IF(LEFT(H8,3)="Pop",H8,IF(LEFT(I8,3)="Pop",I8,IFERROR(IF(H8="","",IF(I8="","",H8*I8)),""))) -> 17989920
A9: Inputs | E9: {=IF(B$18="All Years",INDEX(Years,ROW()-6),"")} -> 2028 | F9: =IF(AND($B$12="Manual",$C$12=""),"Populate Cell C12",IF(AND($B$13='(I) OptionLists'!$F$8,$C$13=""),"Populate Cell C13",IF(AND($B$14='(I) OptionLists'!$G$7,$C$14=""),"Populate Cell C14",IF(AND(VALUE(LEFT(E9,4))>2026,$B$14='(I) OptionLists'!$G$8,K9=""),"Populate Column K",IF($B$12="Manual",$C$12,'(A) ElectricityProj_MWh'!$D$12*IF($B$11="Statewide",1,IFERROR(VLOOKUP($B$11,'(B) EDU_EVs'!$B$5:$D$24,3,FALSE)/SUM('(B) EDU_EVs'!$D$5:$D$24),'(B) EDU_EVs'!$D$24/SUM('(B) EDU_EVs'!$D$5:$D$24))))*IF($B$13="Manual",$C$13,VALUE(RIGHT($B$13,3)))*IF($B$14='(I) OptionLists'!$G$5,VLOOKUP(E9,'(A) ElectricityProj_MWh'!$A$6:$D$26,4,FALSE)/'(A) ElectricityProj_MWh'!$D$12,IF($B$14='(I) OptionLists'!$G$6,VLOOKUP(E9,'(A) ElectricityProj_MWh'!$F$6:$I$26,4,FALSE)/'(A) ElectricityProj_MWh'!$D$12,IF($B$14='(I) OptionLists'!$G$7,(1+$C$14)^(VALUE(LEFT(E9,4))-2026),1+IF($B$14='(I) OptionLists'!$G$8,K9)))))))) -> 394503.45 | G9: =IF(E9="","",IF(AND($B$15='(I) OptionLists'!$C$7,$C$15=""),"Populate Cell C15",IF($B$15='(I) OptionLists'!$C$6,IF(AND(B$16='(I) OptionLists'!$D$7,C$16=""),"Populate Cell C16",ROUND(Statewide2026*(IF(B$16='(I) OptionLists'!$D$5,VLOOKUP(E9,'(F) StatewideChange'!$B$5:$C$19,2,FALSE)/VLOOKUP(2026,'(F) StatewideChange'!$B$5:$C$19,2,FALSE),IF(B$16='(I) OptionLists'!$D$8,1,IF(B$16='(I) OptionLists'!$D$6,VLOOKUP(2026,'(F) StatewideChange'!$B$5:$C$19,2,FALSE)/VLOOKUP(E9,'(F) StatewideChange'!$B$5:$C$19,2,FALSE)*(2040-VALUE(LEFT(E9,4)))/(2040-2026),IF(B$16='(I) OptionLists'!$D$7,(1+C$16)^(VALUE(LEFT(E9,4))-2026),1))))),2)),IF($B$15='(I) OptionLists'!$C$7,IF(AND(B$16='(I) OptionLists'!$D$7,C$16=""),"Populate Cell C16",ROUND($C$15*(IF(B$16='(I) OptionLists'!$D$5,VLOOKUP(E9,'(F) StatewideChange'!$B$5:$C$19,2,FALSE)/VLOOKUP(2026,'(F) StatewideChange'!$B$5:$C$19,2,FALSE),IF(B$16='(I) OptionLists'!$D$8,1,IF(B$16='(I) OptionLists'!$D$6,(2040-VALUE(LEFT(E9,4)))/(2040-2026),IF(B$16='(I) OptionLists'!$D$7,(1+C$16)^(VALUE(LEFT(E9,4))-2026),1))))),2)),IF(B$15='(I) OptionLists'!$C$8,IF(L9="","Populate Column L",ROUND(L9,2)),IF(AND(B$16='(I) OptionLists'!$D$7,C$16=""),"Populate Cell C16",IFERROR(ROUND(VLOOKUP($B$11,EDU_CI_Lookup,2,FALSE)*(IF(B$16='(I) OptionLists'!$D$5,VLOOKUP(E9,'(F) StatewideChange'!$B$5:$C$19,2,FALSE)/VLOOKUP(2026,'(F) StatewideChange'!$B$5:$C$19,2,FALSE),IF(B$16='(I) OptionLists'!$D$8,1,IF(B$16='(I) OptionLists'!$D$6,(2040-VALUE(LEFT(E9,4)))/(2040-2026),IF(B$16='(I) OptionLists'!$D$7,(1+C$16)^(VALUE(LEFT(E9,4))-2026),1))))),2),"Select valid EDU option"))))))) -> 60.24 | H9: =IF(LEFT(F9,3)="Pop",F9,IF(LEFT(G9,3)="Pop",G9,IF(AND(Calculator!$B$22='(I) OptionLists'!$E$8,Calculator!$C$22=""),"Populate Cell C22",IFERROR(IF(E9="","",ROUND(F9*1000*3.6*(1-0.35*IF(Calculator!$B$22='(I) OptionLists'!$E$8,$C$22,VALUE(RIGHT($B$22,LEN($B$22)-FIND("-",$B$22,1)-1))))*(3.4*VLOOKUP(E9,'(D) CI Standard'!$B$5:$C$19,2,FALSE)-G9)/1000000,0)),"")))) -> 348404 | I9: {=IF(E9="","",_xlfn.IFNA(IF(B$19='(I) OptionLists'!$B$7,IF(C$19="","Populate cell C20",ROUND(C$19*IF($B$20="Nominal",1,INDEX('(H) Inflation'!$C$12:$N$16,MATCH($B$21,'(H) Inflation'!$B$12:$B$16,0),MATCH($C$20,'(G) Credit Price_nom'!$C$5:$Q$5,0))/INDEX('(H) Inflation'!$C$12:$N$16,MATCH($B$21,'(H) Inflation'!$B$12:$B$16,0),MATCH(E9,'(G) Credit Price_nom'!$C$5:$Q$5,0))),2)),IF(B$19='(I) OptionLists'!$B$8,IF(K8="","Populate Column M",K8),ROUND(INDEX('(G) Credit Price_nom'!$C$6:$Q$7,MATCH($B$19,'(G) Credit Price_nom'!$B$6:$B$7,0),MATCH(E9,'(G) Credit Price_nom'!$C$5:$Q$5,0))*IF($B$20="Nominal",1,INDEX('(H) Inflation'!$C$12:$N$16,MATCH($B$21,'(H) Inflation'!$B$12:$B$16,0),MATCH($C$20,'(G) Credit Price_nom'!$C$5:$Q$5,0))/INDEX('(H) Inflation'!$C$12:$R$16,MATCH($B$21,'(H) Inflation'!$B$12:$B$16,0),MATCH(E9,'(H) Inflation'!$C$11:$R$11,0))),2))),IF(AND($B$18="single year",$C$18=""),"Populate cell C19",IF(AND($B$20="Real (input dollar year in Column C)",$C$20=""),"Populate cell C21","Check cells C18:C22"))))} -> 88.55 | J9: =IF(LEFT(H9,3)="Pop",H9,IF(LEFT(I9,3)="Pop",I9,IFERROR(IF(H9="","",IF(I9="","",H9*I9)),""))) -> 30851174
A10: Operating info | C10: Input value if orange | E10: {=IF(B$18="All Years",INDEX(Years,ROW()-6),"")} -> 2029 | F10: =IF(AND($B$12="Manual",$C$12=""),"Populate Cell C12",IF(AND($B$13='(I) OptionLists'!$F$8,$C$13=""),"Populate Cell C13",IF(AND($B$14='(I) OptionLists'!$G$7,$C$14=""),"Populate Cell C14",IF(AND(VALUE(LEFT(E10,4))>2026,$B$14='(I) OptionLists'!$G$8,K10=""),"Populate Column K",IF($B$12="Manual",$C$12,'(A) ElectricityProj_MWh'!$D$12*IF($B$11="Statewide",1,IFERROR(VLOOKUP($B$11,'(B) EDU_EVs'!$B$5:$D$24,3,FALSE)/SUM('(B) EDU_EVs'!$D$5:$D$24),'(B) EDU_EVs'!$D$24/SUM('(B) EDU_EVs'!$D$5:$D$24))))*IF($B$13="Manual",$C$13,VALUE(RIGHT($B$13,3)))*IF($B$14='(I) OptionLists'!$G$5,VLOOKUP(E10,'(A) ElectricityProj_MWh'!$A$6:$D$26,4,FALSE)/'(A) ElectricityProj_MWh'!$D$12,IF($B$14='(I) OptionLists'!$G$6,VLOOKUP(E10,'(A) ElectricityProj_MWh'!$F$6:$I$26,4,FALSE)/'(A) ElectricityProj_MWh'!$D$12,IF($B$14='(I) OptionLists'!$G$7,(1+$C$14)^(VALUE(LEFT(E10,4))-2026),1+IF($B$14='(I) OptionLists'!$G$8,K10)))))))) -> 616795.16 | G10: =IF(E10="","",IF(AND($B$15='(I) OptionLists'!$C$7,$C$15=""),"Populate Cell C15",IF($B$15='(I) OptionLists'!$C$6,IF(AND(B$16='(I) OptionLists'!$D$7,C$16=""),"Populate Cell C16",ROUND(Statewide2026*(IF(B$16='(I) OptionLists'!$D$5,VLOOKUP(E10,'(F) StatewideChange'!$B$5:$C$19,2,FALSE)/VLOOKUP(2026,'(F) StatewideChange'!$B$5:$C$19,2,FALSE),IF(B$16='(I) OptionLists'!$D$8,1,IF(B$16='(I) OptionLists'!$D$6,VLOOKUP(2026,'(F) StatewideChange'!$B$5:$C$19,2,FALSE)/VLOOKUP(E10,'(F) StatewideChange'!$B$5:$C$19,2,FALSE)*(2040-VALUE(LEFT(E10,4)))/(2040-2026),IF(B$16='(I) OptionLists'!$D$7,(1+C$16)^(VALUE(LEFT(E10,4))-2026),1))))),2)),IF($B$15='(I) OptionLists'!$C$7,IF(AND(B$16='(I) OptionLists'!$D$7,C$16=""),"Populate Cell C16",ROUND($C$15*(IF(B$16='(I) OptionLists'!$D$5,VLOOKUP(E10,'(F) StatewideChange'!$B$5:$C$19,2,FALSE)/VLOOKUP(2026,'(F) StatewideChange'!$B$5:$C$19,2,FALSE),IF(B$16='(I) OptionLists'!$D$8,1,IF(B$16='(I) OptionLists'!$D$6,(2040-VALUE(LEFT(E10,4)))/(2040-2026),IF(B$16='(I) OptionLists'!$D$7,(1+C$16)^(VALUE(LEFT(E10,4))-2026),1))))),2)),IF(B$15='(I) OptionLists'!$C$8,IF(L10="","Populate Column L",ROUND(L10,2)),IF(AND(B$16='(I) OptionLists'!$D$7,C$16=""),"Populate Cell C16",IFERROR(ROUND(VLOOKUP($B$11,EDU_CI_Lookup,2,FALSE)*(IF(B$16='(I) OptionLists'!$D$5,VLOOKUP(E10,'(F) StatewideChange'!$B$5:$C$19,2,FALSE)/VLOOKUP(2026,'(F) StatewideChange'!$B$5:$C$19,2,FALSE),IF(B$16='(I) OptionLists'!$D$8,1,IF(B$16='(I) OptionLists'!$D$6,(2040-VALUE(LEFT(E10,4)))/(2040-2026),IF(B$16='(I) OptionLists'!$D$7,(1+C$16)^(VALUE(LEFT(E10,4))-2026),1))))),2),"Select valid EDU option"))))))) -> 58.67 | H10: =IF(LEFT(F10,3)="Pop",F10,IF(LEFT(G10,3)="Pop",G10,IF(AND(Calculator!$B$22='(I) OptionLists'!$E$8,Calculator!$C$22=""),"Populate Cell C22",IFERROR(IF(E10="","",ROUND(F10*1000*3.6*(1-0.35*IF(Calculator!$B$22='(I) OptionLists'!$E$8,$C$22,VALUE(RIGHT($B$22,LEN($B$22)-FIND("-",$B$22,1)-1))))*(3.4*VLOOKUP(E10,'(D) CI Standard'!$B$5:$C$19,2,FALSE)-G10)/1000000,0)),"")))) -> 512119 | I10: {=IF(E10="","",_xlfn.IFNA(IF(B$19='(I) OptionLists'!$B$7,IF(C$19="","Populate cell C20",ROUND(C$19*IF($B$20="Nominal",1,INDEX('(H) Inflation'!$C$12:$N$16,MATCH($B$21,'(H) Inflation'!$B$12:$B$16,0),MATCH($C$20,'(G) Credit Price_nom'!$C$5:$Q$5,0))/INDEX('(H) Inflation'!$C$12:$N$16,MATCH($B$21,'(H) Inflation'!$B$12:$B$16,0),MATCH(E10,'(G) Credit Price_nom'!$C$5:$Q$5,0))),2)),IF(B$19='(I) OptionLists'!$B$8,IF(K9="","Populate Column M",K9),ROUND(INDEX('(G) Credit Price_nom'!$C$6:$Q$7,MATCH($B$19,'(G) Credit Price_nom'!$B$6:$B$7,0),MATCH(E10,'(G) Credit Price_nom'!$C$5:$Q$5,0))*IF($B$20="Nominal",1,INDEX('(H) Inflation'!$C$12:$N$16,MATCH($B$21,'(H) Inflation'!$B$12:$B$16,0),MATCH($C$20,'(G) Credit Price_nom'!$C$5:$Q$5,0))/INDEX('(H) Inflation'!$C$12:$R$16,MATCH($B$21,'(H) Inflation'!$B$12:$B$16,0),MATCH(E10,'(H) Inflation'!$C$11:$R$11,0))),2))),IF(AND($B$18="single year",$C$18=""),"Populate cell C19",IF(AND($B$20="Real (input dollar year in Column C)",$C$20=""),"Populate cell C21","Check cells C18:C22"))))} -> 76.51 | J10: =IF(LEFT(H10,3)="Pop",H10,IF(LEFT(I10,3)="Pop",I10,IFERROR(IF(H10="","",IF(I10="","",H10*I10)),""))) -> 39182225
A11: Electric Distribution Utility (EDU) service territoryE | B11: Statewide | E11: {=IF(B$18="All Years",INDEX(Years,ROW()-6),"")} -> 2030 | F11: =IF(AND($B$12="Manual",$C$12=""),"Populate Cell C12",IF(AND($B$13='(I) OptionLists'!$F$8,$C$13=""),"Populate Cell C13",IF(AND($B$14='(I) OptionLists'!$G$7,$C$14=""),"Populate Cell C14",IF(AND(VALUE(LEFT(E11,4))>2026,$B$14='(I) OptionLists'!$G$8,K11=""),"Populate Column K",IF($B$12="Manual",$C$12,'(A) ElectricityProj_MWh'!$D$12*IF($B$11="Statewide",1,IFERROR(VLOOKUP($B$11,'(B) EDU_EVs'!$B$5:$D$24,3,FALSE)/SUM('(B) EDU_EVs'!$D$5:$D$24),'(B) EDU_EVs'!$D$24/SUM('(B) EDU_EVs'!$D$5:$D$24))))*IF($B$13="Manual",$C$13,VALUE(RIGHT($B$13,3)))*IF($B$14='(I) OptionLists'!$G$5,VLOOKUP(E11,'(A) ElectricityProj_MWh'!$A$6:$D$26,4,FALSE)/'(A) ElectricityProj_MWh'!$D$12,IF($B$14='(I) OptionLists'!$G$6,VLOOKUP(E11,'(A) ElectricityProj_MWh'!$F$6:$I$26,4,FALSE)/'(A) ElectricityProj_MWh'!$D$12,IF($B$14='(I) OptionLists'!$G$7,(1+$C$14)^(VALUE(LEFT(E11,4))-2026),1+IF($B$14='(I) OptionLists'!$G$8,K11)))))))) -> 851571.57 | G11: =IF(E11="","",IF(AND($B$15='(I) OptionLists'!$C$7,$C$15=""),"Populate Cell C15",IF($B$15='(I) OptionLists'!$C$6,IF(AND(B$16='(I) OptionLists'!$D$7,C$16=""),"Populate Cell C16",ROUND(Statewide2026*(IF(B$16='(I) OptionLists'!$D$5,VLOOKUP(E11,'(F) StatewideChange'!$B$5:$C$19,2,FALSE)/VLOOKUP(2026,'(F) StatewideChange'!$B$5:$C$19,2,FALSE),IF(B$16='(I) OptionLists'!$D$8,1,IF(B$16='(I) OptionLists'!$D$6,VLOOKUP(2026,'(F) StatewideChange'!$B$5:$C$19,2,FALSE)/VLOOKUP(E11,'(F) StatewideChange'!$B$5:$C$19,2,FALSE)*(2040-VALUE(LEFT(E11,4)))/(2040-2026),IF(B$16='(I) OptionLists'!$D$7,(1+C$16)^(VALUE(LEFT(E11,4))-2026),1))))),2)),IF($B$15='(I) OptionLists'!$C$7,IF(AND(B$16='(I) OptionLists'!$D$7,C$16=""),"Populate Cell C16",ROUND($C$15*(IF(B$16='(I) OptionLists'!$D$5,VLOOKUP(E11,'(F) StatewideChange'!$B$5:$C$19,2,FALSE)/VLOOKUP(2026,'(F) StatewideChange'!$B$5:$C$19,2,FALSE),IF(B$16='(I) OptionLists'!$D$8,1,IF(B$16='(I) OptionLists'!$D$6,(2040-VALUE(LEFT(E11,4)))/(2040-2026),IF(B$16='(I) OptionLists'!$D$7,(1+C$16)^(VALUE(LEFT(E11,4))-2026),1))))),2)),IF(B$15='(I) OptionLists'!$C$8,IF(L11="","Populate Column L",ROUND(L11,2)),IF(AND(B$16='(I) OptionLists'!$D$7,C$16=""),"Populate Cell C16",IFERROR(ROUND(VLOOKUP($B$11,EDU_CI_Lookup,2,FALSE)*(IF(B$16='(I) OptionLists'!$D$5,VLOOKUP(E11,'(F) StatewideChange'!$B$5:$C$19,2,FALSE)/VLOOKUP(2026,'(F) StatewideChange'!$B$5:$C$19,2,FALSE),IF(B$16='(I) OptionLists'!$D$8,1,IF(B$16='(I) OptionLists'!$D$6,(2040-VALUE(LEFT(E11,4)))/(2040-2026),IF(B$16='(I) OptionLists'!$D$7,(1+C$16)^(VALUE(LEFT(E11,4))-2026),1))))),2),"Select valid EDU option"))))))) -> 48.69 | H11: =IF(LEFT(F11,3)="Pop",F11,IF(LEFT(G11,3)="Pop",G11,IF(AND(Calculator!$B$22='(I) OptionLists'!$E$8,Calculator!$C$22=""),"Populate Cell C22",IFERROR(IF(E11="","",ROUND(F11*1000*3.6*(1-0.35*IF(Calculator!$B$22='(I) OptionLists'!$E$8,$C$22,VALUE(RIGHT($B$22,LEN($B$22)-FIND("-",$B$22,1)-1))))*(3.4*VLOOKUP(E11,'(D) CI Standard'!$B$5:$C$19,2,FALSE)-G11)/1000000,0)),"")))) -> 648006 | I11: {=IF(E11="","",_xlfn.IFNA(IF(B$19='(I) OptionLists'!$B$7,IF(C$19="","Populate cell C20",ROUND(C$19*IF($B$20="Nominal",1,INDEX('(H) Inflation'!$C$12:$N$16,MATCH($B$21,'(H) Inflation'!$B$12:$B$16,0),MATCH($C$20,'(G) Credit Price_nom'!$C$5:$Q$5,0))/INDEX('(H) Inflation'!$C$12:$N$16,MATCH($B$21,'(H) Inflation'!$B$12:$B$16,0),MATCH(E11,'(G) Credit Price_nom'!$C$5:$Q$5,0))),2)),IF(B$19='(I) OptionLists'!$B$8,IF(K10="","Populate Column M",K10),ROUND(INDEX('(G) Credit Price_nom'!$C$6:$Q$7,MATCH($B$19,'(G) Credit Price_nom'!$B$6:$B$7,0),MATCH(E11,'(G) Credit Price_nom'!$C$5:$Q$5,0))*IF($B$20="Nominal",1,INDEX('(H) Inflation'!$C$12:$N$16,MATCH($B$21,'(H) Inflation'!$B$12:$B$16,0),MATCH($C$20,'(G) Credit Price_nom'!$C$5:$Q$5,0))/INDEX('(H) Inflation'!$C$12:$R$16,MATCH($B$21,'(H) Inflation'!$B$12:$B$16,0),MATCH(E11,'(H) Inflation'!$C$11:$R$11,0))),2))),IF(AND($B$18="single year",$C$18=""),"Populate cell C19",IF(AND($B$20="Real (input dollar year in Column C)",$C$20=""),"Populate cell C21","Check cells C18:C22"))))} -> 65.66 | J11: =IF(LEFT(H11,3)="Pop",H11,IF(LEFT(I11,3)="Pop",I11,IFERROR(IF(H11="","",IF(I11="","",H11*I11)),""))) -> 42548074
A12: 2026 total charging fuel (Megawatt hours (MWh))1,2,A,B | B12: EDU-based estimate | C12: 120000 | E12: {=IF(B$18="All Years",INDEX(Years,ROW()-6),"")} -> 2031 | F12: =IF(AND($B$12="Manual",$C$12=""),"Populate Cell C12",IF(AND($B$13='(I) OptionLists'!$F$8,$C$13=""),"Populate Cell C13",IF(AND($B$14='(I) OptionLists'!$G$7,$C$14=""),"Populate Cell C14",IF(AND(VALUE(LEFT(E12,4))>2026,$B$14='(I) OptionLists'!$G$8,K12=""),"Populate Column K",IF($B$12="Manual",$C$12,'(A) ElectricityProj_MWh'!$D$12*IF($B$11="Statewide",1,IFERROR(VLOOKUP($B$11,'(B) EDU_EVs'!$B$5:$D$24,3,FALSE)/SUM('(B) EDU_EVs'!$D$5:$D$24),'(B) EDU_EVs'!$D$24/SUM('(B) EDU_EVs'!$D$5:$D$24))))*IF($B$13="Manual",$C$13,VALUE(RIGHT($B$13,3)))*IF($B$14='(I) OptionLists'!$G$5,VLOOKUP(E12,'(A) ElectricityProj_MWh'!$A$6:$D$26,4,FALSE)/'(A) ElectricityProj_MWh'!$D$12,IF($B$14='(I) OptionLists'!$G$6,VLOOKUP(E12,'(A) ElectricityProj_MWh'!$F$6:$I$26,4,FALSE)/'(A) ElectricityProj_MWh'!$D$12,IF($B$14='(I) OptionLists'!$G$7,(1+$C$14)^(VALUE(LEFT(E12,4))-2026),1+IF($B$14='(I) OptionLists'!$G$8,K12)))))))) -> 1163718.7 | G12: =IF(E12="","",IF(AND($B$15='(I) OptionLists'!$C$7,$C$15=""),"Populate Cell C15",IF($B$15='(I) OptionLists'!$C$6,IF(AND(B$16='(I) OptionLists'!$D$7,C$16=""),"Populate Cell C16",ROUND(Statewide2026*(IF(B$16='(I) OptionLists'!$D$5,VLOOKUP(E12,'(F) StatewideChange'!$B$5:$C$19,2,FALSE)/VLOOKUP(2026,'(F) StatewideChange'!$B$5:$C$19,2,FALSE),IF(B$16='(I) OptionLists'!$D$8,1,IF(B$16='(I) OptionLists'!$D$6,VLOOKUP(2026,'(F) StatewideChange'!$B$5:$C$19,2,FALSE)/VLOOKUP(E12,'(F) StatewideChange'!$B$5:$C$19,2,FALSE)*(2040-VALUE(LEFT(E12,4)))/(2040-2026),IF(B$16='(I) OptionLists'!$D$7,(1+C$16)^(VALUE(LEFT(E12,4))-2026),1))))),2)),IF($B$15='(I) OptionLists'!$C$7,IF(AND(B$16='(I) OptionLists'!$D$7,C$16=""),"Populate Cell C16",ROUND($C$15*(IF(B$16='(I) OptionLists'!$D$5,VLOOKUP(E12,'(F) StatewideChange'!$B$5:$C$19,2,FALSE)/VLOOKUP(2026,'(F) StatewideChange'!$B$5:$C$19,2,FALSE),IF(B$16='(I) OptionLists'!$D$8,1,IF(B$16='(I) OptionLists'!$D$6,(2040-VALUE(LEFT(E12,4)))/(2040-2026),IF(B$16='(I) OptionLists'!$D$7,(1+C$16)^(VALUE(LEFT(E12,4))-2026),1))))),2)),IF(B$15='(I) OptionLists'!$C$8,IF(L12="","Populate Column L",ROUND(L12,2)),IF(AND(B$16='(I) OptionLists'!$D$7,C$16=""),"Populate Cell C16",IFERROR(ROUND(VLOOKUP($B$11,EDU_CI_Lookup,2,FALSE)*(IF(B$16='(I) OptionLists'!$D$5,VLOOKUP(E12,'(F) StatewideChange'!$B$5:$C$19,2,FALSE)/VLOOKUP(2026,'(F) StatewideChange'!$B$5:$C$19,2,FALSE),IF(B$16='(I) OptionLists'!$D$8,1,IF(B$16='(I) OptionLists'!$D$6,(2040-VALUE(LEFT(E12,4)))/(2040-2026),IF(B$16='(I) OptionLists'!$D$7,(1+C$16)^(VALUE(LEFT(E12,4))-2026),1))))),2),"Select valid EDU option"))))))) -> 34.41 | H12: =IF(LEFT(F12,3)="Pop",F12,IF(LEFT(G12,3)="Pop",G12,IF(AND(Calculator!$B$22='(I) OptionLists'!$E$8,Calculator!$C$22=""),"Populate Cell C22",IFERROR(IF(E12="","",ROUND(F12*1000*3.6*(1-0.35*IF(Calculator!$B$22='(I) OptionLists'!$E$8,$C$22,VALUE(RIGHT($B$22,LEN($B$22)-FIND("-",$B$22,1)-1))))*(3.4*VLOOKUP(E12,'(D) CI Standard'!$B$5:$C$19,2,FALSE)-G12)/1000000,0)),"")))) -> 931686 | I12: {=IF(E12="","",_xlfn.IFNA(IF(B$19='(I) OptionLists'!$B$7,IF(C$19="","Populate cell C20",ROUND(C$19*IF($B$20="Nominal",1,INDEX('(H) Inflation'!$C$12:$N$16,MATCH($B$21,'(H) Inflation'!$B$12:$B$16,0),MATCH($C$20,'(G) Credit Price_nom'!$C$5:$Q$5,0))/INDEX('(H) Inflation'!$C$12:$N$16,MATCH($B$21,'(H) Inflation'!$B$12:$B$16,0),MATCH(E12,'(G) Credit Price_nom'!$C$5:$Q$5,0))),2)),IF(B$19='(I) OptionLists'!$B$8,IF(K11="","Populate Column M",K11),ROUND(INDEX('(G) Credit Price_nom'!$C$6:$Q$7,MATCH($B$19,'(G) Credit Price_nom'!$B$6:$B$7,0),MATCH(E12,'(G) Credit Price_nom'!$C$5:$Q$5,0))*IF($B$20="Nominal",1,INDEX('(H) Inflation'!$C$12:$N$16,MATCH($B$21,'(H) Inflation'!$B$12:$B$16,0),MATCH($C$20,'(G) Credit Price_nom'!$C$5:$Q$5,0))/INDEX('(H) Inflation'!$C$12:$R$16,MATCH($B$21,'(H) Inflation'!$B$12:$B$16,0),MATCH(E12,'(H) Inflation'!$C$11:$R$11,0))),2))),IF(AND($B$18="single year",$C$18=""),"Populate cell C19",IF(AND($B$20="Real (input dollar year in Column C)",$C$20=""),"Populate cell C21","Check cells C18:C22"))))} -> 56.43 | J12: =IF(LEFT(H12,3)="Pop",H12,IF(LEFT(I12,3)="Pop",I12,IFERROR(IF(H12="","",IF(I12="","",H12*I12)),""))) -> 52575041 | L12: 50
A13: Residential charging fuel share (% of fuel quantity)C,I | B13: Medium (Oregon) - 64% | C13: 0.5 | E13: {=IF(B$18="All Years",INDEX(Years,ROW()-6),"")} -> 2032 | F13: =IF(AND($B$12="Manual",$C$12=""),"Populate Cell C12",IF(AND($B$13='(I) OptionLists'!$F$8,$C$13=""),"Populate Cell C13",IF(AND($B$14='(I) OptionLists'!$G$7,$C$14=""),"Populate Cell C14",IF(AND(VALUE(LEFT(E13,4))>2026,$B$14='(I) OptionLists'!$G$8,K13=""),"Populate Column K",IF($B$12="Manual",$C$12,'(A) ElectricityProj_MWh'!$D$12*IF($B$11="Statewide",1,IFERROR(VLOOKUP($B$11,'(B) EDU_EVs'!$B$5:$D$24,3,FALSE)/SUM('(B) EDU_EVs'!$D$5:$D$24),'(B) EDU_EVs'!$D$24/SUM('(B) EDU_EVs'!$D$5:$D$24))))*IF($B$13="Manual",$C$13,VALUE(RIGHT($B$13,3)))*IF($B$14='(I) OptionLists'!$G$5,VLOOKUP(E13,'(A) ElectricityProj_MWh'!$A$6:$D$26,4,FALSE)/'(A) ElectricityProj_MWh'!$D$12,IF($B$14='(I) OptionLists'!$G$6,VLOOKUP(E13,'(A) ElectricityProj_MWh'!$F$6:$I$26,4,FALSE)/'(A) ElectricityProj_MWh'!$D$12,IF($B$14='(I) OptionLists'!$G$7,(1+$C$14)^(VALUE(LEFT(E13,4))-2026),1+IF($B$14='(I) OptionLists'!$G$8,K13)))))))) -> 1503474.1 | G13: =IF(E13="","",IF(AND($B$15='(I) OptionLists'!$C$7,$C$15=""),"Populate Cell C15",IF($B$15='(I) OptionLists'!$C$6,IF(AND(B$16='(I) OptionLists'!$D$7,C$16=""),"Populate Cell C16",ROUND(Statewide2026*(IF(B$16='(I) OptionLists'!$D$5,VLOOKUP(E13,'(F) StatewideChange'!$B$5:$C$19,2,FALSE)/VLOOKUP(2026,'(F) StatewideChange'!$B$5:$C$19,2,FALSE),IF(B$16='(I) OptionLists'!$D$8,1,IF(B$16='(I) OptionLists'!$D$6,VLOOKUP(2026,'(F) StatewideChange'!$B$5:$C$19,2,FALSE)/VLOOKUP(E13,'(F) StatewideChange'!$B$5:$C$19,2,FALSE)*(2040-VALUE(LEFT(E13,4)))/(2040-2026),IF(B$16='(I) OptionLists'!$D$7,(1+C$16)^(VALUE(LEFT(E13,4))-2026),1))))),2)),IF($B$15='(I) OptionLists'!$C$7,IF(AND(B$16='(I) OptionLists'!$D$7,C$16=""),"Populate Cell C16",ROUND($C$15*(IF(B$16='(I) OptionLists'!$D$5,VLOOKUP(E13,'(F) StatewideChange'!$B$5:$C$19,2,FALSE)/VLOOKUP(2026,'(F) StatewideChange'!$B$5:$C$19,2,FALSE),IF(B$16='(I) OptionLists'!$D$8,1,IF(B$16='(I) OptionLists'!$D$6,(2040-VALUE(LEFT(E13,4)))/(2040-2026),IF(B$16='(I) OptionLists'!$D$7,(1+C$16)^(VALUE(LEFT(E13,4))-2026),1))))),2)),IF(B$15='(I) OptionLists'!$C$8,IF(L13="","Populate Column L",ROUND(L13,2)),IF(AND(B$16='(I) OptionLists'!$D$7,C$16=""),"Populate Cell C16",IFERROR(ROUND(VLOOKUP($B$11,EDU_CI_Lookup,2,FALSE)*(IF(B$16='(I) OptionLists'!$D$5,VLOOKUP(E13,'(F) StatewideChange'!$B$5:$C$19,2,FALSE)/VLOOKUP(2026,'(F) StatewideChange'!$B$5:$C$19,2,FALSE),IF(B$16='(I) OptionLists'!$D$8,1,IF(B$16='(I) OptionLists'!$D$6,(2040-VALUE(LEFT(E13,4)))/(2040-2026),IF(B$16='(I) OptionLists'!$D$7,(1+C$16)^(VALUE(LEFT(E13,4))-2026),1))))),2),"Select valid EDU option"))))))) -> 24.29 | H13: =IF(LEFT(F13,3)="Pop",F13,IF(LEFT(G13,3)="Pop",G13,IF(AND(Calculator!$B$22='(I) OptionLists'!$E$8,Calculator!$C$22=""),"Populate Cell C22",IFERROR(IF(E13="","",ROUND(F13*1000*3.6*(1-0.35*IF(Calculator!$B$22='(I) OptionLists'!$E$8,$C$22,VALUE(RIGHT($B$22,LEN($B$22)-FIND("-",$B$22,1)-1))))*(3.4*VLOOKUP(E13,'(D) CI Standard'!$B$5:$C$19,2,FALSE)-G13)/1000000,0)),"")))) -> 1240990 | I13: {=IF(E13="","",_xlfn.IFNA(IF(B$19='(I) OptionLists'!$B$7,IF(C$19="","Populate cell C20",ROUND(C$19*IF($B$20="Nominal",1,INDEX('(H) Inflation'!$C$12:$N$16,MATCH($B$21,'(H) Inflation'!$B$12:$B$16,0),MATCH($C$20,'(G) Credit Price_nom'!$C$5:$Q$5,0))/INDEX('(H) Inflation'!$C$12:$N$16,MATCH($B$21,'(H) Inflation'!$B$12:$B$16,0),MATCH(E13,'(G) Credit Price_nom'!$C$5:$Q$5,0))),2)),IF(B$19='(I) OptionLists'!$B$8,IF(K12="","Populate Column M",K12),ROUND(INDEX('(G) Credit Price_nom'!$C$6:$Q$7,MATCH($B$19,'(G) Credit Price_nom'!$B$6:$B$7,0),MATCH(E13,'(G) Credit Price_nom'!$C$5:$Q$5,0))*IF($B$20="Nominal",1,INDEX('(H) Inflation'!$C$12:$N$16,MATCH($B$21,'(H) Inflation'!$B$12:$B$16,0),MATCH($C$20,'(G) Credit Price_nom'!$C$5:$Q$5,0))/INDEX('(H) Inflation'!$C$12:$R$16,MATCH($B$21,'(H) Inflation'!$B$12:$B$16,0),MATCH(E13,'(H) Inflation'!$C$11:$R$11,0))),2))),IF(AND($B$18="single year",$C$18=""),"Populate cell C19",IF(AND($B$20="Real (input dollar year in Column C)",$C$20=""),"Populate cell C21","Check cells C18:C22"))))} -> 44.34 | J13: =IF(LEFT(H13,3)="Pop",H13,IF(LEFT(I13,3)="Pop",I13,IFERROR(IF(H13="","",IF(I13="","",H13*I13)),""))) -> 55025497
A14: Projected charging fuel change (annual % change)A,I | B14: Benefit-Cost Analysis | C14: 0.05 | E14: {=IF(B$18="All Years",INDEX(Years,ROW()-6),"")} -> 2033 | F14: =IF(AND($B$12="Manual",$C$12=""),"Populate Cell C12",IF(AND($B$13='(I) OptionLists'!$F$8,$C$13=""),"Populate Cell C13",IF(AND($B$14='(I) OptionLists'!$G$7,$C$14=""),"Populate Cell C14",IF(AND(VALUE(LEFT(E14,4))>2026,$B$14='(I) OptionLists'!$G$8,K14=""),"Populate Column K",IF($B$12="Manual",$C$12,'(A) ElectricityProj_MWh'!$D$12*IF($B$11="Statewide",1,IFERROR(VLOOKUP($B$11,'(B) EDU_EVs'!$B$5:$D$24,3,FALSE)/SUM('(B) EDU_EVs'!$D$5:$D$24),'(B) EDU_EVs'!$D$24/SUM('(B) EDU_EVs'!$D$5:$D$24))))*IF($B$13="Manual",$C$13,VALUE(RIGHT($B$13,3)))*IF($B$14='(I) OptionLists'!$G$5,VLOOKUP(E14,'(A) ElectricityProj_MWh'!$A$6:$D$26,4,FALSE)/'(A) ElectricityProj_MWh'!$D$12,IF($B$14='(I) OptionLists'!$G$6,VLOOKUP(E14,'(A) ElectricityProj_MWh'!$F$6:$I$26,4,FALSE)/'(A) ElectricityProj_MWh'!$D$12,IF($B$14='(I) OptionLists'!$G$7,(1+$C$14)^(VALUE(LEFT(E14,4))-2026),1+IF($B$14='(I) OptionLists'!$G$8,K14)))))))) -> 1861325 | G14: =IF(E14="","",IF(AND($B$15='(I) OptionLists'!$C$7,$C$15=""),"Populate Cell C15",IF($B$15='(I) OptionLists'!$C$6,IF(AND(B$16='(I) OptionLists'!$D$7,C$16=""),"Populate Cell C16",ROUND(Statewide2026*(IF(B$16='(I) OptionLists'!$D$5,VLOOKUP(E14,'(F) StatewideChange'!$B$5:$C$19,2,FALSE)/VLOOKUP(2026,'(F) StatewideChange'!$B$5:$C$19,2,FALSE),IF(B$16='(I) OptionLists'!$D$8,1,IF(B$16='(I) OptionLists'!$D$6,VLOOKUP(2026,'(F) StatewideChange'!$B$5:$C$19,2,FALSE)/VLOOKUP(E14,'(F) StatewideChange'!$B$5:$C$19,2,FALSE)*(2040-VALUE(LEFT(E14,4)))/(2040-2026),IF(B$16='(I) OptionLists'!$D$7,(1+C$16)^(VALUE(LEFT(E14,4))-2026),1))))),2)),IF($B$15='(I) OptionLists'!$C$7,IF(AND(B$16='(I) OptionLists'!$D$7,C$16=""),"Populate Cell C16",ROUND($C$15*(IF(B$16='(I) OptionLists'!$D$5,VLOOKUP(E14,'(F) StatewideChange'!$B$5:$C$19,2,FALSE)/VLOOKUP(2026,'(F) StatewideChange'!$B$5:$C$19,2,FALSE),IF(B$16='(I) OptionLists'!$D$8,1,IF(B$16='(I) OptionLists'!$D$6,(2040-VALUE(LEFT(E14,4)))/(2040-2026),IF(B$16='(I) OptionLists'!$D$7,(1+C$16)^(VALUE(LEFT(E14,4))-2026),1))))),2)),IF(B$15='(I) OptionLists'!$C$8,IF(L14="","Populate Column L",ROUND(L14,2)),IF(AND(B$16='(I) OptionLists'!$D$7,C$16=""),"Populate Cell C16",IFERROR(ROUND(VLOOKUP($B$11,EDU_CI_Lookup,2,FALSE)*(IF(B$16='(I) OptionLists'!$D$5,VLOOKUP(E14,'(F) StatewideChange'!$B$5:$C$19,2,FALSE)/VLOOKUP(2026,'(F) StatewideChange'!$B$5:$C$19,2,FALSE),IF(B$16='(I) OptionLists'!$D$8,1,IF(B$16='(I) OptionLists'!$D$6,(2040-VALUE(LEFT(E14,4)))/(2040-2026),IF(B$16='(I) OptionLists'!$D$7,(1+C$16)^(VALUE(LEFT(E14,4))-2026),1))))),2),"Select valid EDU option"))))))) -> 22.61 | H14: =IF(LEFT(F14,3)="Pop",F14,IF(LEFT(G14,3)="Pop",G14,IF(AND(Calculator!$B$22='(I) OptionLists'!$E$8,Calculator!$C$22=""),"Populate Cell C22",IFERROR(IF(E14="","",ROUND(F14*1000*3.6*(1-0.35*IF(Calculator!$B$22='(I) OptionLists'!$E$8,$C$22,VALUE(RIGHT($B$22,LEN($B$22)-FIND("-",$B$22,1)-1))))*(3.4*VLOOKUP(E14,'(D) CI Standard'!$B$5:$C$19,2,FALSE)-G14)/1000000,0)),"")))) -> 1525752 | I14: {=IF(E14="","",_xlfn.IFNA(IF(B$19='(I) OptionLists'!$B$7,IF(C$19="","Populate cell C20",ROUND(C$19*IF($B$20="Nominal",1,INDEX('(H) Inflation'!$C$12:$N$16,MATCH($B$21,'(H) Inflation'!$B$12:$B$16,0),MATCH($C$20,'(G) Credit Price_nom'!$C$5:$Q$5,0))/INDEX('(H) Inflation'!$C$12:$N$16,MATCH($B$21,'(H) Inflation'!$B$12:$B$16,0),MATCH(E14,'(G) Credit Price_nom'!$C$5:$Q$5,0))),2)),IF(B$19='(I) OptionLists'!$B$8,IF(K13="","Populate Column M",K13),ROUND(INDEX('(G) Credit Price_nom'!$C$6:$Q$7,MATCH($B$19,'(G) Credit Price_nom'!$B$6:$B$7,0),MATCH(E14,'(G) Credit Price_nom'!$C$5:$Q$5,0))*IF($B$20="Nominal",1,INDEX('(H) Inflation'!$C$12:$N$16,MATCH($B$21,'(H) Inflation'!$B$12:$B$16,0),MATCH($C$20,'(G) Credit Price_nom'!$C$5:$Q$5,0))/INDEX('(H) Inflation'!$C$12:$R$16,MATCH($B$21,'(H) Inflation'!$B$12:$B$16,0),MATCH(E14,'(H) Inflation'!$C$11:$R$11,0))),2))),IF(AND($B$18="single year",$C$18=""),"Populate cell C19",IF(AND($B$20="Real (input dollar year in Column C)",$C$20=""),"Populate cell C21","Check cells C18:C22"))))} -> 35.41 | J14: =IF(LEFT(H14,3)="Pop",H14,IF(LEFT(I14,3)="Pop",I14,IFERROR(IF(H14="","",IF(I14="","",H14*I14)),""))) -> 54026878
A15: 2026 Grid/EDU carbon intensity (CI) (gCO2e/MJ)3,E,I | B15: EDU-based estimate | C15: 80 | E15: {=IF(B$18="All Years",INDEX(Years,ROW()-6),"")} -> 2034 | F15: =IF(AND($B$12="Manual",$C$12=""),"Populate Cell C12",IF(AND($B$13='(I) OptionLists'!$F$8,$C$13=""),"Populate Cell C13",IF(AND($B$14='(I) OptionLists'!$G$7,$C$14=""),"Populate Cell C14",IF(AND(VALUE(LEFT(E15,4))>2026,$B$14='(I) OptionLists'!$G$8,K15=""),"Populate Column K",IF($B$12="Manual",$C$12,'(A) ElectricityProj_MWh'!$D$12*IF($B$11="Statewide",1,IFERROR(VLOOKUP($B$11,'(B) EDU_EVs'!$B$5:$D$24,3,FALSE)/SUM('(B) EDU_EVs'!$D$5:$D$24),'(B) EDU_EVs'!$D$24/SUM('(B) EDU_EVs'!$D$5:$D$24))))*IF($B$13="Manual",$C$13,VALUE(RIGHT($B$13,3)))*IF($B$14='(I) OptionLists'!$G$5,VLOOKUP(E15,'(A) ElectricityProj_MWh'!$A$6:$D$26,4,FALSE)/'(A) ElectricityProj_MWh'!$D$12,IF($B$14='(I) OptionLists'!$G$6,VLOOKUP(E15,'(A) ElectricityProj_MWh'!$F$6:$I$26,4,FALSE)/'(A) ElectricityProj_MWh'!$D$12,IF($B$14='(I) OptionLists'!$G$7,(1+$C$14)^(VALUE(LEFT(E15,4))-2026),1+IF($B$14='(I) OptionLists'!$G$8,K15)))))))) -> 2205511.9 | G15: =IF(E15="","",IF(AND($B$15='(I) OptionLists'!$C$7,$C$15=""),"Populate Cell C15",IF($B$15='(I) OptionLists'!$C$6,IF(AND(B$16='(I) OptionLists'!$D$7,C$16=""),"Populate Cell C16",ROUND(Statewide2026*(IF(B$16='(I) OptionLists'!$D$5,VLOOKUP(E15,'(F) StatewideChange'!$B$5:$C$19,2,FALSE)/VLOOKUP(2026,'(F) StatewideChange'!$B$5:$C$19,2,FALSE),IF(B$16='(I) OptionLists'!$D$8,1,IF(B$16='(I) OptionLists'!$D$6,VLOOKUP(2026,'(F) StatewideChange'!$B$5:$C$19,2,FALSE)/VLOOKUP(E15,'(F) StatewideChange'!$B$5:$C$19,2,FALSE)*(2040-VALUE(LEFT(E15,4)))/(2040-2026),IF(B$16='(I) OptionLists'!$D$7,(1+C$16)^(VALUE(LEFT(E15,4))-2026),1))))),2)),IF($B$15='(I) OptionLists'!$C$7,IF(AND(B$16='(I) OptionLists'!$D$7,C$16=""),"Populate Cell C16",ROUND($C$15*(IF(B$16='(I) OptionLists'!$D$5,VLOOKUP(E15,'(F) StatewideChange'!$B$5:$C$19,2,FALSE)/VLOOKUP(2026,'(F) StatewideChange'!$B$5:$C$19,2,FALSE),IF(B$16='(I) OptionLists'!$D$8,1,IF(B$16='(I) OptionLists'!$D$6,(2040-VALUE(LEFT(E15,4)))/(2040-2026),IF(B$16='(I) OptionLists'!$D$7,(1+C$16)^(VALUE(LEFT(E15,4))-2026),1))))),2)),IF(B$15='(I) OptionLists'!$C$8,IF(L15="","Populate Column L",ROUND(L15,2)),IF(AND(B$16='(I) OptionLists'!$D$7,C$16=""),"Populate Cell C16",IFERROR(ROUND(VLOOKUP($B$11,EDU_CI_Lookup,2,FALSE)*(IF(B$16='(I) OptionLists'!$D$5,VLOOKUP(E15,'(F) StatewideChange'!$B$5:$C$19,2,FALSE)/VLOOKUP(2026,'(F) StatewideChange'!$B$5:$C$19,2,FALSE),IF(B$16='(I) OptionLists'!$D$8,1,IF(B$16='(I) OptionLists'!$D$6,(2040-VALUE(LEFT(E15,4)))/(2040-2026),IF(B$16='(I) OptionLists'!$D$7,(1+C$16)^(VALUE(LEFT(E15,4))-2026),1))))),2),"Select valid EDU option"))))))) -> 22.29 | H15: =IF(LEFT(F15,3)="Pop",F15,IF(LEFT(G15,3)="Pop",G15,IF(AND(Calculator!$B$22='(I) OptionLists'!$E$8,Calculator!$C$22=""),"Populate Cell C22",IFERROR(IF(E15="","",ROUND(F15*1000*3.6*(1-0.35*IF(Calculator!$B$22='(I) OptionLists'!$E$8,$C$22,VALUE(RIGHT($B$22,LEN($B$22)-FIND("-",$B$22,1)-1))))*(3.4*VLOOKUP(E15,'(D) CI Standard'!$B$5:$C$19,2,FALSE)-G15)/1000000,0)),"")))) -> 1784511 | I15: {=IF(E15="","",_xlfn.IFNA(IF(B$19='(I) OptionLists'!$B$7,IF(C$19="","Populate cell C20",ROUND(C$19*IF($B$20="Nominal",1,INDEX('(H) Inflation'!$C$12:$N$16,MATCH($B$21,'(H) Inflation'!$B$12:$B$16,0),MATCH($C$20,'(G) Credit Price_nom'!$C$5:$Q$5,0))/INDEX('(H) Inflation'!$C$12:$N$16,MATCH($B$21,'(H) Inflation'!$B$12:$B$16,0),MATCH(E15,'(G) Credit Price_nom'!$C$5:$Q$5,0))),2)),IF(B$19='(I) OptionLists'!$B$8,IF(K14="","Populate Column M",K14),ROUND(INDEX('(G) Credit Price_nom'!$C$6:$Q$7,MATCH($B$19,'(G) Credit Price_nom'!$B$6:$B$7,0),MATCH(E15,'(G) Credit Price_nom'!$C$5:$Q$5,0))*IF($B$20="Nominal",1,INDEX('(H) Inflation'!$C$12:$N$16,MATCH($B$21,'(H) Inflation'!$B$12:$B$16,0),MATCH($C$20,'(G) Credit Price_nom'!$C$5:$Q$5,0))/INDEX('(H) Inflation'!$C$12:$R$16,MATCH($B$21,'(H) Inflation'!$B$12:$B$16,0),MATCH(E15,'(H) Inflation'!$C$11:$R$11,0))),2))),IF(AND($B$18="single year",$C$18=""),"Populate cell C19",IF(AND($B$20="Real (input dollar year in Column C)",$C$20=""),"Populate cell C21","Check cells C18:C22"))))} -> 34.79 | J15: =IF(LEFT(H15,3)="Pop",H15,IF(LEFT(I15,3)="Pop",I15,IFERROR(IF(H15="","",IF(I15="","",H15*I15)),""))) -> 62083138
A16: Projected Grid/EDU CI change (annual % change)F,I | B16: Statewide change | C16: -0.05 | E16: {=IF(B$18="All Years",INDEX(Years,ROW()-6),"")} -> 2035 | F16: =IF(AND($B$12="Manual",$C$12=""),"Populate Cell C12",IF(AND($B$13='(I) OptionLists'!$F$8,$C$13=""),"Populate Cell C13",IF(AND($B$14='(I) OptionLists'!$G$7,$C$14=""),"Populate Cell C14",IF(AND(VALUE(LEFT(E16,4))>2026,$B$14='(I) OptionLists'!$G$8,K16=""),"Populate Column K",IF($B$12="Manual",$C$12,'(A) ElectricityProj_MWh'!$D$12*IF($B$11="Statewide",1,IFERROR(VLOOKUP($B$11,'(B) EDU_EVs'!$B$5:$D$24,3,FALSE)/SUM('(B) EDU_EVs'!$D$5:$D$24),'(B) EDU_EVs'!$D$24/SUM('(B) EDU_EVs'!$D$5:$D$24))))*IF($B$13="Manual",$C$13,VALUE(RIGHT($B$13,3)))*IF($B$14='(I) OptionLists'!$G$5,VLOOKUP(E16,'(A) ElectricityProj_MWh'!$A$6:$D$26,4,FALSE)/'(A) ElectricityProj_MWh'!$D$12,IF($B$14='(I) OptionLists'!$G$6,VLOOKUP(E16,'(A) ElectricityProj_MWh'!$F$6:$I$26,4,FALSE)/'(A) ElectricityProj_MWh'!$D$12,IF($B$14='(I) OptionLists'!$G$7,(1+$C$14)^(VALUE(LEFT(E16,4))-2026),1+IF($B$14='(I) OptionLists'!$G$8,K16)))))))) -> 2493358.5 | G16: =IF(E16="","",IF(AND($B$15='(I) OptionLists'!$C$7,$C$15=""),"Populate Cell C15",IF($B$15='(I) OptionLists'!$C$6,IF(AND(B$16='(I) OptionLists'!$D$7,C$16=""),"Populate Cell C16",ROUND(Statewide2026*(IF(B$16='(I) OptionLists'!$D$5,VLOOKUP(E16,'(F) StatewideChange'!$B$5:$C$19,2,FALSE)/VLOOKUP(2026,'(F) StatewideChange'!$B$5:$C$19,2,FALSE),IF(B$16='(I) OptionLists'!$D$8,1,IF(B$16='(I) OptionLists'!$D$6,VLOOKUP(2026,'(F) StatewideChange'!$B$5:$C$19,2,FALSE)/VLOOKUP(E16,'(F) StatewideChange'!$B$5:$C$19,2,FALSE)*(2040-VALUE(LEFT(E16,4)))/(2040-2026),IF(B$16='(I) OptionLists'!$D$7,(1+C$16)^(VALUE(LEFT(E16,4))-2026),1))))),2)),IF($B$15='(I) OptionLists'!$C$7,IF(AND(B$16='(I) OptionLists'!$D$7,C$16=""),"Populate Cell C16",ROUND($C$15*(IF(B$16='(I) OptionLists'!$D$5,VLOOKUP(E16,'(F) StatewideChange'!$B$5:$C$19,2,FALSE)/VLOOKUP(2026,'(F) StatewideChange'!$B$5:$C$19,2,FALSE),IF(B$16='(I) OptionLists'!$D$8,1,IF(B$16='(I) OptionLists'!$D$6,(2040-VALUE(LEFT(E16,4)))/(2040-2026),IF(B$16='(I) OptionLists'!$D$7,(1+C$16)^(VALUE(LEFT(E16,4))-2026),1))))),2)),IF(B$15='(I) OptionLists'!$C$8,IF(L16="","Populate Column L",ROUND(L16,2)),IF(AND(B$16='(I) OptionLists'!$D$7,C$16=""),"Populate Cell C16",IFERROR(ROUND(VLOOKUP($B$11,EDU_CI_Lookup,2,FALSE)*(IF(B$16='(I) OptionLists'!$D$5,VLOOKUP(E16,'(F) StatewideChange'!$B$5:$C$19,2,FALSE)/VLOOKUP(2026,'(F) StatewideChange'!$B$5:$C$19,2,FALSE),IF(B$16='(I) OptionLists'!$D$8,1,IF(B$16='(I) OptionLists'!$D$6,(2040-VALUE(LEFT(E16,4)))/(2040-2026),IF(B$16='(I) OptionLists'!$D$7,(1+C$16)^(VALUE(LEFT(E16,4))-2026),1))))),2),"Select valid EDU option"))))))) -> 19.77 | H16: =IF(LEFT(F16,3)="Pop",F16,IF(LEFT(G16,3)="Pop",G16,IF(AND(Calculator!$B$22='(I) OptionLists'!$E$8,Calculator!$C$22=""),"Populate Cell C22",IFERROR(IF(E16="","",ROUND(F16*1000*3.6*(1-0.35*IF(Calculator!$B$22='(I) OptionLists'!$E$8,$C$22,VALUE(RIGHT($B$22,LEN($B$22)-FIND("-",$B$22,1)-1))))*(3.4*VLOOKUP(E16,'(D) CI Standard'!$B$5:$C$19,2,FALSE)-G16)/1000000,0)),"")))) -> 2011039 | I16: {=IF(E16="","",_xlfn.IFNA(IF(B$19='(I) OptionLists'!$B$7,IF(C$19="","Populate cell C20",ROUND(C$19*IF($B$20="Nominal",1,INDEX('(H) Inflation'!$C$12:$N$16,MATCH($B$21,'(H) Inflation'!$B$12:$B$16,0),MATCH($C$20,'(G) Credit Price_nom'!$C$5:$Q$5,0))/INDEX('(H) Inflation'!$C$12:$N$16,MATCH($B$21,'(H) Inflation'!$B$12:$B$16,0),MATCH(E16,'(G) Credit Price_nom'!$C$5:$Q$5,0))),2)),IF(B$19='(I) OptionLists'!$B$8,IF(K15="","Populate Column M",K15),ROUND(INDEX('(G) Credit Price_nom'!$C$6:$Q$7,MATCH($B$19,'(G) Credit Price_nom'!$B$6:$B$7,0),MATCH(E16,'(G) Credit Price_nom'!$C$5:$Q$5,0))*IF($B$20="Nominal",1,INDEX('(H) Inflation'!$C$12:$N$16,MATCH($B$21,'(H) Inflation'!$B$12:$B$16,0),MATCH($C$20,'(G) Credit Price_nom'!$C$5:$Q$5,0))/INDEX('(H) Inflation'!$C$12:$R$16,MATCH($B$21,'(H) Inflation'!$B$12:$B$16,0),MATCH(E16,'(H) Inflation'!$C$11:$R$11,0))),2))),IF(AND($B$18="single year",$C$18=""),"Populate cell C19",IF(AND($B$20="Real (input dollar year in Column C)",$C$20=""),"Populate cell C21","Check cells C18:C22"))))} -> 34.3 | J16: =IF(LEFT(H16,3)="Pop",H16,IF(LEFT(I16,3)="Pop",I16,IFERROR(IF(H16="","",IF(I16="","",H16*I16)),""))) -> 68978638
A17: Financial info | C17: Input value if orange | E17: {=IF(B$18="All Years",INDEX(Years,ROW()-6),"")} -> 2036 | F17: =IF(AND($B$12="Manual",$C$12=""),"Populate Cell C12",IF(AND($B$13='(I) OptionLists'!$F$8,$C$13=""),"Populate Cell C13",IF(AND($B$14='(I) OptionLists'!$G$7,$C$14=""),"Populate Cell C14",IF(AND(VALUE(LEFT(E17,4))>2026,$B$14='(I) OptionLists'!$G$8,K17=""),"Populate Column K",IF($B$12="Manual",$C$12,'(A) ElectricityProj_MWh'!$D$12*IF($B$11="Statewide",1,IFERROR(VLOOKUP($B$11,'(B) EDU_EVs'!$B$5:$D$24,3,FALSE)/SUM('(B) EDU_EVs'!$D$5:$D$24),'(B) EDU_EVs'!$D$24/SUM('(B) EDU_EVs'!$D$5:$D$24))))*IF($B$13="Manual",$C$13,VALUE(RIGHT($B$13,3)))*IF($B$14='(I) OptionLists'!$G$5,VLOOKUP(E17,'(A) ElectricityProj_MWh'!$A$6:$D$26,4,FALSE)/'(A) ElectricityProj_MWh'!$D$12,IF($B$14='(I) OptionLists'!$G$6,VLOOKUP(E17,'(A) ElectricityProj_MWh'!$F$6:$I$26,4,FALSE)/'(A) ElectricityProj_MWh'!$D$12,IF($B$14='(I) OptionLists'!$G$7,(1+$C$14)^(VALUE(LEFT(E17,4))-2026),1+IF($B$14='(I) OptionLists'!$G$8,K17)))))))) -> 2824992.6 | G17: =IF(E17="","",IF(AND($B$15='(I) OptionLists'!$C$7,$C$15=""),"Populate Cell C15",IF($B$15='(I) OptionLists'!$C$6,IF(AND(B$16='(I) OptionLists'!$D$7,C$16=""),"Populate Cell C16",ROUND(Statewide2026*(IF(B$16='(I) OptionLists'!$D$5,VLOOKUP(E17,'(F) StatewideChange'!$B$5:$C$19,2,FALSE)/VLOOKUP(2026,'(F) StatewideChange'!$B$5:$C$19,2,FALSE),IF(B$16='(I) OptionLists'!$D$8,1,IF(B$16='(I) OptionLists'!$D$6,VLOOKUP(2026,'(F) StatewideChange'!$B$5:$C$19,2,FALSE)/VLOOKUP(E17,'(F) StatewideChange'!$B$5:$C$19,2,FALSE)*(2040-VALUE(LEFT(E17,4)))/(2040-2026),IF(B$16='(I) OptionLists'!$D$7,(1+C$16)^(VALUE(LEFT(E17,4))-2026),1))))),2)),IF($B$15='(I) OptionLists'!$C$7,IF(AND(B$16='(I) OptionLists'!$D$7,C$16=""),"Populate Cell C16",ROUND($C$15*(IF(B$16='(I) OptionLists'!$D$5,VLOOKUP(E17,'(F) StatewideChange'!$B$5:$C$19,2,FALSE)/VLOOKUP(2026,'(F) StatewideChange'!$B$5:$C$19,2,FALSE),IF(B$16='(I) OptionLists'!$D$8,1,IF(B$16='(I) OptionLists'!$D$6,(2040-VALUE(LEFT(E17,4)))/(2040-2026),IF(B$16='(I) OptionLists'!$D$7,(1+C$16)^(VALUE(LEFT(E17,4))-2026),1))))),2)),IF(B$15='(I) OptionLists'!$C$8,IF(L17="","Populate Column L",ROUND(L17,2)),IF(AND(B$16='(I) OptionLists'!$D$7,C$16=""),"Populate Cell C16",IFERROR(ROUND(VLOOKUP($B$11,EDU_CI_Lookup,2,FALSE)*(IF(B$16='(I) OptionLists'!$D$5,VLOOKUP(E17,'(F) StatewideChange'!$B$5:$C$19,2,FALSE)/VLOOKUP(2026,'(F) StatewideChange'!$B$5:$C$19,2,FALSE),IF(B$16='(I) OptionLists'!$D$8,1,IF(B$16='(I) OptionLists'!$D$6,(2040-VALUE(LEFT(E17,4)))/(2040-2026),IF(B$16='(I) OptionLists'!$D$7,(1+C$16)^(VALUE(LEFT(E17,4))-2026),1))))),2),"Select valid EDU option"))))))) -> 18.44 | H17: =IF(LEFT(F17,3)="Pop",F17,IF(LEFT(G17,3)="Pop",G17,IF(AND(Calculator!$B$22='(I) OptionLists'!$E$8,Calculator!$C$22=""),"Populate Cell C22",IFERROR(IF(E17="","",ROUND(F17*1000*3.6*(1-0.35*IF(Calculator!$B$22='(I) OptionLists'!$E$8,$C$22,VALUE(RIGHT($B$22,LEN($B$22)-FIND("-",$B$22,1)-1))))*(3.4*VLOOKUP(E17,'(D) CI Standard'!$B$5:$C$19,2,FALSE)-G17)/1000000,0)),"")))) -> 2258853 | I17: {=IF(E17="","",_xlfn.IFNA(IF(B$19='(I) OptionLists'!$B$7,IF(C$19="","Populate cell C20",ROUND(C$19*IF($B$20="Nominal",1,INDEX('(H) Inflation'!$C$12:$N$16,MATCH($B$21,'(H) Inflation'!$B$12:$B$16,0),MATCH($C$20,'(G) Credit Price_nom'!$C$5:$Q$5,0))/INDEX('(H) Inflation'!$C$12:$N$16,MATCH($B$21,'(H) Inflation'!$B$12:$B$16,0),MATCH(E17,'(G) Credit Price_nom'!$C$5:$Q$5,0))),2)),IF(B$19='(I) OptionLists'!$B$8,IF(K16="","Populate Column M",K16),ROUND(INDEX('(G) Credit Price_nom'!$C$6:$Q$7,MATCH($B$19,'(G) Credit Price_nom'!$B$6:$B$7,0),MATCH(E17,'(G) Credit Price_nom'!$C$5:$Q$5,0))*IF($B$20="Nominal",1,INDEX('(H) Inflation'!$C$12:$N$16,MATCH($B$21,'(H) Inflation'!$B$12:$B$16,0),MATCH($C$20,'(G) Credit Price_nom'!$C$5:$Q$5,0))/INDEX('(H) Inflation'!$C$12:$R$16,MATCH($B$21,'(H) Inflation'!$B$12:$B$16,0),MATCH(E17,'(H) Inflation'!$C$11:$R$11,0))),2))),IF(AND($B$18="single year",$C$18=""),"Populate cell C19",IF(AND($B$20="Real (input dollar year in Column C)",$C$20=""),"Populate cell C21","Check cells C18:C22"))))} -> 0 | J17: =IF(LEFT(H17,3)="Pop",H17,IF(LEFT(I17,3)="Pop",I17,IFERROR(IF(H17="","",IF(I17="","",H17*I17)),""))) -> 0
A18: Output results year(s) | B18: All years | C18: 2037 | E18: {=IF(B$18="All Years",INDEX(Years,ROW()-6),"")} -> 2037 | F18: =IF(AND($B$12="Manual",$C$12=""),"Populate Cell C12",IF(AND($B$13='(I) OptionLists'!$F$8,$C$13=""),"Populate Cell C13",IF(AND($B$14='(I) OptionLists'!$G$7,$C$14=""),"Populate Cell C14",IF(AND(VALUE(LEFT(E18,4))>2026,$B$14='(I) OptionLists'!$G$8,K18=""),"Populate Column K",IF($B$12="Manual",$C$12,'(A) ElectricityProj_MWh'!$D$12*IF($B$11="Statewide",1,IFERROR(VLOOKUP($B$11,'(B) EDU_EVs'!$B$5:$D$24,3,FALSE)/SUM('(B) EDU_EVs'!$D$5:$D$24),'(B) EDU_EVs'!$D$24/SUM('(B) EDU_EVs'!$D$5:$D$24))))*IF($B$13="Manual",$C$13,VALUE(RIGHT($B$13,3)))*IF($B$14='(I) OptionLists'!$G$5,VLOOKUP(E18,'(A) ElectricityProj_MWh'!$A$6:$D$26,4,FALSE)/'(A) ElectricityProj_MWh'!$D$12,IF($B$14='(I) OptionLists'!$G$6,VLOOKUP(E18,'(A) ElectricityProj_MWh'!$F$6:$I$26,4,FALSE)/'(A) ElectricityProj_MWh'!$D$12,IF($B$14='(I) OptionLists'!$G$7,(1+$C$14)^(VALUE(LEFT(E18,4))-2026),1+IF($B$14='(I) OptionLists'!$G$8,K18)))))))) -> 3153127.8 | G18: =IF(E18="","",IF(AND($B$15='(I) OptionLists'!$C$7,$C$15=""),"Populate Cell C15",IF($B$15='(I) OptionLists'!$C$6,IF(AND(B$16='(I) OptionLists'!$D$7,C$16=""),"Populate Cell C16",ROUND(Statewide2026*(IF(B$16='(I) OptionLists'!$D$5,VLOOKUP(E18,'(F) StatewideChange'!$B$5:$C$19,2,FALSE)/VLOOKUP(2026,'(F) StatewideChange'!$B$5:$C$19,2,FALSE),IF(B$16='(I) OptionLists'!$D$8,1,IF(B$16='(I) OptionLists'!$D$6,VLOOKUP(2026,'(F) StatewideChange'!$B$5:$C$19,2,FALSE)/VLOOKUP(E18,'(F) StatewideChange'!$B$5:$C$19,2,FALSE)*(2040-VALUE(LEFT(E18,4)))/(2040-2026),IF(B$16='(I) OptionLists'!$D$7,(1+C$16)^(VALUE(LEFT(E18,4))-2026),1))))),2)),IF($B$15='(I) OptionLists'!$C$7,IF(AND(B$16='(I) OptionLists'!$D$7,C$16=""),"Populate Cell C16",ROUND($C$15*(IF(B$16='(I) OptionLists'!$D$5,VLOOKUP(E18,'(F) StatewideChange'!$B$5:$C$19,2,FALSE)/VLOOKUP(2026,'(F) StatewideChange'!$B$5:$C$19,2,FALSE),IF(B$16='(I) OptionLists'!$D$8,1,IF(B$16='(I) OptionLists'!$D$6,(2040-VALUE(LEFT(E18,4)))/(2040-2026),IF(B$16='(I) OptionLists'!$D$7,(1+C$16)^(VALUE(LEFT(E18,4))-2026),1))))),2)),IF(B$15='(I) OptionLists'!$C$8,IF(L18="","Populate Column L",ROUND(L18,2)),IF(AND(B$16='(I) OptionLists'!$D$7,C$16=""),"Populate Cell C16",IFERROR(ROUND(VLOOKUP($B$11,EDU_CI_Lookup,2,FALSE)*(IF(B$16='(I) OptionLists'!$D$5,VLOOKUP(E18,'(F) StatewideChange'!$B$5:$C$19,2,FALSE)/VLOOKUP(2026,'(F) StatewideChange'!$B$5:$C$19,2,FALSE),IF(B$16='(I) OptionLists'!$D$8,1,IF(B$16='(I) OptionLists'!$D$6,(2040-VALUE(LEFT(E18,4)))/(2040-2026),IF(B$16='(I) OptionLists'!$D$7,(1+C$16)^(VALUE(LEFT(E18,4))-2026),1))))),2),"Select valid EDU option"))))))) -> 16.7 | H18: =IF(LEFT(F18,3)="Pop",F18,IF(LEFT(G18,3)="Pop",G18,IF(AND(Calculator!$B$22='(I) OptionLists'!$E$8,Calculator!$C$22=""),"Populate Cell C22",IFERROR(IF(E18="","",ROUND(F18*1000*3.6*(1-0.35*IF(Calculator!$B$22='(I) OptionLists'!$E$8,$C$22,VALUE(RIGHT($B$22,LEN($B$22)-FIND("-",$B$22,1)-1))))*(3.4*VLOOKUP(E18,'(D) CI Standard'!$B$5:$C$19,2,FALSE)-G18)/1000000,0)),"")))) -> 2504315 | I18: {=IF(E18="","",_xlfn.IFNA(IF(B$19='(I) OptionLists'!$B$7,IF(C$19="","Populate cell C20",ROUND(C$19*IF($B$20="Nominal",1,INDEX('(H) Inflation'!$C$12:$N$16,MATCH($B$21,'(H) Inflation'!$B$12:$B$16,0),MATCH($C$20,'(G) Credit Price_nom'!$C$5:$Q$5,0))/INDEX('(H) Inflation'!$C$12:$N$16,MATCH($B$21,'(H) Inflation'!$B$12:$B$16,0),MATCH(E18,'(G) Credit Price_nom'!$C$5:$Q$5,0))),2)),IF(B$19='(I) OptionLists'!$B$8,IF(K17="","Populate Column M",K17),ROUND(INDEX('(G) Credit Price_nom'!$C$6:$Q$7,MATCH($B$19,'(G) Credit Price_nom'!$B$6:$B$7,0),MATCH(E18,'(G) Credit Price_nom'!$C$5:$Q$5,0))*IF($B$20="Nominal",1,INDEX('(H) Inflation'!$C$12:$N$16,MATCH($B$21,'(H) Inflation'!$B$12:$B$16,0),MATCH($C$20,'(G) Credit Price_nom'!$C$5:$Q$5,0))/INDEX('(H) Inflation'!$C$12:$R$16,MATCH($B$21,'(H) Inflation'!$B$12:$B$16,0),MATCH(E18,'(H) Inflation'!$C$11:$R$11,0))),2))),IF(AND($B$18="single year",$C$18=""),"Populate cell C19",IF(AND($B$20="Real (input dollar year in Column C)",$C$20=""),"Populate cell C21","Check cells C18:C22"))))} -> 0 | J18: =IF(LEFT(H18,3)="Pop",H18,IF(LEFT(I18,3)="Pop",I18,IFERROR(IF(H18="","",IF(I18="","",H18*I18)),""))) -> 0
A19: Credit price projectionG,I | B19: Benefit-Cost Analysis | C19: 20 | E19: {=IF(B$18="All Years",INDEX(Years,ROW()-6),"")} -> 2038 | F19: =IF(AND($B$12="Manual",$C$12=""),"Populate Cell C12",IF(AND($B$13='(I) OptionLists'!$F$8,$C$13=""),"Populate Cell C13",IF(AND($B$14='(I) OptionLists'!$G$7,$C$14=""),"Populate Cell C14",IF(AND(VALUE(LEFT(E19,4))>2026,$B$14='(I) OptionLists'!$G$8,K19=""),"Populate Column K",IF($B$12="Manual",$C$12,'(A) ElectricityProj_MWh'!$D$12*IF($B$11="Statewide",1,IFERROR(VLOOKUP($B$11,'(B) EDU_EVs'!$B$5:$D$24,3,FALSE)/SUM('(B) EDU_EVs'!$D$5:$D$24),'(B) EDU_EVs'!$D$24/SUM('(B) EDU_EVs'!$D$5:$D$24))))*IF($B$13="Manual",$C$13,VALUE(RIGHT($B$13,3)))*IF($B$14='(I) OptionLists'!$G$5,VLOOKUP(E19,'(A) ElectricityProj_MWh'!$A$6:$D$26,4,FALSE)/'(A) ElectricityProj_MWh'!$D$12,IF($B$14='(I) OptionLists'!$G$6,VLOOKUP(E19,'(A) ElectricityProj_MWh'!$F$6:$I$26,4,FALSE)/'(A) ElectricityProj_MWh'!$D$12,IF($B$14='(I) OptionLists'!$G$7,(1+$C$14)^(VALUE(LEFT(E19,4))-2026),1+IF($B$14='(I) OptionLists'!$G$8,K19)))))))) -> 3470978.5 | G19: =IF(E19="","",IF(AND($B$15='(I) OptionLists'!$C$7,$C$15=""),"Populate Cell C15",IF($B$15='(I) OptionLists'!$C$6,IF(AND(B$16='(I) OptionLists'!$D$7,C$16=""),"Populate Cell C16",ROUND(Statewide2026*(IF(B$16='(I) OptionLists'!$D$5,VLOOKUP(E19,'(F) StatewideChange'!$B$5:$C$19,2,FALSE)/VLOOKUP(2026,'(F) StatewideChange'!$B$5:$C$19,2,FALSE),IF(B$16='(I) OptionLists'!$D$8,1,IF(B$16='(I) OptionLists'!$D$6,VLOOKUP(2026,'(F) StatewideChange'!$B$5:$C$19,2,FALSE)/VLOOKUP(E19,'(F) StatewideChange'!$B$5:$C$19,2,FALSE)*(2040-VALUE(LEFT(E19,4)))/(2040-2026),IF(B$16='(I) OptionLists'!$D$7,(1+C$16)^(VALUE(LEFT(E19,4))-2026),1))))),2)),IF($B$15='(I) OptionLists'!$C$7,IF(AND(B$16='(I) OptionLists'!$D$7,C$16=""),"Populate Cell C16",ROUND($C$15*(IF(B$16='(I) OptionLists'!$D$5,VLOOKUP(E19,'(F) StatewideChange'!$B$5:$C$19,2,FALSE)/VLOOKUP(2026,'(F) StatewideChange'!$B$5:$C$19,2,FALSE),IF(B$16='(I) OptionLists'!$D$8,1,IF(B$16='(I) OptionLists'!$D$6,(2040-VALUE(LEFT(E19,4)))/(2040-2026),IF(B$16='(I) OptionLists'!$D$7,(1+C$16)^(VALUE(LEFT(E19,4))-2026),1))))),2)),IF(B$15='(I) OptionLists'!$C$8,IF(L19="","Populate Column L",ROUND(L19,2)),IF(AND(B$16='(I) OptionLists'!$D$7,C$16=""),"Populate Cell C16",IFERROR(ROUND(VLOOKUP($B$11,EDU_CI_Lookup,2,FALSE)*(IF(B$16='(I) OptionLists'!$D$5,VLOOKUP(E19,'(F) StatewideChange'!$B$5:$C$19,2,FALSE)/VLOOKUP(2026,'(F) StatewideChange'!$B$5:$C$19,2,FALSE),IF(B$16='(I) OptionLists'!$D$8,1,IF(B$16='(I) OptionLists'!$D$6,(2040-VALUE(LEFT(E19,4)))/(2040-2026),IF(B$16='(I) OptionLists'!$D$7,(1+C$16)^(VALUE(LEFT(E19,4))-2026),1))))),2),"Select valid EDU option"))))))) -> 16.83 | H19: =IF(LEFT(F19,3)="Pop",F19,IF(LEFT(G19,3)="Pop",G19,IF(AND(Calculator!$B$22='(I) OptionLists'!$E$8,Calculator!$C$22=""),"Populate Cell C22",IFERROR(IF(E19="","",ROUND(F19*1000*3.6*(1-0.35*IF(Calculator!$B$22='(I) OptionLists'!$E$8,$C$22,VALUE(RIGHT($B$22,LEN($B$22)-FIND("-",$B$22,1)-1))))*(3.4*VLOOKUP(E19,'(D) CI Standard'!$B$5:$C$19,2,FALSE)-G19)/1000000,0)),"")))) -> 2714352 | I19: {=IF(E19="","",_xlfn.IFNA(IF(B$19='(I) OptionLists'!$B$7,IF(C$19="","Populate cell C20",ROUND(C$19*IF($B$20="Nominal",1,INDEX('(H) Inflation'!$C$12:$N$16,MATCH($B$21,'(H) Inflation'!$B$12:$B$16,0),MATCH($C$20,'(G) Credit Price_nom'!$C$5:$Q$5,0))/INDEX('(H) Inflation'!$C$12:$N$16,MATCH($B$21,'(H) Inflation'!$B$12:$B$16,0),MATCH(E19,'(G) Credit Price_nom'!$C$5:$Q$5,0))),2)),IF(B$19='(I) OptionLists'!$B$8,IF(K18="","Populate Column M",K18),ROUND(INDEX('(G) Credit Price_nom'!$C$6:$Q$7,MATCH($B$19,'(G) Credit Price_nom'!$B$6:$B$7,0),MATCH(E19,'(G) Credit Price_nom'!$C$5:$Q$5,0))*IF($B$20="Nominal",1,INDEX('(H) Inflation'!$C$12:$N$16,MATCH($B$21,'(H) Inflation'!$B$12:$B$16,0),MATCH($C$20,'(G) Credit Price_nom'!$C$5:$Q$5,0))/INDEX('(H) Inflation'!$C$12:$R$16,MATCH($B$21,'(H) Inflation'!$B$12:$B$16,0),MATCH(E19,'(H) Inflation'!$C$11:$R$11,0))),2))),IF(AND($B$18="single year",$C$18=""),"Populate cell C19",IF(AND($B$20="Real (input dollar year in Column C)",$C$20=""),"Populate cell C21","Check cells C18:C22"))))} -> 0 | J19: =IF(LEFT(H19,3)="Pop",H19,IF(LEFT(I19,3)="Pop",I19,IFERROR(IF(H19="","",IF(I19="","",H19*I19)),""))) -> 0
A20: Dollar type | B20: Real (input dollar year in Column C) | C20: 2026 | E20: {=IF(B$18="All Years",INDEX(Years,ROW()-6),"")} -> 2039 | F20: =IF(AND($B$12="Manual",$C$12=""),"Populate Cell C12",IF(AND($B$13='(I) OptionLists'!$F$8,$C$13=""),"Populate Cell C13",IF(AND($B$14='(I) OptionLists'!$G$7,$C$14=""),"Populate Cell C14",IF(AND(VALUE(LEFT(E20,4))>2026,$B$14='(I) OptionLists'!$G$8,K20=""),"Populate Column K",IF($B$12="Manual",$C$12,'(A) ElectricityProj_MWh'!$D$12*IF($B$11="Statewide",1,IFERROR(VLOOKUP($B$11,'(B) EDU_EVs'!$B$5:$D$24,3,FALSE)/SUM('(B) EDU_EVs'!$D$5:$D$24),'(B) EDU_EVs'!$D$24/SUM('(B) EDU_EVs'!$D$5:$D$24))))*IF($B$13="Manual",$C$13,VALUE(RIGHT($B$13,3)))*IF($B$14='(I) OptionLists'!$G$5,VLOOKUP(E20,'(A) ElectricityProj_MWh'!$A$6:$D$26,4,FALSE)/'(A) ElectricityProj_MWh'!$D$12,IF($B$14='(I) OptionLists'!$G$6,VLOOKUP(E20,'(A) ElectricityProj_MWh'!$F$6:$I$26,4,FALSE)/'(A) ElectricityProj_MWh'!$D$12,IF($B$14='(I) OptionLists'!$G$7,(1+$C$14)^(VALUE(LEFT(E20,4))-2026),1+IF($B$14='(I) OptionLists'!$G$8,K20)))))))) -> 3768579.5 | G20: =IF(E20="","",IF(AND($B$15='(I) OptionLists'!$C$7,$C$15=""),"Populate Cell C15",IF($B$15='(I) OptionLists'!$C$6,IF(AND(B$16='(I) OptionLists'!$D$7,C$16=""),"Populate Cell C16",ROUND(Statewide2026*(IF(B$16='(I) OptionLists'!$D$5,VLOOKUP(E20,'(F) StatewideChange'!$B$5:$C$19,2,FALSE)/VLOOKUP(2026,'(F) StatewideChange'!$B$5:$C$19,2,FALSE),IF(B$16='(I) OptionLists'!$D$8,1,IF(B$16='(I) OptionLists'!$D$6,VLOOKUP(2026,'(F) StatewideChange'!$B$5:$C$19,2,FALSE)/VLOOKUP(E20,'(F) StatewideChange'!$B$5:$C$19,2,FALSE)*(2040-VALUE(LEFT(E20,4)))/(2040-2026),IF(B$16='(I) OptionLists'!$D$7,(1+C$16)^(VALUE(LEFT(E20,4))-2026),1))))),2)),IF($B$15='(I) OptionLists'!$C$7,IF(AND(B$16='(I) OptionLists'!$D$7,C$16=""),"Populate Cell C16",ROUND($C$15*(IF(B$16='(I) OptionLists'!$D$5,VLOOKUP(E20,'(F) StatewideChange'!$B$5:$C$19,2,FALSE)/VLOOKUP(2026,'(F) StatewideChange'!$B$5:$C$19,2,FALSE),IF(B$16='(I) OptionLists'!$D$8,1,IF(B$16='(I) OptionLists'!$D$6,(2040-VALUE(LEFT(E20,4)))/(2040-2026),IF(B$16='(I) OptionLists'!$D$7,(1+C$16)^(VALUE(LEFT(E20,4))-2026),1))))),2)),IF(B$15='(I) OptionLists'!$C$8,IF(L20="","Populate Column L",ROUND(L20,2)),IF(AND(B$16='(I) OptionLists'!$D$7,C$16=""),"Populate Cell C16",IFERROR(ROUND(VLOOKUP($B$11,EDU_CI_Lookup,2,FALSE)*(IF(B$16='(I) OptionLists'!$D$5,VLOOKUP(E20,'(F) StatewideChange'!$B$5:$C$19,2,FALSE)/VLOOKUP(2026,'(F) StatewideChange'!$B$5:$C$19,2,FALSE),IF(B$16='(I) OptionLists'!$D$8,1,IF(B$16='(I) OptionLists'!$D$6,(2040-VALUE(LEFT(E20,4)))/(2040-2026),IF(B$16='(I) OptionLists'!$D$7,(1+C$16)^(VALUE(LEFT(E20,4))-2026),1))))),2),"Select valid EDU option"))))))) -> 17.11 | H20: =IF(LEFT(F20,3)="Pop",F20,IF(LEFT(G20,3)="Pop",G20,IF(AND(Calculator!$B$22='(I) OptionLists'!$E$8,Calculator!$C$22=""),"Populate Cell C22",IFERROR(IF(E20="","",ROUND(F20*1000*3.6*(1-0.35*IF(Calculator!$B$22='(I) OptionLists'!$E$8,$C$22,VALUE(RIGHT($B$22,LEN($B$22)-FIND("-",$B$22,1)-1))))*(3.4*VLOOKUP(E20,'(D) CI Standard'!$B$5:$C$19,2,FALSE)-G20)/1000000,0)),"")))) -> 2898999 | I20: {=IF(E20="","",_xlfn.IFNA(IF(B$19='(I) OptionLists'!$B$7,IF(C$19="","Populate cell C20",ROUND(C$19*IF($B$20="Nominal",1,INDEX('(H) Inflation'!$C$12:$N$16,MATCH($B$21,'(H) Inflation'!$B$12:$B$16,0),MATCH($C$20,'(G) Credit Price_nom'!$C$5:$Q$5,0))/INDEX('(H) Inflation'!$C$12:$N$16,MATCH($B$21,'(H) Inflation'!$B$12:$B$16,0),MATCH(E20,'(G) Credit Price_nom'!$C$5:$Q$5,0))),2)),IF(B$19='(I) OptionLists'!$B$8,IF(K19="","Populate Column M",K19),ROUND(INDEX('(G) Credit Price_nom'!$C$6:$Q$7,MATCH($B$19,'(G) Credit Price_nom'!$B$6:$B$7,0),MATCH(E20,'(G) Credit Price_nom'!$C$5:$Q$5,0))*IF($B$20="Nominal",1,INDEX('(H) Inflation'!$C$12:$N$16,MATCH($B$21,'(H) Inflation'!$B$12:$B$16,0),MATCH($C$20,'(G) Credit Price_nom'!$C$5:$Q$5,0))/INDEX('(H) Inflation'!$C$12:$R$16,MATCH($B$21,'(H) Inflation'!$B$12:$B$16,0),MATCH(E20,'(H) Inflation'!$C$11:$R$11,0))),2))),IF(AND($B$18="single year",$C$18=""),"Populate cell C19",IF(AND($B$20="Real (input dollar year in Column C)",$C$20=""),"Populate cell C21","Check cells C18:C22"))))} -> 0 | J20: =IF(LEFT(H20,3)="Pop",H20,IF(LEFT(I20,3)="Pop",I20,IFERROR(IF(H20="","",IF(I20="","",H20*I20)),""))) -> 0
A21: Inflation index4,H | B21: Personal Consumption Expenditures | E21: {=IF(B$18="All Years",INDEX(Years,ROW()-6),"")} -> 2040 and subsequent years | F21: =IF(AND($B$12="Manual",$C$12=""),"Populate Cell C12",IF(AND($B$13='(I) OptionLists'!$F$8,$C$13=""),"Populate Cell C13",IF(AND($B$14='(I) OptionLists'!$G$7,$C$14=""),"Populate Cell C14",IF(AND(VALUE(LEFT(E21,4))>2026,$B$14='(I) OptionLists'!$G$8,K21=""),"Populate Column K",IF($B$12="Manual",$C$12,'(A) ElectricityProj_MWh'!$D$12*IF($B$11="Statewide",1,IFERROR(VLOOKUP($B$11,'(B) EDU_EVs'!$B$5:$D$24,3,FALSE)/SUM('(B) EDU_EVs'!$D$5:$D$24),'(B) EDU_EVs'!$D$24/SUM('(B) EDU_EVs'!$D$5:$D$24))))*IF($B$13="Manual",$C$13,VALUE(RIGHT($B$13,3)))*IF($B$14='(I) OptionLists'!$G$5,VLOOKUP(E21,'(A) ElectricityProj_MWh'!$A$6:$D$26,4,FALSE)/'(A) ElectricityProj_MWh'!$D$12,IF($B$14='(I) OptionLists'!$G$6,VLOOKUP(E21,'(A) ElectricityProj_MWh'!$F$6:$I$26,4,FALSE)/'(A) ElectricityProj_MWh'!$D$12,IF($B$14='(I) OptionLists'!$G$7,(1+$C$14)^(VALUE(LEFT(E21,4))-2026),1+IF($B$14='(I) OptionLists'!$G$8,K21)))))))) -> 3996071 | G21: =IF(E21="","",IF(AND($B$15='(I) OptionLists'!$C$7,$C$15=""),"Populate Cell C15",IF($B$15='(I) OptionLists'!$C$6,IF(AND(B$16='(I) OptionLists'!$D$7,C$16=""),"Populate Cell C16",ROUND(Statewide2026*(IF(B$16='(I) OptionLists'!$D$5,VLOOKUP(E21,'(F) StatewideChange'!$B$5:$C$19,2,FALSE)/VLOOKUP(2026,'(F) StatewideChange'!$B$5:$C$19,2,FALSE),IF(B$16='(I) OptionLists'!$D$8,1,IF(B$16='(I) OptionLists'!$D$6,VLOOKUP(2026,'(F) StatewideChange'!$B$5:$C$19,2,FALSE)/VLOOKUP(E21,'(F) StatewideChange'!$B$5:$C$19,2,FALSE)*(2040-VALUE(LEFT(E21,4)))/(2040-2026),IF(B$16='(I) OptionLists'!$D$7,(1+C$16)^(VALUE(LEFT(E21,4))-2026),1))))),2)),IF($B$15='(I) OptionLists'!$C$7,IF(AND(B$16='(I) OptionLists'!$D$7,C$16=""),"Populate Cell C16",ROUND($C$15*(IF(B$16='(I) OptionLists'!$D$5,VLOOKUP(E21,'(F) StatewideChange'!$B$5:$C$19,2,FALSE)/VLOOKUP(2026,'(F) StatewideChange'!$B$5:$C$19,2,FALSE),IF(B$16='(I) OptionLists'!$D$8,1,IF(B$16='(I) OptionLists'!$D$6,(2040-VALUE(LEFT(E21,4)))/(2040-2026),IF(B$16='(I) OptionLists'!$D$7,(1+C$16)^(VALUE(LEFT(E21,4))-2026),1))))),2)),IF(B$15='(I) OptionLists'!$C$8,IF(L21="","Populate Column L",ROUND(L21,2)),IF(AND(B$16='(I) OptionLists'!$D$7,C$16=""),"Populate Cell C16",IFERROR(ROUND(VLOOKUP($B$11,EDU_CI_Lookup,2,FALSE)*(IF(B$16='(I) OptionLists'!$D$5,VLOOKUP(E21,'(F) StatewideChange'!$B$5:$C$19,2,FALSE)/VLOOKUP(2026,'(F) StatewideChange'!$B$5:$C$19,2,FALSE),IF(B$16='(I) OptionLists'!$D$8,1,IF(B$16='(I) OptionLists'!$D$6,(2040-VALUE(LEFT(E21,4)))/(2040-2026),IF(B$16='(I) OptionLists'!$D$7,(1+C$16)^(VALUE(LEFT(E21,4))-2026),1))))),2),"Select valid EDU option"))))))) -> 14.39 | H21: =IF(LEFT(F21,3)="Pop",F21,IF(LEFT(G21,3)="Pop",G21,IF(AND(Calculator!$B$22='(I) OptionLists'!$E$8,Calculator!$C$22=""),"Populate Cell C22",IFERROR(IF(E21="","",ROUND(F21*1000*3.6*(1-0.35*IF(Calculator!$B$22='(I) OptionLists'!$E$8,$C$22,VALUE(RIGHT($B$22,LEN($B$22)-FIND("-",$B$22,1)-1))))*(3.4*VLOOKUP(E21,'(D) CI Standard'!$B$5:$C$19,2,FALSE)-G21)/1000000,0)),"")))) -> 3066662 | I21: {=IF(E21="","",_xlfn.IFNA(IF(B$19='(I) OptionLists'!$B$7,IF(C$19="","Populate cell C20",ROUND(C$19*IF($B$20="Nominal",1,INDEX('(H) Inflation'!$C$12:$N$16,MATCH($B$21,'(H) Inflation'!$B$12:$B$16,0),MATCH($C$20,'(G) Credit Price_nom'!$C$5:$Q$5,0))/INDEX('(H) Inflation'!$C$12:$N$16,MATCH($B$21,'(H) Inflation'!$B$12:$B$16,0),MATCH(E21,'(G) Credit Price_nom'!$C$5:$Q$5,0))),2)),IF(B$19='(I) OptionLists'!$B$8,IF(K20="","Populate Column M",K20),ROUND(INDEX('(G) Credit Price_nom'!$C$6:$Q$7,MATCH($B$19,'(G) Credit Price_nom'!$B$6:$B$7,0),MATCH(E21,'(G) Credit Price_nom'!$C$5:$Q$5,0))*IF($B$20="Nominal",1,INDEX('(H) Inflation'!$C$12:$N$16,MATCH($B$21,'(H) Inflation'!$B$12:$B$16,0),MATCH($C$20,'(G) Credit Price_nom'!$C$5:$Q$5,0))/INDEX('(H) Inflation'!$C$12:$R$16,MATCH($B$21,'(H) Inflation'!$B$12:$B$16,0),MATCH(E21,'(H) Inflation'!$C$11:$R$11,0))),2))),IF(AND($B$18="single year",$C$18=""),"Populate cell C19",IF(AND($B$20="Real (input dollar year in Column C)",$C$20=""),"Populate cell C21","Check cells C18:C22"))))} -> 0 | J21: =IF(LEFT(H21,3)="Pop",H21,IF(LEFT(I21,3)="Pop",I21,IFERROR(IF(H21="","",IF(I21="","",H21*I21)),""))) -> 0
A22: Vehicle manufacturer credit share uptake (% of 35% share)I | B22: None - 0% | C22: 0.8 | I22: Total | J22: =IF(LEFT(J21,3)="Pop",J21,SUM(J7:J21)) -> 4.3219481e+08
A24: 1 "Manual" selection in Cell B12 is suggested for an EDU not listed in '(B) EDU_EVs'. Otherwise it will receive a 0.02% share of power for EV charging statewide using the "Out-of-state or Unknown" EV share in (E).
A25: 2 Total quantity always includes both residential and non-residential fuel charging. The non-residential share is always removed as specified in Cell B13 for the Res Fuel calculated in Column F.
A26: 3 gCO2e/MJ = Grams of carbon dioxide equivalent lifecycle (well-to-wheel) greenhouse gas emissions per megajoule of useful energy consumed in a motor vehicle.
A27: 4 "Core" inflation indexes exclude the cost of food and energy.
A28: 5 MT CO2e = Metric ton of carbon dioxide equivalent
A29: 6 Rounded to the nearest MT CO2e. Excludes any credits that vehicle manufacturers claim. Assumes a gasoline CI standard and an Energy Economy Ratio of 3.4 for electric vehicles (battery or plug-in) compared to gasoline-powered vehicles.

Sheet (A) ElectricityProj_MWh
A1: Capacity and use sheet - For information and viewing only
A2: Shows estimated electricity use from the Benefits-Cost Analysis and Rebuttal Sensitivity Analysis, in megawatt hours (MWh).
B4: Benefits-Cost Analysis | G4: Rebuttal Sensitivity Analysis
A5: Year | B5: MWh_GasStandard | C5: MWh_DieselStandard | D5: MWh_Total | F5: Year | G5: MWh_GasStandard | H5: MWh_DieselStandard | I5: MWh_Total
A6: 2020 | B6: ='(A.2) ElectricityProj_GJ'!B6/3.6 -> 6053.4664 | C6: ='(A.2) ElectricityProj_GJ'!C6/3.6 -> 0 | D6: =B6+C6 -> 6053.4664 | F6: 2020 | G6: ='(A.2) ElectricityProj_GJ'!G6/3.6 -> 6053.4664 | H6: ='(A.2) ElectricityProj_GJ'!H6/3.6 -> 0 | I6: =G6+H6 -> 6053.4664
A7: =A6+1 -> 2021 | B7: ='(A.2) ElectricityProj_GJ'!B7/3.6 -> 11408.085 | C7: ='(A.2) ElectricityProj_GJ'!C7/3.6 -> 45.304606 | D7: =B7+C7 -> 11453.39 | F7: =F6+1 -> 2021 | G7: ='(A.2) ElectricityProj_GJ'!G7/3.6 -> 11408.085 | H7: ='(A.2) ElectricityProj_GJ'!H7/3.6 -> 45.304606 | I7: =G7+H7 -> 11453.39
A8: =A7+1 -> 2022 | B8: ='(A.2) ElectricityProj_GJ'!B8/3.6 -> 22351.424 | C8: ='(A.2) ElectricityProj_GJ'!C8/3.6 -> 561.57103 | D8: =B8+C8 -> 22912.995 | F8: =F7+1 -> 2022 | G8: ='(A.2) ElectricityProj_GJ'!G8/3.6 -> 22351.424 | H8: ='(A.2) ElectricityProj_GJ'!H8/3.6 -> 561.57103 | I8: =G8+H8 -> 22912.995
A9: =A8+1 -> 2023 | B9: ='(A.2) ElectricityProj_GJ'!B9/3.6 -> 39613.509 | C9: ='(A.2) ElectricityProj_GJ'!C9/3.6 -> 1807.8299 | D9: =B9+C9 -> 41421.339 | F9: =F8+1 -> 2023 | G9: ='(A.2) ElectricityProj_GJ'!G9/3.6 -> 39613.509 | H9: ='(A.2) ElectricityProj_GJ'!H9/3.6 -> 1807.8299 | I9: =G9+H9 -> 41421.339
A10: =A9+1 -> 2024 | B10: ='(A.2) ElectricityProj_GJ'!B10/3.6 -> 62449.324 | C10: ='(A.2) ElectricityProj_GJ'!C10/3.6 -> 5411.2579 | D10: =B10+C10 -> 67860.582 | F10: =F9+1 -> 2024 | G10: ='(A.2) ElectricityProj_GJ'!G10/3.6 -> 62449.324 | H10: ='(A.2) ElectricityProj_GJ'!H10/3.6 -> 5411.2579 | I10: =G10+H10 -> 67860.582
A11: =A10+1 -> 2025 | B11: ='(A.2) ElectricityProj_GJ'!B11/3.6 -> 86508.662 | C11: ='(A.2) ElectricityProj_GJ'!C11/3.6 -> 13747.039 | D11: =B11+C11 -> 100255.7 | F11: =F10+1 -> 2025 | G11: ='(A.2) ElectricityProj_GJ'!G11/3.6 -> 86508.662 | H11: ='(A.2) ElectricityProj_GJ'!H11/3.6 -> 13747.039 | I11: =G11+H11 -> 100255.7
A12: =A11+1 -> 2026 | B12: ='(A.2) ElectricityProj_GJ'!B12/3.6 -> 111736.28 | C12: ='(A.2) ElectricityProj_GJ'!C12/3.6 -> 24744.026 | D12: =B12+C12 -> 136480.31 | F12: =F11+1 -> 2026 | G12: ='(A.2) ElectricityProj_GJ'!G12/3.6 -> 111736.28 | H12: ='(A.2) ElectricityProj_GJ'!H12/3.6 -> 24744.026 | I12: =G12+H12 -> 136480.31
A13: =A12+1 -> 2027 | B13: ='(A.2) ElectricityProj_GJ'!B13/3.6 -> 266031.97 | C13: ='(A.2) ElectricityProj_GJ'!C13/3.6 -> 63288.141 | D13: =B13+C13 -> 329320.11 | F13: =F12+1 -> 2027 | G13: ='(A.2) ElectricityProj_GJ'!G13/3.6 -> 216896.31 | H13: ='(A.2) ElectricityProj_GJ'!H13/3.6 -> 26913.296 | I13: =G13+H13 -> 243809.61
A14: =A13+1 -> 2028 | B14: ='(A.2) ElectricityProj_GJ'!B14/3.6 -> 499405.8 | C14: ='(A.2) ElectricityProj_GJ'!C14/3.6 -> 117005.84 | D14: =B14+C14 -> 616411.64 | F14: =F13+1 -> 2028 | G14: ='(A.2) ElectricityProj_GJ'!G14/3.6 -> 349829.8 | H14: ='(A.2) ElectricityProj_GJ'!H14/3.6 -> 28404.824 | I14: =G14+H14 -> 378234.62
A15: =A14+1 -> 2029 | B15: ='(A.2) ElectricityProj_GJ'!B15/3.6 -> 779523.74 | C15: ='(A.2) ElectricityProj_GJ'!C15/3.6 -> 184218.7 | D15: =B15+C15 -> 963742.44 | F15: =F14+1 -> 2029 | G15: ='(A.2) ElectricityProj_GJ'!G15/3.6 -> 488364 | H15: ='(A.2) ElectricityProj_GJ'!H15/3.6 -> 29458.896 | I15: =G15+H15 -> 517822.9
A16: =A15+1 -> 2030 | B16: ='(A.2) ElectricityProj_GJ'!B16/3.6 -> 1067221.3 | C16: ='(A.2) ElectricityProj_GJ'!C16/3.6 -> 263359.3 | D16: =B16+C16 -> 1330580.6 | F16: =F15+1 -> 2030 | G16: ='(A.2) ElectricityProj_GJ'!G16/3.6 -> 612250.03 | H16: ='(A.2) ElectricityProj_GJ'!H16/3.6 -> 31123.965 | I16: =G16+H16 -> 643373.99
A17: =A16+1 -> 2031 | B17: ='(A.2) ElectricityProj_GJ'!B17/3.6 -> 1444490.3 | C17: ='(A.2) ElectricityProj_GJ'!C17/3.6 -> 373820.17 | D17: =B17+C17 -> 1818310.4 | F17: =F16+1 -> 2031 | G17: ='(A.2) ElectricityProj_GJ'!G17/3.6 -> 754623.76 | H17: ='(A.2) ElectricityProj_GJ'!H17/3.6 -> 33271.031 | I17: =G17+H17 -> 787894.79
A18: =A17+1 -> 2032 | B18: ='(A.2) ElectricityProj_GJ'!B18/3.6 -> 1866666.2 | C18: ='(A.2) ElectricityProj_GJ'!C18/3.6 -> 482512.13 | D18: =B18+C18 -> 2349178.3 | F18: =F17+1 -> 2032 | G18: ='(A.2) ElectricityProj_GJ'!G18/3.6 -> 911016.09 | H18: ='(A.2) ElectricityProj_GJ'!H18/3.6 -> 35443.691 | I18: =G18+H18 -> 946459.78
... A25: =A24+1 -> 2039 | B25: ='(A.2) ElectricityProj_GJ'!B25/3.6 -> 4608423.5 | C25: ='(A.2) ElectricityProj_GJ'!C25/3.6 -> 1279981.9 | D25: =B25+C25 -> 5888405.4 | F25: =F24+1 -> 2039 | G25: ='(A.2) ElectricityProj_GJ'!G25/3.6 -> 1870339.7 | H25: ='(A.2) ElectricityProj_GJ'!H25/3.6 -> 61592.791 | I25: =G25+H25 -> 1931932.5
A26: 2040 and subsequent years | B26: ='(A.2) ElectricityProj_GJ'!B26/3.6 -> 4845961 | C26: ='(A.2) ElectricityProj_GJ'!C26/3.6 -> 1397899.9 | D26: =B26+C26 -> 6243860.9 | F26: 2040 and subsequent years | G26: ='(A.2) ElectricityProj_GJ'!G26/3.6 -> 1961935.4 | H26: ='(A.2) ElectricityProj_GJ'!H26/3.6 -> 67166.155 | I26: =G26+H26 -> 2029101.5
A28: Assumes 3.6 megajoules per kilowatthour = 3.6 gigajoules per megawatthour.
A29: From Title 20, Chapter 2, Part 92, Section 701, Subsection G of the New Mexico Administrative Code (20.2.92.701(G) NMAC)
A31: For Benefit-Cost Analysis (BCA): Berkeley Research Group, LLC. “Fuel and Credit Market Model.” NMED Exhibit 79. EIB 25-23: In the Matter of Proposed Adoption of 20.2.92 NMAC – Clean Transportation
A32: Fuel Program. September 2, 2025. https://cloud.env.nm.gov/resources/_translator.php/NzA3NTEwYzYzY2I0NzNhN2JmNDc3NGQ1NV8yMDMxMTU~.pdf#page=407
A34: For Rebuttal Sensitivity Analysis (RSA): Berkeley Research Group, LLC. “Fuel and Credit Market Model: ZEV Policy Rollback Scenario” NMED Exhibit 136. EIB 25-23: In the Matter of Proposed Adoption of
A35: 20.2.92 NMAC – Clean Transportation Fuel Program. November 7, 2025. https://www.env.nm.gov/opf/wp-content/uploads/sites/13/2025/11/NMED-R135-137.pdf#page=57

Sheet (B) EDU_EVs
A1: Statewide Grid Average sheet - For information and viewing only
A2: Shows the number of EVs on the road from Atlas Public Policy, EvaluateNM (Kumar 2026)1
A4: Atlas EDU Name | B4: EIA EDU Name | C4: EV Original Registrations | D4: EVs on the Road | E4: LDVs on the Road | F4: EV Share of LDVs on the Road
A5: Central New Mexico El Coop, Inc | B5: Central New Mexico El Coop, Inc | C5: 65 | D5: 65 | E5: 17164 | F5: 0.003786996
A6: Central Valley Elec Coop, Inc | B6: Central Valley Elec Coop, Inc | C6: 1 | D6: 1 | E6: 1186 | F6: 0.00084317032
A7: City of Farmington - (NM) | B7: City of Farmington | C7: 341 | D7: 300 | E7: 57835 | F7: 0.0051871704
A8: Continental Divide El Coop Inc | B8: Continental Divide El Coop Inc | C8: 280 | D8: 256 | E8: 87251 | F8: 0.0029340638
A9: El Paso Electric Co | B9: El Paso Electric | C9: 3286 | D9: 2747 | E9: 354734 | F9: 0.0077438306
A10: Farmers Electric Coop, Inc - (NM) | B10: Farmers Electric Coop, Inc - (NM) | C10: 11 | D10: 13 | E10: 4795 | F10: 0.0027111575
A11: Jemez Mountains Elec Coop, Inc | B11: Jemez Mountains Elec Coop, Inc | C11: 1029 | D11: 985 | E11: 122085 | F11: 0.0080681492
A12: Kit Carson Electric Coop, Inc | B12: ='(E) EDU_CIs'!A12 -> Kit Carson Electric Cooperative | C12: 498 | D12: 475 | E12: 49542 | F12: 0.0095878245
A13: Lea County Electric Coop, Inc - (NM) | B13: Lea County Electric Coop, Inc - (NM) | E13: 135
A14: Los Alamos County | B14: Los Alamos County | C14: 215 | D14: 187 | E14: 6164 | F14: 0.030337443
A15: Navopache Electric Coop, Inc | B15: Navopache Electric Cooperative | C15: 10 | D15: 10 | E15: 3799 | F15: 0.0026322717
A16: Otero County Electric Coop Inc | B16: Otero County Electric Coop Inc | C16: 54 | D16: 52 | E16: 11447 | F16: 0.0045426749
A17: Public Service Co of NM | B17: Public Service Co of NM | C17: 24056 | D17: 21186 | E17: 1196645 | F17: 0.017704499
A18: Rio Grande Electric Coop, Inc | B18: Rio Grande Electric Cooperative | E18: 26
A19: Roosevelt County Elec Coop Inc | B19: Roosevelt County Elec Coop Inc | C19: 3 | D19: 2 | E19: 494 | F19: 0.004048583
A20: Southwestern Electric Coop Inc - (NM) | B20: Southwestern Electric Coop Inc - (NM) | C20: 37 | D20: 31 | E20: 11138 | F20: 0.0027832645
A21: Southwestern Public Service Co | B21: Xcel Energy | C21: 1171 | D21: 967 | E21: 286962 | F21: 0.0033697842
A22: Springer Electric Coop, Inc | B22: Springer Electric Coop, Inc | C22: 22 | D22: 22 | E22: 7353 | F22: 0.0029919761
A23: Navajo Tribal Utility Authority | B23: Navajo Tribal Utility Authority2 | C23: 55 | D23: 56 | E23: 44712 | F23: 0.0012524602
A24: Out of State or Unknown | B24: Out of State or Unknown3 | C24: 18 | D24: 6 | E24: 225 | F24: 0.026666667
A26: 1Kumar, Higmanshu. “EValuateNM: Vehicle Deep Dive, Utility View.” Atlas Public Policy (blog). Snapshot on July 1, 2026. https://atlaspolicy.com/evaluatenm/. Queried July 17, 2026.
A27: 2No well-to-wheel carbon intensity calculated for the Navajo Tribal Utility Authority because it is outside the jurisdiction of the CTFP.
A28: 3No well-to-wheel carbon intensity calculated for "Out of state or unknown" due to lack of specificity.

Sheet (C) Res%
A1: Scenario | B1: Residential Charging Share | C1: Source/Documentation
A2: Low (California) | B2: =ROUND(R10,2) -> 0.52 | C2: California Air Resources Board. “quarterly summary_Q42025.” Spreadsheet. July 2026. https://ww2.arb.ca.gov/resources/documents/low-carbon-fuel-standard-reporting-tool-quarterly-summaries.
A3: Medium (Oregon) | B3: =ROUND(R13,2) -> 0.64 | C3: Oregon Department of Environmental Quality. “Quarter 4 Spreadsheet.” Spreadsheet. https://www.oregon.gov/deq/ghgp/Documents/cfpQ42025.xlsx.
A4: High (Washington) | B4: =ROUND(R16,2) -> 0.71 | C4: Washington Department of Ecology. "CFS Quarterly Summary_Q42025.xlsx." Clean Fuel Standard Data and Reports. May 20, 2026. https://www.ezview.wa.gov/Portals/_1962/Documents/clean-fuel-data/CFSquarterlysummary_Q42025.xlsx.
A7: State | B7: Metric | C7: 2011 | D7: =C7+1 -> 2012 | E7: =D7+1 -> 2013 | F7: =E7+1 -> 2014 | G7: =F7+1 -> 2015 | H7: =G7+1 -> 2016 | I7: =H7+1 -> 2017 | J7: =I7+1 -> 2018 | K7: =J7+1 -> 2019 | ... Q7: =P7+1 -> 2025 | R7: 2023-2025
A8: CA | B8: kWh, Tot | C8: =SUMIF('(C.1) CA_Res%'!$C$2:$BJ$2,'(C) Res%'!C$7,'(C.1) CA_Res%'!$C$106:$BJ$106) -> 374697 | D8: =SUMIF('(C.1) CA_Res%'!$C$2:$BJ$2,'(C) Res%'!D$7,'(C.1) CA_Res%'!$C$106:$BJ$106) -> 1315470 | E8: =SUMIF('(C.1) CA_Res%'!$C$2:$BJ$2,'(C) Res%'!E$7,'(C.1) CA_Res%'!$C$106:$BJ$106) -> 3599886 | F8: =SUMIF('(C.1) CA_Res%'!$C$2:$BJ$2,'(C) Res%'!F$7,'(C.1) CA_Res%'!$C$106:$BJ$106) -> 8452668 | G8: =SUMIF('(C.1) CA_Res%'!$C$2:$BJ$2,'(C) Res%'!G$7,'(C.1) CA_Res%'!$C$106:$BJ$106) -> 12975826 | H8: =SUMIF('(C.1) CA_Res%'!$C$2:$BJ$2,'(C) Res%'!H$7,'(C.1) CA_Res%'!$C$106:$BJ$106) -> 60213890 | I8: =SUMIF('(C.1) CA_Res%'!$C$2:$BJ$2,'(C) Res%'!I$7,'(C.1) CA_Res%'!$C$106:$BJ$106) -> 75181204 | J8: =SUMIF('(C.1) CA_Res%'!$C$2:$BJ$2,'(C) Res%'!J$7,'(C.1) CA_Res%'!$C$106:$BJ$106) -> 109004857 | ... Q8: =SUMIF('(C.1) CA_Res%'!$C$2:$BJ$2,'(C) Res%'!Q$7,'(C.1) CA_Res%'!$C$106:$BJ$106) -> 380675063 | R8: =SUM(O8:Q8) -> 9.7263269e+08
A9: CA | B9: kWh, Res | C9: =SUMIF('(C.1) CA_Res%'!$C$2:$BJ$2,'(C) Res%'!C$7,'(C.1) CA_Res%'!$C$95:$BJ$95) -> 0 | D9: =SUMIF('(C.1) CA_Res%'!$C$2:$BJ$2,'(C) Res%'!D$7,'(C.1) CA_Res%'!$C$95:$BJ$95) -> 0 | E9: =SUMIF('(C.1) CA_Res%'!$C$2:$BJ$2,'(C) Res%'!E$7,'(C.1) CA_Res%'!$C$95:$BJ$95) -> 0 | F9: =SUMIF('(C.1) CA_Res%'!$C$2:$BJ$2,'(C) Res%'!F$7,'(C.1) CA_Res%'!$C$95:$BJ$95) -> 0 | G9: =SUMIF('(C.1) CA_Res%'!$C$2:$BJ$2,'(C) Res%'!G$7,'(C.1) CA_Res%'!$C$95:$BJ$95) -> 0 | H9: =SUMIF('(C.1) CA_Res%'!$C$2:$BJ$2,'(C) Res%'!H$7,'(C.1) CA_Res%'!$C$95:$BJ$95) -> 0 | I9: =SUMIF('(C.1) CA_Res%'!$C$2:$BJ$2,'(C) Res%'!I$7,'(C.1) CA_Res%'!$C$95:$BJ$95) -> 0 | J9: =SUMIF('(C.1) CA_Res%'!$C$2:$BJ$2,'(C) Res%'!J$7,'(C.1) CA_Res%'!$C$95:$BJ$95) -> 0 | ... Q9: =SUMIF('(C.1) CA_Res%'!$C$2:$BJ$2,'(C) Res%'!Q$7,'(C.1) CA_Res%'!$C$95:$BJ$95) -> 208831206 | R9: =SUM(O9:Q9) -> 5.105475e+08
A10: CA | B10: Res% | C10: =IF(C8=0,"",C9/C8) -> 0 | D10: =IF(D8=0,"",D9/D8) -> 0 | E10: =IF(E8=0,"",E9/E8) -> 0 | F10: =IF(F8=0,"",F9/F8) -> 0 | G10: =IF(G8=0,"",G9/G8) -> 0 | H10: =IF(H8=0,"",H9/H8) -> 0 | I10: =IF(I8=0,"",I9/I8) -> 0 | J10: =IF(J8=0,"",J9/J8) -> 0 | ... R10: =IF(R8=0,"",R9/R8) -> 0.52491296
A11: OR | B11: GGE, Tot | C11: =SUMIF('(C.2) OR_Res%'!$C$3:$AP$3,'(C) Res%'!C$7,'(C.2) OR_Res%'!$C$79:$AP$79) -> 0 | D11: =SUMIF('(C.2) OR_Res%'!$C$3:$AP$3,'(C) Res%'!D$7,'(C.2) OR_Res%'!$C$79:$AP$79) -> 0 | E11: =SUMIF('(C.2) OR_Res%'!$C$3:$AP$3,'(C) Res%'!E$7,'(C.2) OR_Res%'!$C$79:$AP$79) -> 0 | F11: =SUMIF('(C.2) OR_Res%'!$C$3:$AP$3,'(C) Res%'!F$7,'(C.2) OR_Res%'!$C$79:$AP$79) -> 0 | G11: =SUMIF('(C.2) OR_Res%'!$C$3:$AP$3,'(C) Res%'!G$7,'(C.2) OR_Res%'!$C$79:$AP$79) -> 0 | H11: =SUMIF('(C.2) OR_Res%'!$C$3:$AP$3,'(C) Res%'!H$7,'(C.2) OR_Res%'!$C$79:$AP$79) -> 1259742.5 | I11: =SUMIF('(C.2) OR_Res%'!$C$3:$AP$3,'(C) Res%'!I$7,'(C.2) OR_Res%'!$C$79:$AP$79) -> 1561576.4 | J11: =SUMIF('(C.2) OR_Res%'!$C$3:$AP$3,'(C) Res%'!J$7,'(C.2) OR_Res%'!$C$79:$AP$79) -> 3854297.5 | ... Q11: =SUMIF('(C.2) OR_Res%'!$C$3:$AP$3,'(C) Res%'!Q$7,'(C.2) OR_Res%'!$C$79:$AP$79) -> 17781649 | R11: =SUM(O11:Q11) -> 44690510
A12: OR | B12: GGE, Res | C12: =SUMIF('(C.2) OR_Res%'!$C$3:$AP$3,'(C) Res%'!C$7,'(C.2) OR_Res%'!$C$78:$AP$78) -> 0 | D12: =SUMIF('(C.2) OR_Res%'!$C$3:$AP$3,'(C) Res%'!D$7,'(C.2) OR_Res%'!$C$78:$AP$78) -> 0 | E12: =SUMIF('(C.2) OR_Res%'!$C$3:$AP$3,'(C) Res%'!E$7,'(C.2) OR_Res%'!$C$78:$AP$78) -> 0 | F12: =SUMIF('(C.2) OR_Res%'!$C$3:$AP$3,'(C) Res%'!F$7,'(C.2) OR_Res%'!$C$78:$AP$78) -> 0 | G12: =SUMIF('(C.2) OR_Res%'!$C$3:$AP$3,'(C) Res%'!G$7,'(C.2) OR_Res%'!$C$78:$AP$78) -> 0 | H12: =SUMIF('(C.2) OR_Res%'!$C$3:$AP$3,'(C) Res%'!H$7,'(C.2) OR_Res%'!$C$78:$AP$78) -> 1212587.5 | I12: =SUMIF('(C.2) OR_Res%'!$C$3:$AP$3,'(C) Res%'!I$7,'(C.2) OR_Res%'!$C$78:$AP$78) -> 1482026.4 | J12: =SUMIF('(C.2) OR_Res%'!$C$3:$AP$3,'(C) Res%'!J$7,'(C.2) OR_Res%'!$C$78:$AP$78) -> 2002723.5 | ... Q12: =SUMIF('(C.2) OR_Res%'!$C$3:$AP$3,'(C) Res%'!Q$7,'(C.2) OR_Res%'!$C$78:$AP$78) -> 11695378 | R12: =SUM(O12:Q12) -> 28786114
A13: OR | B13: Res% | C13: =IF(C11=0,"",C12/C11) | D13: =IF(D11=0,"",D12/D11) | E13: =IF(E11=0,"",E12/E11) | F13: =IF(F11=0,"",F12/F11) | G13: =IF(G11=0,"",G12/G11) | H13: =IF(H11=0,"",H12/H11) -> 0.96256775 | I13: =IF(I11=0,"",I12/I11) -> 0.94905789 | J13: =IF(J11=0,"",J12/J11) -> 0.51960792 | ... R13: =IF(R11=0,"",R12/R11) -> 0.6441214
A14: WA | B14: kWh, Tot | C14: =SUMIF('(C.3) WA_Res%'!$C$2:N$2,'(C) Res%'!C$7,'(C.3) WA_Res%'!$C$86:$N$86) -> 0 | D14: =SUMIF('(C.3) WA_Res%'!$C$2:O$2,'(C) Res%'!D$7,'(C.3) WA_Res%'!$C$86:$N$86) -> 0 | E14: =SUMIF('(C.3) WA_Res%'!$C$2:P$2,'(C) Res%'!E$7,'(C.3) WA_Res%'!$C$86:$N$86) -> 0 | F14: =SUMIF('(C.3) WA_Res%'!$C$2:Q$2,'(C) Res%'!F$7,'(C.3) WA_Res%'!$C$86:$N$86) -> 0 | G14: =SUMIF('(C.3) WA_Res%'!$C$2:R$2,'(C) Res%'!G$7,'(C.3) WA_Res%'!$C$86:$N$86) -> 0 | H14: =SUMIF('(C.3) WA_Res%'!$C$2:S$2,'(C) Res%'!H$7,'(C.3) WA_Res%'!$C$86:$N$86) -> 0 | I14: =SUMIF('(C.3) WA_Res%'!$C$2:T$2,'(C) Res%'!I$7,'(C.3) WA_Res%'!$C$86:$N$86) -> 0 | J14: =SUMIF('(C.3) WA_Res%'!$C$2:U$2,'(C) Res%'!J$7,'(C.3) WA_Res%'!$C$86:$N$86) -> 0 | ... Q14: =SUMIF('(C.3) WA_Res%'!$C$2:AB$2,'(C) Res%'!Q$7,'(C.3) WA_Res%'!$C$86:$N$86) -> 1.0718705e+09 | R14: =SUM(O14:Q14) -> 2.6710334e+09
A15: WA | B15: kWh, Res | C15: =SUMIF('(C.3) WA_Res%'!$C$2:$BJ$2,'(C) Res%'!C$7,'(C.3) WA_Res%'!$C$87:$BJ$87) -> 0 | D15: =SUMIF('(C.3) WA_Res%'!$C$2:$BJ$2,'(C) Res%'!D$7,'(C.3) WA_Res%'!$C$87:$BJ$87) -> 0 | E15: =SUMIF('(C.3) WA_Res%'!$C$2:$BJ$2,'(C) Res%'!E$7,'(C.3) WA_Res%'!$C$87:$BJ$87) -> 0 | F15: =SUMIF('(C.3) WA_Res%'!$C$2:$BJ$2,'(C) Res%'!F$7,'(C.3) WA_Res%'!$C$87:$BJ$87) -> 0 | G15: =SUMIF('(C.3) WA_Res%'!$C$2:$BJ$2,'(C) Res%'!G$7,'(C.3) WA_Res%'!$C$87:$BJ$87) -> 0 | H15: =SUMIF('(C.3) WA_Res%'!$C$2:$BJ$2,'(C) Res%'!H$7,'(C.3) WA_Res%'!$C$87:$BJ$87) -> 0 | I15: =SUMIF('(C.3) WA_Res%'!$C$2:$BJ$2,'(C) Res%'!I$7,'(C.3) WA_Res%'!$C$87:$BJ$87) -> 0 | J15: =SUMIF('(C.3) WA_Res%'!$C$2:$BJ$2,'(C) Res%'!J$7,'(C.3) WA_Res%'!$C$87:$BJ$87) -> 0 | ... Q15: =SUMIF('(C.3) WA_Res%'!$C$2:$BJ$2,'(C) Res%'!Q$7,'(C.3) WA_Res%'!$C$87:$BJ$87) -> 7.8064742e+08 | R15: =SUM(O15:Q15) -> 1.9089832e+09
A16: WA | B16: Res% | C16: =IF(C14=0,"",C15/C14) | D16: =IF(D14=0,"",D15/D14) | E16: =IF(E14=0,"",E15/E14) | F16: =IF(F14=0,"",F15/F14) | G16: =IF(G14=0,"",G15/G14) | H16: =IF(H14=0,"",H15/H14) | I16: =IF(I14=0,"",I15/I14) | J16: =IF(J14=0,"",J15/J14) | ... R16: =IF(R14=0,"",R15/R14) -> 0.71469836
A17: Note: For Washington, data for electricity from Non-metered Residential EV Charging during Q3-Q4 2025 is partial and will be updated in a future quarterly data summary.

Sheet (D) CI Standard
B1: CI Standard sheet - For information and viewing only
B2: Shows the carbon intensity (CI) standard by year used for Calculator sheet credit calculations.
B4: Year | C4: Gasoline | D4: Diesel
B5: 2026 | C5: 93.89 | D5: 93.81
B6: 2027 | C6: 92.45 | D6: 92.38
B7: 2028 | C7: 89.87 | D7: 89.8
B8: 2029 | C8: 85.09 | D8: 85.02
B9: 2030 | C9: 76.49 | D9: 76.42
B10: 2031 | C10: 75.53 | D10: 75.47
B11: 2032 | C11: 74.58 | D11: 74.51
B12: 2033 | C12: 73.62 | D12: 73.56
B13: 2034 | C13: 72.66 | D13: 72.6
B14: 2035 | C14: 71.71 | D14: 71.65
B15: 2036 | C15: 70.75 | D15: 70.69
B16: 2037 | C16: 69.8 | D16: 69.74
... B18: 2039 | C18: 67.88 | D18: 67.83
B19: 2040 and subsequent years | C19: 66.93 | D19: 66.87

Sheet (E) EDU_CIs
A1: EDU CI Values sheet - For information and viewing only
A2: Shows published, assigned and calculated well-to-wheel (WTW) carbon intensity (CI) values for New Mexico electricity distribution utilities (EDUs), calculated by NMED.
A4: EDU Name | B4: WTW CI (gCO2e/MJ)1 | C4: Type | E4: EDU Name | F4: EDU Type | G4: CI Data Source | H4: WTW CI (gCO2e/MJ)1
A5: El Paso Electric | B5: 80.2 | C5: =IF(COUNTIF('(E) EDU_CIs'!$E$5:$E$20,A5)=1,"Published","Assigned") -> Published | E5: PNM Resources | F5: Investor-Owned Utility | G5: Self-reported + AZNM eGRID | H5: 51.7
A6: City of Truth or Consequences Electric Division | B6: 106.8 | C6: =IF(COUNTIF('(E) EDU_CIs'!$E$5:$E$20,A6)=1,"Published","Assigned") -> Published | E6: El Paso Electric | F6: Investor-Owned Utility | G6: Self-reported + AZNM eGRID | H6: 80.2
A7: City of Aztec | B7: 106.8 | C7: =IF(COUNTIF('(E) EDU_CIs'!$E$5:$E$20,A7)=1,"Published","Assigned") -> Published | E7: City of Truth or Consequences Electric Division | F7: Municipal | G7: AZNM eGRID | H7: 106.8
A8: City of Farmington | B8: 106.8 | C8: =IF(COUNTIF('(E) EDU_CIs'!$E$5:$E$20,A8)=1,"Published","Assigned") -> Published | E8: City of Aztec | F8: Municipal | G8: AZNM eGRID | H8: 106.8
A9: City of Gallup | B9: 106.8 | C9: =IF(COUNTIF('(E) EDU_CIs'!$E$5:$E$20,A9)=1,"Published","Assigned") -> Published | E9: City of Farmington | F9: Municipal | G9: AZNM eGRID | H9: 106.8
A10: City of Raton | B10: 106.8 | C10: =IF(COUNTIF('(E) EDU_CIs'!$E$5:$E$20,A10)=1,"Published","Assigned") -> Published | E10: City of Gallup | F10: Municipal | G10: AZNM eGRID | H10: 106.8
A11: City of Springer | B11: 106.8 | C11: =IF(COUNTIF('(E) EDU_CIs'!$E$5:$E$20,A11)=1,"Published","Assigned") -> Published | E11: City of Raton | F11: Municipal | G11: AZNM eGRID | H11: 106.8
A12: Kit Carson Electric Cooperative | B12: 106.8 | C12: =IF(COUNTIF('(E) EDU_CIs'!$E$5:$E$20,A12)=1,"Published","Assigned") -> Published | E12: City of Springer | F12: Municipal | G12: AZNM eGRID | H12: 106.8
A13: Rio Grande Electric Cooperative | B13: 106.8 | C13: =IF(COUNTIF('(E) EDU_CIs'!$E$5:$E$20,A13)=1,"Published","Assigned") -> Published | E13: Kit Carson Electric Cooperative | F13: Electric Cooperative | G13: AZNM eGRID | H13: 106.8
A14: Duncan Valley Electric Cooperative | B14: 106.8 | C14: =IF(COUNTIF('(E) EDU_CIs'!$E$5:$E$20,A14)=1,"Published","Assigned") -> Published | E14: Rio Grande Electric Cooperative | F14: Electric Cooperative | G14: AZNM eGRID | H14: 106.8
A15: Los Alamos Dept. of Public Utilities (LADPU) | B15: 117.5 | C15: =IF(COUNTIF('(E) EDU_CIs'!$E$5:$E$20,A15)=1,"Published","Assigned") -> Published | E15: Duncan Valley Electric Cooperative | F15: Electric Cooperative | G15: AZNM eGRID | H15: 106.8
A16: Xcel Energy | B16: 114.3 | C16: =IF(COUNTIF('(E) EDU_CIs'!$E$5:$E$20,A16)=1,"Published","Assigned") -> Published | E16: Los Alamos Dept. of Public Utilities (LADPU) | F16: Municipal | G16: Self-reported + AZNM eGRID | H16: 117.5
... A20: Central New Mexico El Coop, Inc | B20: 113.6 | C20: =IF(COUNTIF('(E) EDU_CIs'!$E$5:$E$20,A20)=1,"Published","Assigned") -> Assigned | E20: Navopache Electric Cooperative | F20: Electric Cooperative | G20: Tucson Electric Power | H20: 181.6
A21: Central Valley Elec Coop, Inc | B21: 112.2 | C21: =IF(COUNTIF('(E) EDU_CIs'!$E$5:$E$20,A21)=1,"Published","Assigned") -> Assigned
A22: Continental Divide El Coop Inc | B22: 113.6 | C22: =IF(COUNTIF('(E) EDU_CIs'!$E$5:$E$20,A22)=1,"Published","Assigned") -> Assigned | E22: Source: NM CTFP Electricity Distribution Utility Carbon Intensity Calculations, NMED, June 2026.
A23: Farmers Electric Coop, Inc - (NM) | B23: 112.2 | C23: =IF(COUNTIF('(E) EDU_CIs'!$E$5:$E$20,A23)=1,"Published","Assigned") -> Assigned | E23: Values are 2025 WTW CI in gCO2e/MJ. Member coops of Tri-State G&T and Western Farmers use the respective wholesale supplier CI.
A24: City of Farmington - (NM) | B24: 106.8 | C24: =IF(COUNTIF('(E) EDU_CIs'!$E$5:$E$20,A24)=1,"Published","Assigned") -> Assigned | E24: 1 gCO2e/MJ = Grams of carbon dioxide equivalent lifecycle (well-to-wheel) greenhouse gas emissions per megajoule of useful energy consumed in a motor vehicle
A25: Jemez Mountains Elec Coop, Inc | B25: 113.6 | C25: =IF(COUNTIF('(E) EDU_CIs'!$E$5:$E$20,A25)=1,"Published","Assigned") -> Assigned
A26: Kit Carson Electric Coop, Inc | B26: 106.8 | C26: =IF(COUNTIF('(E) EDU_CIs'!$E$5:$E$20,A26)=1,"Published","Assigned") -> Assigned
A27: Lea County Electric Coop, Inc - (NM) | B27: 112.2 | C27: =IF(COUNTIF('(E) EDU_CIs'!$E$5:$E$20,A27)=1,"Published","Assigned") -> Assigned
A28: Los Alamos County | B28: 117.5 | C28: =IF(COUNTIF('(E) EDU_CIs'!$E$5:$E$20,A28)=1,"Published","Assigned") -> Assigned
A29: Otero County Electric Coop Inc | B29: 113.6 | C29: =IF(COUNTIF('(E) EDU_CIs'!$E$5:$E$20,A29)=1,"Published","Assigned") -> Assigned
A30: Public Service Co of NM | B30: 51.7 | C30: =IF(COUNTIF('(E) EDU_CIs'!$E$5:$E$20,A30)=1,"Published","Assigned") -> Assigned
A31: Southwestern Electric Coop Inc - (NM) | B31: 113.6 | C31: =IF(COUNTIF('(E) EDU_CIs'!$E$5:$E$20,A31)=1,"Published","Assigned") -> Assigned
A32: Springer Electric Coop, Inc | B32: 113.6 | C32: =IF(COUNTIF('(E) EDU_CIs'!$E$5:$E$20,A32)=1,"Published","Assigned") -> Assigned
A33: Roosevelt County Elec Coop Inc | B33: 112.2 | C33: =IF(COUNTIF('(E) EDU_CIs'!$E$5:$E$20,A33)=1,"Published","Assigned") -> Assigned
A34: Statewide | B34: {=SUMPRODUCT(_xlfn._xlws.FILTER(EDU_CI_values,IF(COUNTIF(EDU_EV_names,EDU_CI_names)=1,1,0)>0,""),_xlfn.SORTBY(EDU_EV_values,MATCH(EDU_EV_names,EDU_CI_names,0),1))/SUM(EDU_EV_values)} -> 62.08275 | C34: Calculated

Sheet (F) StatewideChange
B1: StatewideChange sheet - For information and viewing only
B2: Shows the carbon intensity of electricity dispensed from EV chargers when Statewide changeaverage selected in cell B17 of Calculator sheet.
B4: Year | C4: CI
B5: 2026 | C5: 62.32
B6: 2027 | C6: 61.25
B7: 2028 | C7: 60.47
B8: 2029 | C8: 58.89
B9: 2030 | C9: 48.88
B10: 2031 | C10: 34.54
B11: 2032 | C11: 24.38
B12: 2033 | C12: 22.7
B13: 2034 | C13: 22.38
B14: 2035 | C14: 19.85
B15: 2036 | C15: 18.51
B16: 2037 | C16: 16.76
... B18: 2039 | C18: 17.18
B19: 2040 and subsequent years | C19: 14.44
B21: For Rebuttal Sensitivity Analysis: Berkeley Research Group, LLC. “Fuel and Credit Market Model: ZEV Policy Rollback Scenario” NMED Exhibit 136.
B22: EIB 25-23: In the Matter of Proposed Adoption of 20.2.92 NMAC – Clean Transportation Fuel Program. November 7, 2025.
B23: https://www.env.nm.gov/opf/wp-content/uploads/sites/13/2025/11/NMED-R135-137.pdf#page=32
B25: Matches projections from Benefit-Cost Analysis: Berkeley Research Group, LLC. “Fuel and Credit Market Model.” NMED Exhibit 79.
B26: EIB 25-23: In the Matter of Proposed Adoption of 20.2.92 NMAC – Clean Transportation Fuel Program. September 2, 2025.
B27: https://cloud.env.nm.gov/resources/_translator.php/NzA3NTEwYzYzY2I0NzNhN2JmNDc3NGQ1NV8yMDMxMTU~.pdf#page=379

Sheet (G) Credit Price_nom
B1: Credit Price_nom sheet - For information and viewing only
B2: Credit prices from the Benefit-Cost Analysis and Rebuttal Sensitivity Analysis in nominal $US, used if either option selected in cell B14 of Calculator sheet
B5: Credit Price (nominal) | C5: 2026 | D5: =C5+1 -> 2027 | E5: =D5+1 -> 2028 | F5: =E5+1 -> 2029 | G5: =F5+1 -> 2030 | H5: =G5+1 -> 2031 | I5: =H5+1 -> 2032 | J5: =I5+1 -> 2033 | K5: =J5+1 -> 2034 | ... M5: =L5+1 -> 2036 | N5: 2037 | O5: 2038 | P5: 2039 | Q5: 2040 and subsequent years
B6: Benefit-Cost Analysis | C6: 113.47 | D6: 98.43 | E6: 95.17 | F6: 83.96 | G6: 73.49 | H6: 64.42 | I6: 51.63 | J6: 42.06 | K6: 42.15 | L6: 42.39 | M6: 0 | N6: 0 | O6: 0 | P6: 0 | Q6: 0
B7: Rebuttal Sensitivity Analysis | C7: 91.27 | D7: 69.12 | E7: 65.31 | F7: 47.92 | G7: 122.85 | H7: 106.1 | I7: 89.08 | J7: 73.54 | K7: 75.24 | L7: 77.25 | M7: 78.93 | N7: 80.9 | O7: 82.85 | P7: 84.72 | Q7: 86.64
B9: For Benefit-Cost Analysis (BCA): Berkeley Research Group, LLC. “Fuel and Credit Market Model.” NMED Exhibit 79. EIB 25-23: In the Matter of Proposed Adoption of 20.2.92 NMAC – Clean Transportation
B10: Fuel Program. September 2, 2025. https://cloud.env.nm.gov/resources/_translator.php/NzA3NTEwYzYzY2I0NzNhN2JmNDc3NGQ1NV8yMDMxMTU~.pdf#page=461
B12: For Rebuttal Sensitivity Analysis (RSA): Berkeley Research Group, LLC. “Fuel and Credit Market Model: ZEV Policy Rollback Scenario” NMED Exhibit 136. EIB 25-23: In the Matter of Proposed Adoption of
B13: 20.2.92 NMAC – Clean Transportation Fuel Program. November 7, 2025. https://www.env.nm.gov/opf/wp-content/uploads/sites/13/2025/11/NMED-R135-137.pdf#page=111
B15: Note: Both the Benefits-Cost Analysis (BCA) and the Rebuttal Sensitivity Analysis (RSA) use the Fuel Credit Markets Model (FCMM). The FCMM projects all prices in real $US 2024.
B16: The FCMM then calculates nominal credit prices by converting the real $US 2024 prices using the Federal Reserve Bank of Philadelphia. "Fourth Quarter 2024 Survey of Professional Forecasters."
B17: https://www.philadelphiafed.org/surveys-and-data/real-time-data-research/spf-q4-2024
B19: Year | C19: BCA 2024 | D19: RSA 2024 | E19: BCA nom | F19: RSA nom
B20: 2026 | C20: 111.93 | D20: 87.558207 | E20: 119.59241 | F20: 91.274265
B21: =B20+1 -> 2027 | C21: 96.92 | D21: 64.946657 | E21: 105.729 | F21: 69.124822
B22: =B21+1 -> 2028 | C22: 93.7 | D22: 60.104488 | E22: 104.36907 | F22: 65.31454
B23: =B22+1 -> 2029 | C23: 82.47 | D23: 43.187236 | E23: 93.789721 | F23: 47.916393
B24: =B23+1 -> 2030 | C24: 71.99 | D24: 108.44477 | E24: 83.585853 | F24: 122.84658
B25: =B24+1 -> 2031 | C25: 60.9 | D25: 91.734694 | E25: 72.191075 | F25: 106.09962
B26: =B25+1 -> 2032 | C26: 50.08 | D26: 75.434713 | E26: 60.610361 | F26: 89.079378
B27: =B26+1 -> 2033 | C27: 40.49 | D27: 60.994744 | E27: 50.03729 | F27: 73.540078
B28: =B27+1 -> 2034 | C28: 40.57 | D28: 61.119235 | E28: 51.192345 | F28: 75.237668
B29: =B28+1 -> 2035 | C29: 40.8 | D29: 61.460406 | E29: 52.559144 | F29: 77.246461
B30: =B29+1 -> 2036 | C30: 0 | D30: 61.510511 | E30: 0 | F30: 78.932933
B31: 2037 | C31: 0 | D31: 61.746143 | E31: 0 | F31: 80.899248
B32: 2038 | C32: 0 | D32: 61.932817 | E32: 0 | F32: 82.847847
B33: 2039 | C33: 0 | D33: 62.028772 | E33: 0 | F33: 84.718706
B34: 2040 and subsequent years | C34: 0 | D34: 62.12989 | E34: 0 | F34: 86.638805

Sheet (H) Inflation
B1: Inflation sheet - For information and viewing only
B2: Inflation factors used to adjust prices from $US nominal to $US real based upon the factor selected in cell B16 of the Calculator sheet (none if "nominal" selected)
B4: Yearly inflation rates | C4: 2025 | D4: 2026 | E4: 2027 | F4: 2028 | G4: 2029 | H4: 2030 | I4: 2031 | J4: =I4+1 -> 2032 | K4: =J4+1 -> 2033 | L4: =K4+1 -> 2034 | M4: =L4+1 -> 2035 | N4: =M4+1 -> 2036 | O4: 2037–2040
B5: Personal Consumption Expenditures | C5: 2.6 | D5: 2.7 | E5: 2.4 | F5: 2.2 | G5: 2.1 | H5: =$O5 -> 2 | I5: =$O5 -> 2 | J5: =$O5 -> 2 | K5: =$O5 -> 2 | L5: =$O5 -> 2 | M5: =$O5 -> 2 | N5: =$O5 -> 2 | O5: 2
B6: Personal Consumption Expenditures (core) | C6: 2.8 | D6: 2.9 | E6: 2.4 | F6: 2.2 | G6: 2.1 | H6: =$O6 -> 2 | I6: =$O6 -> 2 | J6: =$O6 -> 2 | K6: =$O6 -> 2 | L6: =$O6 -> 2 | M6: =$O6 -> 2 | N6: =$O6 -> 2 | O6: 2
B7: Consumer Price Index | C7: 2.8 | D7: 2.9 | E7: 2.5 | F7: 2.4 | G7: 2.3 | H7: =$O7 -> 2.3 | I7: =$O7 -> 2.3 | J7: =$O7 -> 2.3 | K7: =$O7 -> 2.3 | L7: =$O7 -> 2.3 | M7: =$O7 -> 2.3 | N7: =$O7 -> 2.3 | O7: 2.3
B8: Consumer Price Index (core) | C8: 3 | D8: 3.1 | E8: 2.6 | F8: 2.4 | G8: 2.3 | H8: =$O8 -> 2.3 | I8: =$O8 -> 2.3 | J8: =$O8 -> 2.3 | K8: =$O8 -> 2.3 | L8: =$O8 -> 2.3 | M8: =$O8 -> 2.3 | N8: =$O8 -> 2.3 | O8: 2.3
B9: Gross Domestic Product | C9: 2.7 | D9: 2.7 | E9: 2.4 | F9: 2.2 | G9: 2.1 | H9: =$O9 -> 2 | I9: =$O9 -> 2 | J9: =$O9 -> 2 | K9: =$O9 -> 2 | L9: =$O9 -> 2 | M9: =$O9 -> 2 | N9: =$O9 -> 2 | O9: 2
B11: Annual inflation factors (2024 = 1.000) | C11: 2025 | D11: 2026 | E11: 2027 | F11: 2028 | G11: 2029 | H11: 2030 | I11: 2031 | J11: =I11+1 -> 2032 | K11: =J11+1 -> 2033 | L11: =K11+1 -> 2034 | M11: =L11+1 -> 2035 | N11: =M11+1 -> 2036 | O11: =N11+1 -> 2037 | P11: =O11+1 -> 2038 | Q11: =P11+1 -> 2039 | R11: 2040 and subsequent years
B12: Personal Consumption Expenditures | C12: =1+C5/100 -> 1.026 | D12: =(1+D5/100)*C12 -> 1.053702 | E12: =(1+E5/100)*D12 -> 1.0789908 | F12: =(1+F5/100)*E12 -> 1.1027286 | G12: =(1+G5/100)*F12 -> 1.1258859 | H12: =(1+H5/100)*G12 -> 1.1484037 | I12: =(1+I5/100)*H12 -> 1.1713717 | J12: =(1+J5/100)*I12 -> 1.1947992 | K12: =(1+K5/100)*J12 -> 1.2186952 | ... N12: =(1+N5/100)*M12 -> 1.2932891 | O12: =(1+$O5/100)*N12 -> 1.3191548 | P12: =(1+$O5/100)*O12 -> 1.3455379 | Q12: =(1+$O5/100)*P12 -> 1.3724487 | R12: =(1+$O5/100)*Q12 -> 1.3998977
B13: Personal Consumption Expenditures (core) | C13: =1+C6/100 -> 1.028 | D13: =(1+D6/100)*C13 -> 1.057812 | E13: =(1+E6/100)*D13 -> 1.0831995 | F13: =(1+F6/100)*E13 -> 1.1070299 | G13: =(1+G6/100)*F13 -> 1.1302775 | H13: =(1+H6/100)*G13 -> 1.1528831 | I13: =(1+I6/100)*H13 -> 1.1759407 | J13: =(1+J6/100)*I13 -> 1.1994595 | K13: =(1+K6/100)*J13 -> 1.2234487 | ... N13: =(1+N6/100)*M13 -> 1.2983336 | O13: =(1+$O6/100)*N13 -> 1.3243002 | P13: =(1+$O6/100)*O13 -> 1.3507862 | Q13: =(1+$O6/100)*P13 -> 1.377802 | R13: =(1+$O6/100)*Q13 -> 1.405358
B14: Consumer Price Index | C14: =1+C7/100 -> 1.028 | D14: =(1+D7/100)*C14 -> 1.057812 | E14: =(1+E7/100)*D14 -> 1.0842573 | F14: =(1+F7/100)*E14 -> 1.1102795 | G14: =(1+G7/100)*F14 -> 1.1358159 | H14: =(1+H7/100)*G14 -> 1.1619397 | I14: =(1+I7/100)*H14 -> 1.1886643 | J14: =(1+J7/100)*I14 -> 1.2160036 | K14: =(1+K7/100)*J14 -> 1.2439716 | ... N14: =(1+N7/100)*M14 -> 1.331795 | O14: =(1+$O7/100)*N14 -> 1.3624263 | P14: =(1+$O7/100)*O14 -> 1.3937621 | Q14: =(1+$O7/100)*P14 -> 1.4258186 | R14: =(1+$O7/100)*Q14 -> 1.4586124
B15: Consumer Price Index (core) | C15: =1+C8/100 -> 1.03 | D15: =(1+D8/100)*C15 -> 1.06193 | E15: =(1+E8/100)*D15 -> 1.0895402 | F15: =(1+F8/100)*E15 -> 1.1156891 | G15: =(1+G8/100)*F15 -> 1.14135 | H15: =(1+H8/100)*G15 -> 1.167601 | I15: =(1+I8/100)*H15 -> 1.1944559 | J15: =(1+J8/100)*I15 -> 1.2219284 | K15: =(1+K8/100)*J15 -> 1.2500327 | ... N15: =(1+N8/100)*M15 -> 1.338284 | O15: =(1+$O8/100)*N15 -> 1.3690645 | P15: =(1+$O8/100)*O15 -> 1.400553 | Q15: =(1+$O8/100)*P15 -> 1.4327657 | R15: =(1+$O8/100)*Q15 -> 1.4657193
B16: Gross Domestic Product | C16: =1+C9/100 -> 1.027 | D16: =(1+D9/100)*C16 -> 1.054729 | E16: =(1+E9/100)*D16 -> 1.0800425 | F16: =(1+F9/100)*E16 -> 1.1038034 | G16: =(1+G9/100)*F16 -> 1.1269833 | H16: =(1+H9/100)*G16 -> 1.149523 | I16: =(1+I9/100)*H16 -> 1.1725134 | J16: =(1+J9/100)*I16 -> 1.1959637 | K16: =(1+K9/100)*J16 -> 1.219883 | ... N16: =(1+N9/100)*M16 -> 1.2945496 | O16: =(1+$O9/100)*N16 -> 1.3204406 | P16: =(1+$O9/100)*O16 -> 1.3468494 | Q16: =(1+$O9/100)*P16 -> 1.3737864 | R16: =(1+$O9/100)*Q16 -> 1.4012621
B18: Congressional Budget Office. "The Budget and Economic Outlook: 2026 to 2036." February 2026.
B19: https://www.cbo.gov/system/files/2026-02/61882-Outlook-2026.pdf#page=163

Sheet (I) OptionLists
A1: Options sheet - For information and viewing only
A2: Lists the available options for Cells B16, B17, and B20 for single year and multi-year selections, respectively
A4: PricesSingle | B4: PricesMulti | C4: 2026 CI | D4: Annual CI change | E4: OEM participation | F4: Residential percent | G4: EV fuel use growth
A5: Benefit-Cost Analysis | B5: Benefit-Cost Analysis | C5: EDU-based estimate | D5: Statewide change | E5: None - 0% | F5: ='(C) Res%'!A2&" - "&TEXT('(C) Res%'!B2,"0%") -> Low (California) - 52% | G5: Benefit-Cost Analysis
A6: Rebuttal Sensitivity Analysis | B6: Rebuttal Sensitivity Analysis | C6: Statewide grid average | D6: Zero-carbon by 2040 | E6: Half - 50% | F6: ='(C) Res%'!A3&" - "&TEXT('(C) Res%'!B3,"0%") -> Medium (Oregon) - 64% | G6: Rebuttal Sensitivity Analysis
A7: Manual (Single price) | B7: Manual (Single price) | C7: Manual (Single CI) | D7: Manual percentage | E7: Full - 100% | F7: ='(C) Res%'!A4&" - "&TEXT('(C) Res%'!B4,"0%") -> High (Washington) - 71% | G7: Manual (Single annual % change)
B8: Manual (Different annual prices) | C8: Manual (Different annual CIs) | D8: Flat | E8: Manual | F8: Manual | G8: Manual (Different annual % changes)
D9: If a manual option is selected, populate the corresponding orange-shaded cells

Sheet (A.1) ElectricityProj_GGE
A1: Capacity and use sheet - For information and viewing only
A2: Shows estimated electricity use from the Benefits-Cost Analysis and Rebuttal Sensitivity Analysis, in gallons of gasoline equivalent.
B4: Benefits-Cost Analysis | G4: Rebuttal Sensitivity Analysis
A5: Year | B5: GGE_GasStandard | C5: GGE_DieselStandard | D5: GGE_Total | F5: Year | G5: GGE_GasStandard | H5: GGE_DieselStandard | I5: GGE_Total
A6: 2020 | B6: 182120 | C6: 0 | D6: =B6+C6 -> 182120 | F6: 2020 | G6: 182120 | H6: 0 | I6: =G6+H6 -> 182120
A7: =A6+1 -> 2021 | B7: 343215 | C7: 1363 | D7: =B7+C7 -> 344578 | F7: =F6+1 -> 2021 | G7: 343215 | H7: 1363 | I7: =G7+H7 -> 344578
A8: =A7+1 -> 2022 | B8: 672448 | C8: 16895 | D8: =B8+C8 -> 689343 | F8: =F7+1 -> 2022 | G8: 672448 | H8: 16895 | I8: =G8+H8 -> 689343
A9: =A8+1 -> 2023 | B9: 1191782 | C9: 54389 | D9: =B9+C9 -> 1246171 | F9: =F8+1 -> 2023 | G9: 1191782 | H9: 54389 | I9: =G9+H9 -> 1246171
A10: =A9+1 -> 2024 | B10: 1878803 | C10: 162799 | D10: =B10+C10 -> 2041602 | F10: =F9+1 -> 2024 | G10: 1878803 | H10: 162799 | I10: =G10+H10 -> 2041602
A11: =A10+1 -> 2025 | B11: 2602634 | C11: 413583 | D11: =B11+C11 -> 3016217 | F11: =F10+1 -> 2025 | G11: 2602634 | H11: 413583 | I11: =G11+H11 -> 3016217
A12: =A11+1 -> 2026 | B12: 3361613 | C12: 744430 | D12: =B12+C12 -> 4106043 | F12: =F11+1 -> 2026 | G12: 3361613 | H12: 744430 | I12: =G12+H12 -> 4106043
A13: =A12+1 -> 2027 | B13: 8003636 | C13: 1904039 | D13: =B13+C13 -> 9907675 | F13: =F12+1 -> 2027 | G13: 6525378 | H13: 809693 | I13: =G13+H13 -> 7335071
A14: =A13+1 -> 2028 | B14: 15024744 | C14: 3520149 | D14: =B14+C14 -> 18544893 | F14: =F13+1 -> 2028 | G14: 10524714 | H14: 854566 | I14: =G14+H14 -> 11379280
A15: =A14+1 -> 2029 | B15: 23452160 | C15: 5542264 | D15: =B15+C15 -> 28994424 | F15: =F14+1 -> 2029 | G15: 14692549 | H15: 886278 | I15: =G15+H15 -> 15578827
A16: =A15+1 -> 2030 | B16: 32107610 | C16: 7923228 | D16: =B16+C16 -> 40030838 | F16: =F15+1 -> 2030 | G16: 18419690 | H16: 936372 | I16: =G16+H16 -> 19356062
A17: =A16+1 -> 2031 | B17: 43457839 | C17: 11246470 | D17: =B17+C17 -> 54704309 | F17: =F16+1 -> 2031 | G17: 22703038 | H17: 1000967 | I17: =G17+H17 -> 23704005
A18: =A17+1 -> 2032 | B18: 56159102 | C18: 14516494 | D18: =B18+C18 -> 70675596 | F18: =F17+1 -> 2032 | G18: 27408139 | H18: 1066332 | I18: =G18+H18 -> 28474471
... A26: =A25+1 -> 2040 | B26: 145791907 | C26: 42056155 | D26: =B26+C26 -> 187848062 | F26: =F25+1 -> 2040 | G26: 59025300 | H26: 2020710 | I26: =G26+H26 -> 61046010
A28: For Benefit-Cost Analysis (BCA): Berkeley Research Group, LLC. “Fuel and Credit Market Model.” NMED Exhibit 79. EIB 25-23: In the Matter of Proposed Adoption of 20.2.92 NMAC – Clean Transportation
A29: Fuel Program. September 2, 2025. https://cloud.env.nm.gov/resources/_translator.php/NzA3NTEwYzYzY2I0NzNhN2JmNDc3NGQ1NV8yMDMxMTU~.pdf#page=408
A31: For Rebuttal Sensitivity Analysis (RSA): Berkeley Research Group, LLC. “Fuel and Credit Market Model: ZEV Policy Rollback Scenario” NMED Exhibit 136. EIB 25-23: In the Matter of Proposed Adoption of
A32: 20.2.92 NMAC – Clean Transportation Fuel Program. November 7, 2025. https://www.env.nm.gov/opf/wp-content/uploads/sites/13/2025/11/NMED-R135-137.pdf#page=59

Sheet (A.2) ElectricityProj_GJ
A1: Capacity and use sheet - For information and viewing only
A2: Shows estimated electricity use from the Benefits-Cost Analysis and Rebuttal Sensitivity Analysis, in gigajoules (1,000 megajoules)
B4: Benefits-Cost Analysis | G4: Rebuttal Sensitivity Analysis
B5: GJ_GasStandard | C5: GJ_DieselStandard | D5: GJ_Total | G5: GJ_GasStandard | H5: GJ_DieselStandard | I5: GJ_Total
A6: 2020 | B6: ='(A.1) ElectricityProj_GGE'!B6*0.11966 -> 21792.479 | C6: ='(A.1) ElectricityProj_GGE'!C6*0.11966 -> 0 | D6: =B6+C6 -> 21792.479 | F6: 2020 | G6: ='(A.1) ElectricityProj_GGE'!G6*0.11966 -> 21792.479 | H6: ='(A.1) ElectricityProj_GGE'!H6*0.11966 -> 0 | I6: =G6+H6 -> 21792.479
A7: =A6+1 -> 2021 | B7: ='(A.1) ElectricityProj_GGE'!B7*0.11966 -> 41069.107 | C7: ='(A.1) ElectricityProj_GGE'!C7*0.11966 -> 163.09658 | D7: =B7+C7 -> 41232.203 | F7: =F6+1 -> 2021 | G7: ='(A.1) ElectricityProj_GGE'!G7*0.11966 -> 41069.107 | H7: ='(A.1) ElectricityProj_GGE'!H7*0.11966 -> 163.09658 | I7: =G7+H7 -> 41232.203
A8: =A7+1 -> 2022 | B8: ='(A.1) ElectricityProj_GGE'!B8*0.11966 -> 80465.128 | C8: ='(A.1) ElectricityProj_GGE'!C8*0.11966 -> 2021.6557 | D8: =B8+C8 -> 82486.783 | F8: =F7+1 -> 2022 | G8: ='(A.1) ElectricityProj_GGE'!G8*0.11966 -> 80465.128 | H8: ='(A.1) ElectricityProj_GGE'!H8*0.11966 -> 2021.6557 | I8: =G8+H8 -> 82486.783
A9: =A8+1 -> 2023 | B9: ='(A.1) ElectricityProj_GGE'!B9*0.11966 -> 142608.63 | C9: ='(A.1) ElectricityProj_GGE'!C9*0.11966 -> 6508.1877 | D9: =B9+C9 -> 149116.82 | F9: =F8+1 -> 2023 | G9: ='(A.1) ElectricityProj_GGE'!G9*0.11966 -> 142608.63 | H9: ='(A.1) ElectricityProj_GGE'!H9*0.11966 -> 6508.1877 | I9: =G9+H9 -> 149116.82
A10: =A9+1 -> 2024 | B10: ='(A.1) ElectricityProj_GGE'!B10*0.11966 -> 224817.57 | C10: ='(A.1) ElectricityProj_GGE'!C10*0.11966 -> 19480.528 | D10: =B10+C10 -> 244298.1 | F10: =F9+1 -> 2024 | G10: ='(A.1) ElectricityProj_GGE'!G10*0.11966 -> 224817.57 | H10: ='(A.1) ElectricityProj_GGE'!H10*0.11966 -> 19480.528 | I10: =G10+H10 -> 244298.1
A11: =A10+1 -> 2025 | B11: ='(A.1) ElectricityProj_GGE'!B11*0.11966 -> 311431.18 | C11: ='(A.1) ElectricityProj_GGE'!C11*0.11966 -> 49489.342 | D11: =B11+C11 -> 360920.53 | F11: =F10+1 -> 2025 | G11: ='(A.1) ElectricityProj_GGE'!G11*0.11966 -> 311431.18 | H11: ='(A.1) ElectricityProj_GGE'!H11*0.11966 -> 49489.342 | I11: =G11+H11 -> 360920.53
A12: =A11+1 -> 2026 | B12: ='(A.1) ElectricityProj_GGE'!B12*0.11966 -> 402250.61 | C12: ='(A.1) ElectricityProj_GGE'!C12*0.11966 -> 89078.494 | D12: =B12+C12 -> 491329.11 | F12: =F11+1 -> 2026 | G12: ='(A.1) ElectricityProj_GGE'!G12*0.11966 -> 402250.61 | H12: ='(A.1) ElectricityProj_GGE'!H12*0.11966 -> 89078.494 | I12: =G12+H12 -> 491329.11
A13: =A12+1 -> 2027 | B13: ='(A.1) ElectricityProj_GGE'!B13*0.11966 -> 957715.08 | C13: ='(A.1) ElectricityProj_GGE'!C13*0.11966 -> 227837.31 | D13: =B13+C13 -> 1185552.4 | F13: =F12+1 -> 2027 | G13: ='(A.1) ElectricityProj_GGE'!G13*0.11966 -> 780826.73 | H13: ='(A.1) ElectricityProj_GGE'!H13*0.11966 -> 96887.864 | I13: =G13+H13 -> 877714.6
A14: =A13+1 -> 2028 | B14: ='(A.1) ElectricityProj_GGE'!B14*0.11966 -> 1797860.9 | C14: ='(A.1) ElectricityProj_GGE'!C14*0.11966 -> 421221.03 | D14: =B14+C14 -> 2219081.9 | F14: =F13+1 -> 2028 | G14: ='(A.1) ElectricityProj_GGE'!G14*0.11966 -> 1259387.3 | H14: ='(A.1) ElectricityProj_GGE'!H14*0.11966 -> 102257.37 | I14: =G14+H14 -> 1361644.6
A15: =A14+1 -> 2029 | B15: ='(A.1) ElectricityProj_GGE'!B15*0.11966 -> 2806285.5 | C15: ='(A.1) ElectricityProj_GGE'!C15*0.11966 -> 663187.31 | D15: =B15+C15 -> 3469472.8 | F15: =F14+1 -> 2029 | G15: ='(A.1) ElectricityProj_GGE'!G15*0.11966 -> 1758110.4 | H15: ='(A.1) ElectricityProj_GGE'!H15*0.11966 -> 106052.03 | I15: =G15+H15 -> 1864162.4
A16: =A15+1 -> 2030 | B16: ='(A.1) ElectricityProj_GGE'!B16*0.11966 -> 3841996.6 | C16: ='(A.1) ElectricityProj_GGE'!C16*0.11966 -> 948093.46 | D16: =B16+C16 -> 4790090.1 | F16: =F15+1 -> 2030 | G16: ='(A.1) ElectricityProj_GGE'!G16*0.11966 -> 2204100.1 | H16: ='(A.1) ElectricityProj_GGE'!H16*0.11966 -> 112046.27 | I16: =G16+H16 -> 2316146.4
A17: =A16+1 -> 2031 | B17: ='(A.1) ElectricityProj_GGE'!B17*0.11966 -> 5200165 | C17: ='(A.1) ElectricityProj_GGE'!C17*0.11966 -> 1345752.6 | D17: =B17+C17 -> 6545917.6 | F17: =F16+1 -> 2031 | G17: ='(A.1) ElectricityProj_GGE'!G17*0.11966 -> 2716645.5 | H17: ='(A.1) ElectricityProj_GGE'!H17*0.11966 -> 119775.71 | I17: =G17+H17 -> 2836421.2
A18: =A17+1 -> 2032 | B18: ='(A.1) ElectricityProj_GGE'!B18*0.11966 -> 6719998.1 | C18: ='(A.1) ElectricityProj_GGE'!C18*0.11966 -> 1737043.7 | D18: =B18+C18 -> 8457041.8 | F18: =F17+1 -> 2032 | G18: ='(A.1) ElectricityProj_GGE'!G18*0.11966 -> 3279657.9 | H18: ='(A.1) ElectricityProj_GGE'!H18*0.11966 -> 127597.29 | I18: =G18+H18 -> 3407255.2
... A26: =A25+1 -> 2040 | B26: ='(A.1) ElectricityProj_GGE'!B26*0.11966 -> 17445460 | C26: ='(A.1) ElectricityProj_GGE'!C26*0.11966 -> 5032439.5 | D26: =B26+C26 -> 22477899 | F26: =F25+1 -> 2040 | G26: ='(A.1) ElectricityProj_GGE'!G26*0.11966 -> 7062967.4 | H26: ='(A.1) ElectricityProj_GGE'!H26*0.11966 -> 241798.16 | I26: =G26+H26 -> 7304765.6
A28: For Benefit-Cost Analysis (BCA), a 119.66 megajoules per gallon of finished gasoline energy density at assumed ethanol blendwall for finished gasoline.
A29: From: Berkeley Research Group, LLC. “Fuel and Credit Market Model.” NMED Exhibit 79. EIB 25-23: In the Matter of Proposed Adoption of 20.2.92 NMAC – Clean Transportation
A30: Fuel Program. September 2, 2025. https://cloud.env.nm.gov/resources/_translator.php/NzA3NTEwYzYzY2I0NzNhN2JmNDc3NGQ1NV8yMDMxMTU~.pdf#page=445
A32: For Rebuttal Sensitivity Analysis (RSA), there is also a 119.66 megajoules per gallon of finished gasoline energy density at assumed ethanol blendwall for finished gasoline.
A33: From: Berkeley Research Group, LLC. “Fuel and Credit Market Model: ZEV Policy Rollback Scenario” NMED Exhibit 136. EIB 25-23: In the Matter of Proposed Adoption of
A34: 20.2.92 NMAC – Clean Transportation Fuel Program. November 7, 2025. https://www.env.nm.gov/opf/wp-content/uploads/sites/13/2025/11/NMED-R135-137.pdf#page=97

Sheet (C.1) CA_Res%
A1: California Air Resources Board. “quarterly summary_Q42025.” Spreadsheet. July 2026. https://ww2.arb.ca.gov/resources/documents/low-carbon-fuel-standard-reporting-tool-quarterly-summaries.
C2: =VALUE(RIGHT(C3,4)) -> 2011 | D2: =VALUE(RIGHT(D3,4)) -> 2011 | E2: =VALUE(RIGHT(E3,4)) -> 2011 | F2: =VALUE(RIGHT(F3,4)) -> 2011 | G2: =VALUE(RIGHT(G3,4)) -> 2012 | H2: =VALUE(RIGHT(H3,4)) -> 2012 | I2: =VALUE(RIGHT(I3,4)) -> 2012 | J2: =VALUE(RIGHT(J3,4)) -> 2012 | ... BJ2: =VALUE(RIGHT(BJ3,4)) -> 2025
B3: Units | C3: Q1 2011 | D3: Q2 2011 | E3: Q3 2011 | F3: Q4 2011 | G3: Q1 2012 | H3: Q2 2012 | I3: Q3 2012 | J3: Q4 2012 | K3: Q1 2013 | L3: Q2 2013 | M3: Q3 2013 | N3: Q4 2013 | O3: Q1 2014 | P3: Q2 2014 | Q3: Q3 2014 | R3: Q4 2014 | S3: Q1 2015 | T3: Q2 2015 | U3: Q3 2015 | V3: Q4 2015 | W3: Q1 2016 | X3: Q2 2016 | Y3: Q3 2016 | Z3: Q4 2016 | AA3: Q1 2017 | AB3: Q2 2017 | AC3: Q3 2017 | AD3: Q4 2017 | AE3: Q1 2018 | AF3: Q2 2018 | AG3: Q3 2018 | AH3: Q4 2018 | AI3: Q1 2019 | AJ3: Q2 2019 | AK3: Q3 2019 | AL3: Q4 2019 | AM3: Q1 2020 | AN3: Q2 2020 | AO3: Q3 2020 | AP3: Q4 2020 | AQ3: Q1 2021 | AR3: Q2 2021 | AS3: Q3 2021 | AT3: Q4 2021 | AU3: Q1 2022 | AV3: Q2 2022 | AW3: Q3 2022 | AX3: Q4 2022 | AY3: Q1 2023 | AZ3: Q2 2023 | BA3: Q3 2023 | BB3: Q4 2023 | BC3: Q1 2024 | BD3: Q2 2024 | BE3: Q3 2024 | BF3: Q4 2024 | BG3: Q1 2025 | BH3: Q2 2025 | BI3: Q3 2025 | BJ3: Q4 2025
A4: Credits
A5: Fuel Type
A6: Bio-CNG | B6: MT | C6: 0 | D6: 0 | E6: 0 | F6: 0 | G6: 0 | H6: 0 | I6: 0 | J6: 0 | K6: 0 | L6: 56 | M6: 26185 | N6: 30518 | O6: 27846 | P6: 29117 | Q6: 42349 | R6: 46037 | S6: 57602 | T6: 91272 | U6: 103743 | V6: 103113 | W6: 130217 | X6: 126524 | Y6: 105850 | Z6: 105809 | AA6: 101510 | AB6: 139921 | AC6: 165589 | AD6: 166925 | AE6: 161892 | AF6: 152281 | AG6: 179106 | AH6: 186051 | AI6: 168937 | AJ6: 184279 | AK6: 234371 | AL6: 286199 | AM6: 280099 | AN6: 305217 | AO6: 473106 | AP6: 536906 | AQ6: 458226 | AR6: 633488 | AS6: 831673 | AT6: 815103 | AU6: 807393 | AV6: 1085120 | AW6: 1190315 | AX6: 1208871 | AY6: 1052639 | AZ6: 1341628 | BA6: 1394087 | BB6: 1478363 | BC6: 1526145 | BD6: 1848652 | BE6: 2098711 | BF6: 2107657 | BG6: 1545750 | BH6: 2071220 | BI6: 2183672 | BJ6: 1988576
A7: Bio-LNG | B7: MT | C7: 2212 | D7: 3069 | E7: 4960 | F7: 4474 | G7: 4367 | H7: 4221 | I7: 3577 | J7: 2680 | K7: 4240 | L7: 5127 | M7: 22948 | N7: 9044 | O7: 13893 | P7: 8777 | Q7: 30237 | R7: 41302 | S7: 38445 | T7: 52559 | U7: 61645 | V7: 67573 | W7: 56591 | X7: 65100 | Y7: 48641 | Z7: 43923 | AA7: 35211 | AB7: 33576 | AC7: 19732 | AD7: 18521 | AE7: 17615 | AF7: 18214 | AG7: 18865 | AH7: 17264 | AI7: 12988 | AJ7: 15636 | AK7: 16696 | AL7: 17686 | AM7: 19266 | AN7: 17476 | AO7: 16093 | AP7: 16544 | AQ7: 11525 | AR7: 12071 | AS7: 11506 | AT7: 13492 | AU7: 13524 | AV7: 14119 | AW7: 14022 | AX7: 11715 | AY7: 14272 | AZ7: 15147 | BA7: 14739 | BB7: 14647 | BC7: 13919 | BD7: 14530 | BE7: 16471 | BF7: 46199 | BG7: 21145 | BH7: 36766 | BI7: 15349 | BJ7: 29478
A8: Fossil CNG | B8: MT | C8: 32732 | D8: 34288 | E8: 33231 | F8: 32727 | G8: 32327 | H8: 33371 | I8: 39529 | J8: 38669 | K8: 44095 | L8: 45016 | M8: 40844 | N8: 41459 | O8: 46146 | P8: 57193 | Q8: 53771 | R8: 53264 | S8: 49788 | T8: 42794 | U8: 45890 | V8: 44869 | W8: 41647 | X8: 44643 | Y8: 39237 | Z8: 37155 | AA8: 15988 | AB8: 14314 | AC8: 13956 | AD8: 14063 | AE8: 15251 | AF8: 16921 | AG8: 14873 | AH8: 11561 | AI8: 8133 | AJ8: 7220 | AK8: 8107 | AL8: 7391 | AM8: 3700 | AN8: 2451 | AO8: 1457 | AP8: 585 | AQ8: 487 | AR8: 579 | AS8: 545 | AT8: 836 | AU8: 509 | AV8: 634 | AW8: 655 | AX8: 744 | AY8: 382 | AZ8: 405 | BA8: 520 | BB8: 329 | BC8: 168 | BD8: 178 | BE8: 100 | BF8: 109 | BG8: 186 | BH8: 92 | BJ8: 0
A9: Fossil LNG | B9: MT | C9: 7202 | D9: 7881 | E9: 8212 | F9: 8117 | G9: 7899 | H9: 9787 | I9: 10413 | J9: 11175 | K9: 15151 | L9: 13029 | M9: 9955 | N9: 12306 | O9: 11495 | P9: 13162 | Q9: 7022 | R9: 4963 | S9: 9872 | T9: 7884 | U9: 3688 | V9: 806 | W9: 1980 | X9: 1973 | Y9: 1720 | Z9: 1836 | AA9: 43 | AB9: 9 | AC9: 49 | AD9: 72 | AE9: 41 | AF9: 43 | AG9: 36 | AH9: 49 | AI9: 0 | AJ9: 0 | AK9: 0 | AL9: 0 | AM9: 0 | AN9: 0 | AO9: 0 | AP9: 0 | AQ9: 0 | AR9: 0 | AS9: 0 | AT9: 0 | AU9: 0 | AV9: 0 | AW9: 0 | AX9: 0 | AY9: 0 | AZ9: 0 | BA9: 0 | BB9: 0 | BC9: 0 | BD9: 0 | BE9: 0 | BF9: 0 | BG9: 0 | BH9: 0
A10: Hydrogen | B10: MT | C10: 0 | D10: 0 | E10: 0 | F10: 0 | G10: 0 | H10: 0 | I10: 0 | J10: 0 | K10: 0 | L10: 0 | M10: 0 | N10: 0 | O10: 0 | P10: 0 | Q10: 0 | R10: 0 | S10: 0 | T10: 0 | U10: 50 | V10: 24 | W10: 33 | X10: 28 | Y10: 1 | Z10: 2 | AA10: 562 | AB10: 820 | AC10: 970 | AD10: 1084 | AE10: 1408 | AF10: 1664 | AG10: 1779 | AH10: 2133 | AI10: 2535 | AJ10: 3048 | AK10: 3886 | AL10: 4353 | AM10: 3901 | AN10: 3026 | AO10: 4220 | AP10: 6867 | AQ10: 6268 | AR10: 9267 | AS10: 9620 | AT10: 11732 | AU10: 12653 | AV10: 16883 | AW10: 16746 | AX10: 16067 | AY10: 15098 | AZ10: 15828 | BA10: 15556 | BB10: 14298 | BC10: 13327 | BD10: 12287 | BE10: 11606 | BF10: 10622 | BG10: 10096 | BH10: 10824 | BI10: 8995 | BJ10: 8721
A11: Ethanol | B11: MT | C11: 217913 | D11: 252550 | E11: 282189 | F11: 270901 | G11: 261269 | H11: 264615 | I11: 358459 | J11: 334751 | K11: 446344 | L11: 439633 | M11: 586902 | N11: 510999 | O11: 459238 | P11: 551332 | Q11: 528433 | R11: 491880 | S11: 473209 | T11: 504542 | U11: 538519 | V11: 608484 | W11: 836629 | X11: 857168 | Y11: 919750 | Z11: 905839 | AA11: 783039 | AB11: 856950 | AC11: 931601 | AD11: 916634 | AE11: 776336 | AF11: 775942 | AG11: 949941 | AH11: 956310 | AI11: 946616 | AJ11: 1086445 | AK11: 1169325 | AL11: 1139746 | AM11: 1045797 | AN11: 648935 | AO11: 1052908 | AP11: 989015 | AQ11: 747150 | AR11: 1006898 | AS11: 1113796 | AT11: 957708 | AU11: 917950 | AV11: 919767 | AW11: 975746 | AX11: 927177 | AY11: 827472 | AZ11: 736436 | BA11: 882062 | BB11: 916926 | BC11: 810581 | BD11: 910853 | BE11: 866406 | BF11: 899392 | BG11: 778519 | BH11: 826753 | BI11: 553409 | BJ11: 547446
A12: Biodiesel | B12: MT | C12: 12300 | D12: 21555 | E12: 22424 | F12: 27988 | G12: 35382 | H12: 41919 | I12: 34052 | J12: 37994 | K12: 47386 | L12: 123072 | M12: 130475 | N12: 265737 | O12: 169218 | P12: 183308 | Q12: 154934 | R12: 210540 | S12: 195615 | T12: 287973 | U12: 364501 | V12: 365821 | W12: 322607 | X12: 392318 | Y12: 470922 | Z12: 550936 | AA12: 306640 | AB12: 321909 | AC12: 393587 | AD12: 357603 | AE12: 306337 | AF12: 357508 | AG12: 442007 | AH12: 500702 | AI12: 347140 | AJ12: 490163 | AK12: 506350 | AL12: 487437 | AM12: 477797 | AN12: 492495 | AO12: 592296 | AP12: 650739 | AQ12: 479642 | AR12: 622767 | AS12: 622949 | AT12: 585241 | AU12: 565021 | AV12: 533220 | AW12: 563916 | AX12: 542391 | AY12: 493424 | AZ12: 468031 | BA12: 497047 | BB12: 511698 | BC12: 460829 | BD12: 440431 | BE12: 441762 | BF12: 428026 | BG12: 309903 | BH12: 328948 | BI12: 311322 | BJ12: 285753
A13: Renewable Diesel | B13: MT | C13: 3070 | D13: 3368 | E13: 4362 | F13: 6220 | G13: 6701 | H13: 6804 | I13: 7938 | J13: 51216 | K13: 64445 | L13: 178293 | M13: 288998 | N13: 258193 | O13: 192407 | P13: 211004 | Q13: 260522 | R13: 181046 | S13: 204352 | T13: 240167 | U13: 298591 | V13: 295061 | W13: 274568 | X13: 670559 | Y13: 577586 | Z13: 718504 | AA13: 610652 | AB13: 835625 | AC13: 844159 | AD13: 676294 | AE13: 822711 | AF13: 904125 | AG13: 684773 | AH13: 1073782 | AI13: 1195556 | AJ13: 1245746 | AK13: 1056305 | AL13: 1282920 | AM13: 1033279 | AN13: 1141074 | AO13: 1104970 | AP13: 1291977 | AQ13: 1432647 | AR13: 1503734 | AS13: 1724236 | AT13: 1895846 | AU13: 2222870 | AV13: 2447051 | AW13: 2389803 | AX13: 2557211 | AY13: 2504078 | AZ13: 2847161 | BA13: 3182501 | BB13: 3395112 | BC13: 3149540 | BD13: 3492934 | BE13: 3875405 | BF13: 3957241 | BG13: 3074293 | BH13: 3518031 | BI13: 2541416 | BJ13: 2506156
A14: Alternative Jet Fuel | B14: MT | C14: 0 | D14: 0 | E14: 0 | F14: 0 | G14: 0 | H14: 0 | I14: 0 | J14: 0 | K14: 0 | L14: 0 | M14: 0 | N14: 0 | O14: 0 | P14: 0 | Q14: 0 | R14: 0 | S14: 0 | T14: 0 | U14: 0 | V14: 0 | W14: 0 | X14: 0 | Y14: 0 | Z14: 0 | AA14: 0 | AB14: 0 | AC14: 0 | AD14: 0 | AE14: 0 | AF14: 0 | AG14: 0 | AH14: 0 | AI14: 0 | AJ14: 3600 | AK14: 4579 | AL14: 2924 | AM14: 2082 | AN14: 7042 | AO14: 14000 | AP14: 4613 | AQ14: 7331 | AR14: 15656 | AS14: 10428 | AT14: 19089 | AU14: 8458 | AV14: 27321 | AW14: 24234 | AX14: 9549 | AY14: 24919 | AZ14: 37258 | BA14: 22647 | BB14: 37508 | BC14: 59320 | BD14: 122696 | BE14: 126286 | BF14: 183660 | BG14: 170617 | BH14: 125599 | BI14: 134235 | BJ14: 174363
A15: Renewable Gasoline Blendstocks | B15: MT | C15: 0 | D15: 0 | E15: 0 | F15: 0 | G15: 0 | H15: 0 | I15: 0 | J15: 0 | K15: 0 | L15: 0 | M15: 0 | N15: 0 | O15: 0 | P15: 0 | Q15: 0 | R15: 0 | S15: 0 | T15: 0 | U15: 0 | V15: 0 | W15: 0 | X15: 0 | Y15: 0 | Z15: 0 | AA15: 0 | AB15: 0 | AC15: 0 | AD15: 0 | AE15: 0 | AF15: 0 | AG15: 0 | AH15: 1082 | AI15: 679 | AJ15: 4236 | AK15: 1161 | AL15: 1942 | AM15: 2368 | AN15: 2338 | AO15: 6472 | AP15: 4743 | AQ15: 11377 | AR15: 15331 | AS15: 10413 | AT15: 12304 | AU15: 18282 | AV15: 28225 | AW15: 11198 | AX15: 13683 | AY15: 20275 | AZ15: 27898 | BA15: 41231 | BB15: 24252 | BC15: 25423 | BD15: 26532 | BE15: 25231 | BF15: 13418 | BG15: 28534 | BH15: 21331
A16: Renewable Naphtha | B16: MT | BI16: 19341 | BJ16: 33333
A17: Propane | B17: MT | C17: 0 | D17: 0 | E17: 0 | F17: 0 | G17: 0 | H17: 0 | I17: 0 | J17: 0 | K17: 0 | L17: 0 | M17: 0 | N17: 0 | O17: 0 | P17: 0 | Q17: 0 | R17: 0 | S17: 0 | T17: 0 | U17: 0 | V17: 0 | W17: 0 | X17: 0 | Y17: 0 | Z17: 0 | AA17: 0 | AB17: 0 | AC17: 0 | AD17: 0 | AE17: 0 | AF17: 0 | AG17: 0 | AH17: 0 | AI17: 64 | AJ17: 623 | AK17: 1475 | AL17: 1532 | AM17: 3328 | AN17: 5832 | AO17: 5892 | AP17: 6160 | AQ17: 9633 | AR17: 8451 | AS17: 10269 | AT17: 11095 | AU17: 10004 | AV17: 9632 | AW17: 8976 | AX17: 9585 | AY17: 7599 | AZ17: 6241 | BA17: 8067 | BB17: 7101 | BC17: 6301 | BD17: 4514 | BE17: 3843 | BF17: 4075 | BG17: 2839 | BH17: 3251 | BI17: 1551 | BJ17: 5525
A18: CARBOB | B18: MT | C18: 0 | D18: 553 | E18: 1245 | F18: 184 | G18: 163 | H18: 927 | I18: 2 | J18: 0 | K18: 2510 | L18: 2663 | M18: 68 | N18: 488 | O18: 1062 | P18: 1844 | Q18: 837 | R18: 17 | S18: 3285 | T18: 266 | U18: 2158 | V18: 1459 | W18: 831 | X18: 9181 | Y18: 17351 | Z18: 2 | AA18: 11603 | AB18: 36644 | AC18: 8789 | AD18: 1037 | AE18: 1374 | AF18: 37577 | AG18: 17258 | AH18: 16809 | AI18: 125 | AJ18: 12824 | AK18: 39097 | AL18: 73 | AM18: 14798 | AN18: 8411 | AO18: 23421 | AP18: 86 | AQ18: 12400 | AR18: 26755 | AS18: 0 | AT18: 6962 | AU18: 13362 | AV18: 5088 | AW18: 306 | AX18: 0 | AY18: 1650 | AZ18: 21138 | BA18: 0 | BB18: 6663 | BC18: 4 | BD18: 0 | BE18: 24576 | BF18: 1628 | BG18: 18465 | BH18: 2920 | BI18: 4139 | BJ18: 626
A19: Diesel | B19: MT | C19: 76 | D19: 862 | E19: 98 | F19: 0 | G19: 830 | H19: 1694 | I19: 121 | J19: 86 | K19: 1264 | L19: 1557 | M19: 738 | N19: 0 | O19: 47 | P19: 4975 | Q19: 11188 | R19: 20 | S19: 1332 | T19: 2398 | U19: 2151 | V19: 213 | W19: 174 | X19: 3860 | Y19: 807 | Z19: 5623 | AA19: 16901 | AB19: 12161 | AC19: 11165 | AD19: 10564 | AE19: 11253 | AF19: 15405 | AG19: 16170 | AH19: 21311 | AI19: 5338 | AJ19: 11184 | AK19: 486 | AL19: 0 | AM19: 27 | AN19: 73 | AO19: 1944 | AP19: 3417 | AQ19: 1560 | AR19: 0 | AS19: 4400 | AT19: 0 | AU19: 0 | AV19: 2849 | AW19: 8117 | AX19: 655 | AY19: 2742 | AZ19: 2400 | BA19: 1029 | BB19: 291 | BC19: 556 | BD19: 394 | BE19: 724 | BF19: 23 | BG19: 1783 | BH19: 2900 | BI19: 171 | BJ19: 0
A20: CARBOB Incremental Deficits | B20: MT | C20: 0 | D20: 0 | E20: 0 | F20: 0 | G20: 0 | H20: 0 | I20: 0 | J20: 0 | K20: 0 | L20: 0 | M20: 0 | N20: 0 | O20: 0 | P20: 0 | Q20: 0 | R20: 0 | S20: 0 | T20: 0 | U20: 0 | V20: 0 | W20: 0 | X20: 0 | Y20: 0 | Z20: 0 | AA20: 0 | AB20: 0 | AC20: 0 | AD20: 0 | AE20: 0 | AF20: 0 | AG20: 0 | AH20: 0 | AI20: 0 | AJ20: 0 | AK20: 0 | AL20: 0 | AM20: 124 | AN20: 56 | AO20: 609 | AP20: 2 | AQ20: 504 | AR20: 1088 | AS20: 0 | AT20: 283 | AU20: 1086 | AV20: 413 | AW20: 25 | AX20: 0 | AY20: 145 | AZ20: 1844 | BA20: 0 | BB20: 583 | BC20: 0 | BD20: 0 | BE20: 2100 | BF20: 139 | BG20: 1091 | BH20: 173 | BI20: 153 | BJ20: 23
A21: Diesel Incremental Deficits | B21: MT | C21: 0 | D21: 0 | E21: 0 | F21: 0 | G21: 0 | H21: 0 | I21: 0 | J21: 0 | K21: 0 | L21: 0 | M21: 0 | N21: 0 | O21: 0 | P21: 0 | Q21: 0 | R21: 0 | S21: 0 | T21: 0 | U21: 0 | V21: 0 | W21: 0 | X21: 0 | Y21: 0 | Z21: 0 | AA21: 0 | AB21: 0 | AC21: 0 | AD21: 0 | AE21: 0 | AF21: 0 | AG21: 0 | AH21: 0 | AI21: 0 | AJ21: 0 | AK21: 0 | AL21: 0 | AM21: 136 | AN21: 3 | AO21: 59 | AP21: 104 | AQ21: 73 | AR21: 0 | AS21: 205 | AT21: 0 | AU21: 0 | AV21: 261 | AW21: 744 | AX21: 60 | AY21: 266 | AZ21: 231 | BA21: 100 | BB21: 28 | BC21: 52 | BD21: 36 | BE21: 67 | BF21: 2 | BG21: 115 | BH21: 187 | BI21: 6 | BJ21: 0
A22: Total | B22: MT | C22: 275505 | D22: 324126 | E22: 356721 | F22: 350611 | G22: 348938 | H22: 363338 | I22: 454091 | J22: 476571 | K22: 625435 | L22: 808446 | M22: 1107113 | N22: 1128744 | O22: 921352 | P22: 1060712 | Q22: 1089293 | R22: 1029069 | S22: 1033500 | T22: 1229855 | U22: 1420936 | V22: 1487423 | W22: 1665277 | X22: 2171354 | Y22: 2181865 | Z22: 2369629 | AA22: 1882149 | AB22: 2251929 | AC22: 2389597 | AD22: 2162797 | AE22: 2114218 | AF22: 2279680 | AG22: 2324808 | AH22: 2787054 | AI22: 2688111 | AJ22: 3065004 | AK22: 3041838 | AL22: 3232203 | AM22: 2886702 | AN22: 2634429 | AO22: 3297447 | AP22: 3511758 | AQ22: 3178823 | AR22: 3856085 | AS22: 4350040 | AT22: 4329691 | AU22: 4591112 | AV22: 5090583 | AW22: 5204803 | AX22: 5297708 | AY22: 4964961 | AZ22: 5521646 | BA22: 6059586 | BB22: 6407799 | BC22: 6066165 | BD22: 6874037 | BE22: =SUM(BE6:BE21) -> 7493288 | BF22: =SUM(BF6:BF21) -> 7652191 | BG22: =SUM(BG6:BG21) -> 5963336 | BH22: =SUM(BH6:BH21) -> 6948995 | BI22: =SUM(BI6:BI21) -> 5773759 | BJ22: =SUM(BJ6:BJ21) -> 5580000
A24: Electricity Credits
A25: Fuel Application Type
A26: Electricity – Onroad EV charging – LDV/MDV | B26: MT | C26: 459 | D26: 1268 | E26: 2455 | F26: 3536 | G26: 4519 | H26: 5560 | I26: 7294 | J26: 9611 | K26: 15051 | L26: 19516 | M26: 25039 | N26: 34347 | O26: 41753 | P26: 51092 | Q26: 59366 | R26: 69119 | S26: 73708 | T26: 78072 | U26: 90921 | V26: 94821 | W26: 124882 | X26: 132376 | Y26: 141880 | Z26: 165562 | AA26: 189333 | AB26: 191394 | AC26: 202791 | AD26: 218031 | AE26: 264024 | AF26: 294495 | AG26: 339373 | AH26: 372354 | AI26: 0 | AJ26: 0 | AK26: 0 | AL26: 0 | AM26: 0 | AN26: 0 | AO26: 0 | AP26: 0 | AQ26: 0 | AR26: 0 | AS26: 0 | AT26: 0 | AU26: 0 | AV26: 0 | AW26: 0 | AX26: 0 | AY26: 0 | AZ26: 0 | BA26: 0 | BB26: 0 | BC26: 0 | BD26: 0 | BE26: 0 | BF26: 0 | BG26: 0 | BH26: 0 | BI26: 0 | BJ26: 0
A27: Electricity – Onroad EV charging – HDV | B27: MT | C27: 0 | D27: 25 | E27: 0 | F27: 0 | G27: 0 | H27: 0 | I27: 0 | J27: 0 | K27: 0 | L27: 0 | M27: 0 | N27: 0 | O27: 0 | P27: 0 | Q27: 0 | R27: 0 | S27: 0 | T27: 0 | U27: 115 | V27: 103 | W27: 314 | X27: 364 | Y27: 382 | Z27: 399 | AA27: 471 | AB27: 492 | AC27: 524 | AD27: 621 | AE27: 874 | AF27: 856 | AG27: 1411 | AH27: 1705 | AI27: 0 | AJ27: 0 | AK27: 0 | AL27: 0 | AM27: 0 | AN27: 0 | AO27: 0 | AP27: 0 | AQ27: 0 | AR27: 0 | AS27: 0 | AT27: 0 | AU27: 0 | AV27: 0 | AW27: 0 | AX27: 0 | AY27: 0 | AZ27: 0 | BA27: 0 | BB27: 0 | BC27: 0 | BD27: 0 | BE27: 0 | BF27: 0 | BG27: 0 | BH27: 0 | BI27: 0 | BJ27: 0
A28: Electricity – Onroad residential grid EV charging | B28: MT | C28: 0 | D28: 0 | E28: 0 | F28: 0 | G28: 0 | H28: 0 | I28: 0 | J28: 0 | K28: 0 | L28: 0 | M28: 0 | N28: 0 | O28: 0 | P28: 0 | Q28: 0 | R28: 0 | S28: 0 | T28: 0 | U28: 0 | V28: 0 | W28: 0 | X28: 0 | Y28: 0 | Z28: 0 | AA28: 0 | AB28: 0 | AC28: 0 | AD28: 0 | AE28: 0 | AF28: 0 | AG28: 0 | AH28: 0 | AI28: 384951 | AJ28: 337887 | AK28: 374311 | AL28: 418897 | AM28: 410738 | AN28: 234329 | AO28: 292327 | AP28: 324291 | AQ28: 334993 | AR28: 421288 | AS28: 470165 | AT28: 516777 | AU28: 622330 | AV28: 682058 | AW28: 717229 | AX28: 835584 | AY28: 730613 | AZ28: 802622 | BA28: 879863 | BB28: 914079 | BC28: 923609 | BD28: 1063259 | BE28: 1120931.3 | BF28: 1145923 | BG28: 1249062 | BH28: 1329008 | BI28: 1174421 | BJ28: 1215612
A29: Electricity – Onroad incremental Low-CI residential EV charging | B29: MT | C29: 0 | D29: 0 | E29: 0 | F29: 0 | G29: 0 | H29: 0 | I29: 0 | J29: 0 | K29: 0 | L29: 0 | M29: 0 | N29: 0 | O29: 0 | P29: 0 | Q29: 0 | R29: 0 | S29: 0 | T29: 0 | U29: 0 | V29: 0 | W29: 0 | X29: 0 | Y29: 0 | Z29: 0 | AA29: 0 | AB29: 0 | AC29: 0 | AD29: 0 | AE29: 0 | AF29: 0 | AG29: 0 | AH29: 0 | AI29: 3271 | AJ29: 9312 | AK29: 42287 | AL29: 54390 | AM29: 55174 | AN29: 35403 | AO29: 46389 | AP29: 51537 | AQ29: 49904 | AR29: 70086 | AS29: 67039 | AT29: 71539 | AU29: 106492 | AV29: 123546 | AW29: 125458 | AX29: 27269 | AY29: 26031 | AZ29: 22334 | BA29: 33624 | BB29: 31653 | BC29: 19609 | BD29: 31269 | BE29: 36214 | BF29: 41475 | BG29: 34226 | BH29: 42555 | BI29: 44515 | BJ29: 46794
A30: Electricity – Onroad non-residential grid EV charging – LDV/MDV | B30: MT | C30: 0 | D30: 0 | E30: 0 | F30: 0 | G30: 0 | H30: 0 | I30: 0 | J30: 0 | K30: 0 | L30: 0 | M30: 0 | N30: 0 | O30: 0 | P30: 0 | Q30: 0 | R30: 0 | S30: 0 | T30: 0 | U30: 0 | V30: 0 | W30: 0 | X30: 0 | Y30: 0 | Z30: 0 | AA30: 0 | AB30: 0 | AC30: 0 | AD30: 0 | AE30: 0 | AF30: 0 | AG30: 0 | AH30: 0 | AI30: 11977 | AJ30: 14667 | AK30: 8214 | AL30: 8749 | AM30: 6360 | AN30: 1691 | AO30: 3689 | AP30: 2541 | AQ30: 2439 | AR30: 3066 | AS30: 4099 | AT30: 4841 | AU30: 4889 | AV30: 4990 | AW30: 14875 | AX30: 16377 | AY30: 10035 | AZ30: 24601 | BA30: 21950 | BB30: 13743 | BC30: 17292 | BD30: 16088 | BE30: 16467 | BF30: 20557 | BG30: 54698 | BH30: 24764 | BI30: 29239 | BJ30: 23130
A31: Electricity – Onroad non-residential low-CI EV charging – LDV/MDV | B31: MT | C31: 0 | D31: 0 | E31: 0 | F31: 0 | G31: 0 | H31: 0 | I31: 0 | J31: 0 | K31: 0 | L31: 0 | M31: 0 | N31: 0 | O31: 0 | P31: 0 | Q31: 0 | R31: 0 | S31: 0 | T31: 0 | U31: 0 | V31: 0 | W31: 0 | X31: 0 | Y31: 0 | Z31: 0 | AA31: 0 | AB31: 0 | AC31: 0 | AD31: 0 | AE31: 0 | AF31: 0 | AG31: 0 | AH31: 0 | AI31: 58586 | AJ31: 67439 | AK31: 80325 | AL31: 83818 | AM31: 69122 | AN31: 51609 | AO31: 68298 | AP31: 68537 | AQ31: 80060 | AR31: 120917 | AS31: 147527 | AT31: 164241 | AU31: 169402 | AV31: 226248 | AW31: 243113 | AX31: 249157 | AY31: 270533 | AZ31: 290464 | BA31: 346360 | BB31: 404410 | BC31: 421165 | BD31: 466568 | BE31: 500698 | BF31: 502650 | BG31: 503915 | BH31: 552538 | BI31: 540632 | BJ31: 538863
A32: Electricity – Onroad non-residential grid EV charging – HDV | B32: MT | C32: 0 | D32: 0 | E32: 0 | F32: 0 | G32: 0 | H32: 0 | I32: 0 | J32: 0 | K32: 0 | L32: 0 | M32: 0 | N32: 0 | O32: 0 | P32: 0 | Q32: 0 | R32: 0 | S32: 0 | T32: 0 | U32: 0 | V32: 0 | W32: 0 | X32: 0 | Y32: 0 | Z32: 0 | AA32: 0 | AB32: 0 | AC32: 0 | AD32: 0 | AE32: 0 | AF32: 0 | AG32: 0 | AH32: 0 | AI32: 2782 | AJ32: 3801 | AK32: 3235 | AL32: 4272 | AM32: 4361 | AN32: 3860 | AO32: 3568 | AP32: 1868 | AQ32: 1552 | AR32: 1495 | AS32: 1273 | AT32: 1292 | AU32: 1209 | AV32: 1599 | AW32: 2255 | AX32: 4599 | AY32: 4639 | AZ32: 4863 | BA32: 6992 | BB32: 5770 | BC32: 5979 | BD32: 5399 | BE32: 6228 | BF32: 6670 | BG32: 12096 | BH32: 7068 | BI32: 7446 | BJ32: 8803
A33: Electricity – Onroad non-residential low-CI EV charging – HDV | B33: MT | C33: 0 | D33: 0 | E33: 0 | F33: 0 | G33: 0 | H33: 0 | I33: 0 | J33: 0 | K33: 0 | L33: 0 | M33: 0 | N33: 0 | O33: 0 | P33: 0 | Q33: 0 | R33: 0 | S33: 0 | T33: 0 | U33: 0 | V33: 0 | W33: 0 | X33: 0 | Y33: 0 | Z33: 0 | AA33: 0 | AB33: 0 | AC33: 0 | AD33: 0 | AE33: 0 | AF33: 0 | AG33: 0 | AH33: 0 | AI33: 218 | AJ33: 130 | AK33: 4590 | AL33: 2974 | AM33: 3120 | AN33: 3287 | AO33: 5505 | AP33: 8662 | AQ33: 8172 | AR33: 10260 | AS33: 11289 | AT33: 13016 | AU33: 12699 | AV33: 14241 | AW33: 14547 | AX33: 13906 | AY33: 15035 | AZ33: 16904 | BA33: 18919 | BB33: 23250 | BC33: 25841 | BD33: 28002 | BE33: 28004 | BF33: 32057 | BG33: 31420 | BH33: 38587 | BI33: 41470 | BJ33: 40292
A34: Electricity – Offroad fixed guideways | B34: MT | C34: 0 | D34: 0 | E34: 0 | F34: 0 | G34: 0 | H34: 0 | I34: 0 | J34: 0 | K34: 0 | L34: 0 | M34: 0 | N34: 0 | O34: 0 | P34: 0 | Q34: 0 | R34: 0 | S34: 0 | T34: 0 | U34: 0 | V34: 0 | W34: 43422 | X34: 45017 | Y34: 44251 | Z34: 49040 | AA34: 47703 | AB34: 60984 | AC34: 57642 | AD34: 62701 | AE34: 57005 | AF34: 57930 | AG34: 60397 | AH34: 61710 | AI34: 56926 | AJ34: 61050 | AK34: 63880 | AL34: 65113 | AM34: 59810 | AN34: 44866 | AO34: 51365 | AP34: 47762 | AQ34: 48591 | AR34: 50276 | AS34: 59074 | AT34: 58408 | AU34: 56387 | AV34: 55074 | AW34: 69093 | AX34: 73779 | AY34: 65831 | AZ34: 70851 | BA34: 76653 | BB34: 62014 | BC34: 62472 | BD34: 64621 | BE34: 72482 | BF34: 89912 | BG34: 90408 | BH34: 91371 | BI34: 198942 | BJ34: 198530
A35: Electricity – Offroad eOGV | B35: MT | C35: 0 | D35: 0 | E35: 0 | F35: 0 | G35: 0 | H35: 0 | I35: 0 | J35: 0 | K35: 0 | L35: 0 | M35: 0 | N35: 0 | O35: 0 | P35: 0 | Q35: 0 | R35: 0 | S35: 0 | T35: 0 | U35: 0 | V35: 0 | W35: 0 | X35: 0 | Y35: 0 | Z35: 0 | AA35: 0 | AB35: 0 | AC35: 0 | AD35: 0 | AE35: 0 | AF35: 0 | AG35: 0 | AH35: 0 | AI35: 18177 | AJ35: 20827 | AK35: 23862 | AL35: 24971 | AM35: 23729 | AN35: 31261 | AO35: 34264 | AP35: 54064 | AQ35: 55576 | AR35: 58507 | AS35: 63062 | AT35: 61877 | AU35: 49563 | AV35: 95906 | AW35: 99127 | AX35: 112692 | AY35: 97895 | AZ35: 89774 | BA35: 91618 | BB35: 117665 | BC35: 93280 | BD35: 97508 | BE35: 112896 | BF35: 112750 | BG35: 99541 | BH35: 92923 | BI35: 88128 | BJ35: 86961
A36: Electricity – Offroad eCHE | B36: MT | C36: 0 | D36: 0 | E36: 0 | F36: 0 | G36: 0 | H36: 0 | I36: 0 | J36: 0 | K36: 0 | L36: 0 | M36: 0 | N36: 0 | O36: 0 | P36: 0 | Q36: 0 | R36: 0 | S36: 0 | T36: 0 | U36: 0 | V36: 0 | W36: 0 | X36: 0 | Y36: 0 | Z36: 0 | AA36: 0 | AB36: 0 | AC36: 0 | AD36: 0 | AE36: 0 | AF36: 0 | AG36: 0 | AH36: 0 | AI36: 0 | AJ36: 4171 | AK36: 4007 | AL36: 4448 | AM36: 4587 | AN36: 5607 | AO36: 10343 | AP36: 6008 | AQ36: 20084 | AR36: 16985 | AS36: 10075 | AT36: 11533 | AU36: 17113 | AV36: 16404 | AW36: 14945 | AX36: 14209 | AY36: 12713 | AZ36: 11960 | BA36: 14766 | BB36: 15482 | BC36: 14492 | BD36: 13621 | BE36: 14785 | BF36: 13057 | BG36: 11506 | BH36: 12549 | BI36: 13917 | BJ36: 11945
A37: Electricity – Offroad eForklifts – EDU | B37: MT | C37: 0 | D37: 0 | E37: 0 | F37: 0 | G37: 0 | H37: 0 | I37: 0 | J37: 0 | K37: 0 | L37: 0 | M37: 0 | N37: 0 | O37: 0 | P37: 0 | Q37: 0 | R37: 0 | S37: 0 | T37: 0 | U37: 0 | V37: 0 | W37: 0 | X37: 0 | Y37: 0 | Z37: 0 | AA37: 0 | AB37: 0 | AC37: 0 | AD37: 0 | AE37: 30686 | AF37: 28330 | AG37: 26025 | AH37: 24449 | AI37: 24707 | AJ37: 22245 | AK37: 15380 | AL37: 11064 | AM37: 3136 | AN37: 0 | AO37: 0 | AP37: 0 | AQ37: 20117 | AR37: 39797 | AS37: 15440 | AT37: 4147 | BD37: 0 | BE37: 0 | BF37: 0 | BG37: 0 | BH37: 0 | BI37: 0 | BJ37: 0
A38: Electricity – Offroad eForklifts – Reported | B38: MT | C38: 0 | D38: 0 | E38: 0 | F38: 0 | G38: 0 | H38: 0 | I38: 0 | J38: 0 | K38: 0 | L38: 0 | M38: 0 | N38: 0 | O38: 0 | P38: 0 | Q38: 0 | R38: 0 | S38: 0 | T38: 0 | U38: 0 | V38: 0 | W38: 37846 | X38: 38392 | Y38: 39127 | Z38: 41563 | AA38: 40896 | AB38: 41444 | AC38: 41613 | AD38: 41771 | AE38: 42043 | AF38: 42390 | AG38: 42572 | AH38: 42827 | AI38: 65547 | AJ38: 79422 | AK38: 110114 | AL38: 127758 | AM38: 156807 | AN38: 180442 | AO38: 217751 | AP38: 235452 | AQ38: 273981 | AR38: 319059 | AS38: 335486 | AT38: 338921 | AU38: 346091 | AV38: 370631 | AW38: 385276 | AX38: 405177 | AY38: 402332 | AZ38: 407780 | BA38: 419490 | BB38: 428402 | BC38: 415447 | BD38: 427707 | BE38: 434590 | BF38: 431962 | BG38: 412695 | BH38: 427842 | BI38: 300271 | BJ38: 309045
A39: Electricity – Offroad eTRU | B39: MT | C39: 0 | D39: 0 | E39: 0 | F39: 0 | G39: 0 | H39: 0 | I39: 0 | J39: 0 | K39: 0 | L39: 0 | M39: 0 | N39: 0 | O39: 0 | P39: 0 | Q39: 0 | R39: 0 | S39: 0 | T39: 0 | U39: 0 | V39: 0 | W39: 0 | X39: 0 | Y39: 0 | Z39: 0 | AA39: 0 | AB39: 0 | AC39: 0 | AD39: 0 | AE39: 0 | AF39: 0 | AG39: 0 | AH39: 0 | AI39: 0 | AJ39: 0 | AK39: 4942 | AL39: 3249 | AM39: 3860 | AN39: 5246 | AO39: 5430 | AP39: 5002 | AQ39: 6504 | AR39: 7181 | AS39: 7674 | AT39: 6852 | AU39: 6979 | AV39: 9006 | AW39: 10164 | AX39: 9674 | AY39: 8440 | AZ39: 11129 | BA39: 10685 | BB39: 8779 | BC39: 7911 | BD39: 9670 | BE39: 10082 | BF39: 9580 | BG39: 8773 | BH39: 8940 | BI39: 9217 | BJ39: 8793
A40: Total | B40: MT | C40: 459 | D40: 1293 | E40: 2455 | F40: 3536 | G40: 4519 | H40: 5560 | I40: 7294 | J40: 9611 | K40: 15051 | L40: 19516 | M40: 25039 | N40: 34347 | O40: 41753 | P40: 51092 | Q40: 59366 | R40: 69119 | S40: 73708 | T40: 78072 | U40: 91036 | V40: 94924 | W40: 206464 | X40: 216149 | Y40: 225640 | Z40: 256564 | AA40: 278403 | AB40: 294314 | AC40: 302570 | AD40: 323124 | AE40: 394632 | AF40: 424001 | AG40: 469778 | AH40: 503045 | AI40: 627142 | AJ40: 620951 | AK40: 735147 | AL40: 809703 | AM40: 800804 | AN40: 597601 | AO40: 738929 | AP40: 805724 | AQ40: 901973 | AR40: 1118917 | AS40: 1192203 | AT40: 1253444 | AU40: 1393154 | AV40: 1599703 | AW40: 1696082 | AX40: 1762423 | AY40: 1644097 | AZ40: 1753282 | BA40: 1920920 | BB40: 2025247 | BC40: 2007097 | BD40: 2223712 | BE40: =SUM(BE26:BE39) -> 2353377.3 | BF40: =SUM(BF26:BF39) -> 2406593 | BG40: =SUM(BG26:BG39) -> 2508340 | BH40: =SUM(BH26:BH39) -> 2628145 | BI40: =SUM(BI26:BI39) -> 2448198 | BJ40: =SUM(BJ26:BJ39) -> 2488768
A42: Project Type
A43: Innovative Crude | B43: MT | C43: 0 | D43: 0 | E43: 0 | F43: 0 | G43: 0 | H43: 0 | I43: 0 | J43: 0 | K43: 0 | L43: 0 | M43: 0 | N43: 0 | O43: 0 | P43: 0 | Q43: 0 | R43: 0 | S43: 0 | T43: 0 | U43: 0 | V43: 0 | W43: 0 | X43: 0 | Y43: 845 | Z43: 586 | AA43: 532 | AB43: 862 | AC43: 813 | AD43: 624 | AE43: 600 | AF43: 863 | AG43: 900 | AH43: 622 | AI43: 625 | AJ43: 1019 | AK43: 1043 | AL43: 665 | AM43: 836 | AN43: 6851 | AO43: 6891 | AP43: 4709 | AQ43: 10797 | AR43: 15909 | AS43: 14967 | AT43: 8583 | AU43: 9778 | AV43: 15076 | AW43: 13663 | AX43: 8029 | AY43: 3721 | AZ43: 4324 | BA43: 16543 | BB43: 10507 | BC43: 5636 | BD43: =7932+815 -> 8747 | BE43: =7876+888 -> 8764 | BF43: =175+305+179+179+3211+500+552 -> 5101 | BG43: =689+3602 -> 4291 | BH43: =13352+113+1037+4150 -> 18652 | BI43: 0 | BJ43: 0
A44: Low Complexity/Low Energy Use Refinery | B44: MT | C44: 0 | D44: 0 | E44: 0 | F44: 0 | G44: 0 | H44: 0 | I44: 0 | J44: 0 | K44: 0 | L44: 0 | M44: 0 | N44: 0 | O44: 0 | P44: 0 | Q44: 0 | R44: 0 | S44: 0 | T44: 0 | U44: 0 | V44: 0 | W44: 37942 | X44: 38215 | Y44: 38997 | Z44: 38905 | AA44: 35934 | AB44: 35935 | AC44: 35934 | AD44: 35936 | AE44: 33561 | AF44: 33563 | AG44: 33561 | AH44: 33563 | AI44: 38213 | AJ44: 38213 | AK44: 38213 | AL44: 38213 | AM44: 35641 | AN44: 35641 | AO44: 35642 | AP44: 35641 | AQ44: 36161 | AR44: 36163 | AS44: 36162 | AT44: 36163 | AU44: 36755 | AV44: 36756 | AW44: 36756 | AX44: 36757 | AY44: 35672 | AZ44: 35671 | BA44: 35672 | BB44: 35670 | BC44: 0 | BD44: 0 | BE44: 0 | BF44: 0 | BG44: 0 | BH44: 136092 | BI44: 0 | BJ44: 0
A45: Refinery Investment Credit | B45: MT | C45: 0 | D45: 0 | E45: 0 | F45: 0 | G45: 0 | H45: 0 | I45: 0 | J45: 0 | K45: 0 | L45: 0 | M45: 0 | N45: 0 | O45: 0 | P45: 0 | Q45: 0 | R45: 0 | S45: 0 | T45: 0 | U45: 0 | V45: 0 | X45: 0 | Y45: 0 | Z45: 0 | AA45: 0 | AB45: 0 | AC45: 0 | AD45: 0 | AE45: 0 | AF45: 0 | AG45: 0 | AH45: 0 | AI45: 0 | AJ45: 0 | AK45: 10757 | AL45: 11616 | AM45: 9897 | AN45: 2095 | AO45: 0 | AP45: 0 | AQ45: 9791 | AR45: 9791 | AS45: 9791 | AT45: 9792 | AU45: 15576 | AV45: 15577 | AW45: 15577 | AX45: 15576 | AY45: 21492 | AZ45: 21491 | BA45: 21490 | BB45: 21491 | BC45: 0 | BD45: 489 | BE45: 0 | BF45: 0 | BG45: 0 | BH45: 84501 | BI45: 0 | BJ45: 0
A46: Renewable Hydrogen Refinery Credit | B46: MT | C46: 0 | D46: 0 | E46: 0 | F46: 0 | G46: 0 | H46: 0 | I46: 0 | J46: 0 | K46: 0 | L46: 0 | M46: 0 | N46: 0 | O46: 0 | P46: 0 | Q46: 0 | R46: 0 | S46: 0 | T46: 0 | U46: 0 | V46: 0 | X46: 0 | Y46: 0 | Z46: 0 | AA46: 0 | AB46: 0 | AC46: 0 | AD46: 0 | AE46: 0 | AF46: 0 | AG46: 0 | AH46: 0 | AI46: 0 | AJ46: 0 | AK46: 0 | AL46: 0 | AM46: 0 | AN46: 0 | AO46: 0 | AP46: 0 | AQ46: 0 | AR46: 0 | AS46: 0 | AT46: 0 | AU46: 0 | AV46: 0 | AW46: 0 | AX46: 0 | AY46: 0 | AZ46: 0 | BA46: 0 | BB46: 0 | BC46: 0 | BD46: 0 | BE46: 0 | BF46: 0 | BG46: 0 | BH46: 0 | BI46: 0 | BJ46: 0
A47: Hydrogen Refueling Infrastructure (HRI) Credits | B47: MT | C47: 0 | D47: 0 | E47: 0 | F47: 0 | G47: 0 | H47: 0 | I47: 0 | J47: 0 | K47: 0 | L47: 0 | M47: 0 | N47: 0 | O47: 0 | P47: 0 | Q47: 0 | R47: 0 | S47: 0 | T47: 0 | U47: 0 | V47: 0 | W47: 0 | X47: 0 | Y47: 0 | Z47: 0 | AA47: 0 | AB47: 0 | AC47: 0 | AD47: 0 | AE47: 0 | AF47: 0 | AG47: 0 | AH47: 0 | AI47: 0 | AJ47: 3682 | AK47: 2542 | AL47: 3886 | AM47: 5448 | AN47: 7679 | AO47: 8745 | AP47: 12095 | AQ47: 11867 | AR47: 20250 | AS47: 14191 | AT47: 20929 | AU47: 25380 | AV47: 32490 | AW47: 35073 | AX47: 35326 | AY47: 35837 | AZ47: 41120 | BA47: 38623 | BB47: 43454 | BC47: 46501 | BD47: 45062 | BE47: 49708 | BF47: 51162 | BG47: 49692 | BH47: 56467 | BI47: 61609 | BJ47: 65042
A48: DC Fast Charging Infrastructure (FCI) Credits | B48: MT | C48: 0 | D48: 0 | E48: 0 | F48: 0 | G48: 0 | H48: 0 | I48: 0 | J48: 0 | K48: 0 | L48: 0 | M48: 0 | N48: 0 | O48: 0 | P48: 0 | Q48: 0 | R48: 0 | S48: 0 | T48: 0 | U48: 0 | V48: 0 | W48: 0 | X48: 0 | Y48: 0 | Z48: 0 | AA48: 0 | AB48: 0 | AC48: 0 | AD48: 0 | AE48: 0 | AF48: 0 | AG48: 0 | AH48: 0 | AI48: 0 | AJ48: 710 | AK48: 1938 | AL48: 2639 | AM48: 3562 | AN48: 3687 | AO48: 4030 | AP48: 5789 | AQ48: 11128 | AR48: 8726 | AS48: 11430 | AT48: 12555 | AU48: 17092 | AV48: 21204 | AW48: 24556 | AX48: 26576 | AY48: 24741 | AZ48: 27675 | BA48: 26464 | BB48: 27558 | BC48: 27762 | BD48: 22024 | BE48: 21721 | BF48: 23437 | BG48: 25741 | BH48: 32665 | BI48: 49576 | BJ48: 68329
A49: Administratively Adjusted Credits | B49: MT | C49: -325 | D49: -348 | E49: -359 | F49: -19696 | G49: 12934 | H49: 11885 | I49: 9905 | J49: -13137 | K49: 12049 | L49: 4237 | M49: -11 | N49: -25769 | O49: -1842 | P49: -188 | Q49: -395 | R49: -19040 | S49: -4284 | T49: -255 | U49: -1218 | V49: -15449 | W49: -1776 | X49: -9597 | Y49: -18450 | Z49: -34567 | AA49: -1813 | AB49: -464 | AC49: -1133 | AD49: -6649 | AE49: -1623 | AF49: -11402 | AG49: -1561 | AH49: -15 | AI49: -1876 | AJ49: -171 | AK49: -3150 | AL49: -678 | AM49: -29236 | AN49: -38670 | AO49: -28338 | AP49: -24280 | AQ49: -86952 | AR49: -3383 | AS49: -29549 | AT49: -11100 | AU49: -236635 | AV49: -404 | AW49: -644 | AX49: -28 | AY49: -6942 | AZ49: -35800 | BA49: -76707 | BB49: -8212 | BC49: -339 | BD49: -227093 | BE49: -800 | BF49: 0 | BG49: -385502 | BH49: 0 | BI49: -353 | BJ49: -419817
A51: Total Credits | B51: MT | C51: 275639 | D51: 325071 | E51: 358817 | F51: 334451 | G51: 366391 | H51: 380783 | I51: 471290 | J51: 473045 | K51: 652535 | L51: 832199 | M51: 1132141 | N51: 1137322 | O51: 961263 | P51: 1111616 | Q51: 1148264 | R51: 1079148 | S51: 1102924 | T51: 1307672 | U51: 1510754 | V51: 1566898 | W51: 1907907 | X51: 2416121 | Y51: 2428897 | Z51: 2631117 | AA51: 2195205 | AB51: 2582576 | AC51: 2727781 | AD51: 2515832 | AE51: 2541388 | AF51: 2726705 | AG51: 2827486 | AH51: 3324269 | AI51: 3352215 | AJ51: 3729408 | AK51: 3828328 | AL51: 4098247 | AM51: 3713654 | AN51: 3249313 | AO51: 4063346 | AP51: 4351436 | AQ51: 4073588 | AR51: 5062458 | AS51: 5599235 | AT51: 5660057 | AU51: 5852212 | AV51: 6810985 | AW51: 7025866 | AX51: 7182367 | AY51: 6723579 | AZ51: 7369409 | BA51: 8042591 | BB51: 8563514 | BC51: 8152822 | BD51: 8946978 | BE51: =SUM(BE6:BE21,BE26:BE39,BE43:BE49) -> 9926058.3 | BF51: =SUM(BF6:BF21,BF26:BF39,BF43:BF49) -> 10138484 | BG51: =SUM(BG6:BG21,BG26:BG39,BG43:BG49) -> 8165898 | BH51: =SUM(BH6:BH21,BH26:BH39,BH43:BH49) -> 9905517 | BI51: =SUM(BI6:BI21,BI26:BI39,BI43:BI49) -> 8332789 | BJ51: =SUM(BJ6:BJ21,BJ26:BJ39,BJ43:BJ49) -> 7782322
A52: Cumulative Bank | B52: MT | C52: 143356 | D52: 333667 | E52: 551103 | F52: 748158 | G52: 874289 | H52: 1002322 | I52: 1214030 | J52: 1420409 | K52: 1514140 | L52: 1710199 | M52: 2195727 | N52: 2679484 | O52: 3044507 | P52: 3503001 | Q52: 3991011 | R52: 4412427 | S52: 4915207 | T52: 5562237 | U52: 6376219 | V52: 7256907 | W52: 7537619 | X52: 8312183 | Y52: 9004600 | Z52: 9860228 | AA52: 9699214 | AB52: 9783966 | AC52: 9944882 | AD52: 9864773 | AE52: 9526932 | AF52: 9111900 | AG52: 8798481 | AH52: 8918055 | AI52: 8522907 | AJ52: 8333367 | AK52: 8231564 | AL52: 8438838 | AM52: 8003807 | AN52: 7865061 | AO52: 7926834 | AP52: 8328355 | AQ52: 8119065 | AR52: 8356344 | AS52: 8790204 | AT52: 9755116 | AU52: 10455213 | AV52: 11871742 | AW52: 13690358 | AX52: 15393089 | AY52: 16789200 | AZ52: 18403709 | BA52: 20649191 | BB52: 23673396 | BC52: 26131169 | BD52: =BC52+BD51-BD73 -> 29031384 | BE52: =BD52+BE51-BE73 -> 33078086 | BF52: =BE52+BF51-BF73 -> 37356710 | BG52: =BF52+BG51-BG73 -> 39846323 | BH52: =BG52+BH51-BH73 -> 43258832 | BI52: =BH52+BI51-BI73 -> 41547820 | BJ52: =BI52+BJ51-BJ73 -> 39690212
A53: Cumulative Buffer Account | B53: MT | C53: 0 | D53: 0 | E53: 0 | F53: 0 | G53: 0 | H53: 0 | I53: 0 | J53: 0 | K53: 0 | L53: 0 | M53: 0 | N53: 0 | O53: 0 | P53: 0 | Q53: 0 | R53: 0 | S53: 0 | T53: 0 | U53: 0 | V53: 0 | W53: 0 | X53: 0 | Y53: 0 | Z53: 0 | AA53: 0 | AB53: 0 | AC53: 0 | AD53: 0 | AE53: 0 | AF53: 0 | AG53: 0 | AH53: 0 | AI53: 6371 | AJ53: 6869 | AK53: 10466 | AL53: 11380 | AM53: 12822 | AN53: 12822 | AO53: 12865 | AP53: 13571 | AQ53: 15890 | AR53: 92225 | AS53: 94857 | AT53: 114398 | AU53: 135243 | AV53: 345391 | AW53: 345628 | AX53: 351771 | AY53: 354430 | AZ53: 356816 | BA53: 357487 | BB53: 363752 | BC53: 384175 | BD53: 505962 | BE53: 509712 | BF53: 516467 | BG53: 843847 | BH53: 896583 | BI53: 917157 | BJ53: 920179
A55: Deficits
A56: Fuel Type
A57: Bio-CNG | B57: MT | C57: 0 | D57: 0 | E57: 0 | F57: 0 | G57: 0 | H57: 0 | I57: 0 | J57: 0 | K57: 0 | L57: 0 | M57: 0 | N57: 0 | O57: 0 | P57: 0 | Q57: 0 | R57: 0 | S57: 0 | T57: 0 | U57: 0 | V57: 0 | W57: 0 | X57: 0 | Y57: 0 | Z57: 0 | AA57: 0 | AB57: 0 | AC57: 0 | AD57: 0 | AE57: 0 | AF57: 0 | AG57: 0 | AH57: 0 | AI57: 88 | AJ57: 304 | AK57: 14 | AL57: 263 | AM57: 0 | AN57: 0 | AO57: 0 | AP57: 0 | AQ57: 0 | AR57: 0 | AS57: 60 | AT57: 25 | AU57: 25 | AV57: 26 | AW57: 90 | AX57: 408 | AY57: 577 | AZ57: 201 | BA57: 315 | BB57: 103 | BC57: 0 | BD57: 0 | BE57: 0 | BF57: 0 | BG57: 0 | BH57: 0 | BI57: 29 | BJ57: 0
A58: Bio-LNG | B58: MT | C58: 0 | D58: 0 | E58: 0 | F58: 0 | G58: 0 | H58: 0 | I58: 0 | J58: 0 | K58: 0 | L58: 0 | M58: 0 | N58: 0 | O58: 0 | P58: 0 | Q58: 0 | R58: 0 | S58: 0 | T58: 0 | U58: 0 | V58: 0 | W58: 0 | X58: 0 | Y58: 0 | Z58: 0 | AA58: 0 | AB58: 0 | AC58: 0 | AD58: 0 | AE58: 0 | AF58: 0 | AG58: 0 | AH58: 0 | AI58: 27 | AJ58: 29 | AK58: 43 | AL58: 31 | AM58: 0 | AN58: 0 | AO58: 0 | AP58: 0 | AQ58: 0 | AR58: 0 | AS58: 0 | AT58: 0 | AU58: 0 | AV58: 0 | AW58: 0 | AX58: 0 | AY58: 1 | AZ58: 1 | BA58: 1 | BB58: 0 | BC58: 0 | BD58: 0 | BE58: 0 | BF58: 0 | BG58: 0 | BH58: 0 | BI58: 0 | BJ58: 0
A59: Fossil CNG | B59: MT | C59: 0 | D59: 0 | E59: 0 | F59: 0 | G59: 0 | H59: 0 | I59: 0 | J59: 0 | K59: 0 | L59: 0 | M59: 0 | N59: 0 | O59: 0 | P59: 0 | Q59: 0 | R59: 0 | S59: 0 | T59: 0 | U59: 0 | V59: 0 | W59: 0 | X59: 0 | Y59: 11 | Z59: 32 | AA59: 131 | AB59: 132 | AC59: 145 | AD59: 169 | AE59: 133 | AF59: 57 | AG59: 116 | AH59: 74 | AI59: 332 | AJ59: 481 | AK59: 604 | AL59: 84 | AM59: 0 | AN59: 0 | AO59: 0 | AP59: 0 | AQ59: 0 | AR59: 0 | AS59: 0 | AT59: 0 | AU59: 0 | AV59: 0 | AW59: 0 | AX59: 0 | AY59: 0 | AZ59: 0 | BA59: 0 | BB59: 0 | BC59: 7 | BD59: 5 | BE59: 6 | BF59: 4 | BG59: 488 | BH59: 157 | BI59: 505 | BJ59: 377
A60: Fossil LNG | B60: MT | C60: 0 | D60: 0 | E60: 0 | F60: 0 | G60: 0 | H60: 0 | I60: 0 | J60: 0 | K60: 0 | L60: 0 | M60: 0 | N60: 0 | O60: 0 | P60: 0 | Q60: 0 | R60: 0 | S60: 0 | T60: 0 | U60: 0 | V60: 0 | W60: 0 | X60: 0 | Y60: 0 | Z60: 0 | AA60: 46 | AB60: 0 | AC60: 1 | AD60: 0 | AE60: 0 | AF60: 0 | AG60: 0 | AH60: 0 | AI60: 121 | AJ60: 225 | AK60: 76 | AL60: 103 | AM60: 16 | AN60: 0 | AO60: 0 | AP60: 10 | AQ60: 0 | AR60: 0 | AS60: 0 | AT60: 0 | AU60: 340 | AV60: 231 | AW60: 293 | AX60: 936 | AY60: 0 | AZ60: 0 | BA60: 0 | BB60: 0 | BC60: 14 | BD60: 0 | BE60: 0 | BF60: 0 | BG60: 0 | BH60: 4 | BI60: 2
A61: Hydrogen | B61: MT | C61: 0 | D61: 0 | E61: 0 | G61: 0 | H61: 0 | I61: 0 | J61: 0 | K61: 0 | L61: 0 | M61: 0 | N61: 0 | O61: 0 | P61: 0 | Q61: 0 | R61: 0 | S61: 0 | T61: 0 | U61: 0 | V61: 0 | W61: 0 | X61: 0 | Y61: 0 | Z61: 0 | AA61: 0 | AB61: 0 | AC61: 0 | AD61: 0 | AE61: 0 | AF61: 0 | AG61: 0 | AH61: 0 | AI61: 0 | AJ61: 0 | AK61: 0 | AL61: 0 | AM61: 0 | AN61: 0 | AO61: 0 | AP61: 0 | AQ61: 0 | AR61: 0 | AS61: 0 | AT61: 0 | AU61: 0 | AV61: 0 | AW61: 0 | AX61: 0 | AY61: 0 | AZ61: 0 | BA61: 0 | BB61: 0 | BC61: 0 | BD61: 0 | BE61: 8 | BF61: 23 | BG61: 17 | BH61: 15 | BI61: 36 | BJ61: 34
A62: Ethanol | B62: MT | C62: 10912 | D62: 5631 | E62: 9159 | F62: 8294 | G62: 2721 | H62: 2069 | I62: 3686 | J62: 6188 | K62: 14700 | L62: 26774 | M62: 23745 | N62: 34995 | O62: 26650 | P62: 29203 | Q62: 18762 | R62: 13371 | S62: 14858 | T62: 20542 | U62: 32794 | V62: 60181 | W62: 38262 | X62: 26159 | Y62: 46147 | Z62: 91725 | AA62: 60198 | AB62: 47091 | AC62: 61440 | AD62: 114629 | AE62: 48175 | AF62: 35502 | AG62: 62455 | AH62: 52912 | AI62: 158549 | AJ62: 83850 | AK62: 83738 | AL62: 57767 | AM62: 78437 | AN62: 92364 | AO62: 33201 | AP62: 68269 | AQ62: 46722 | AR62: 28024 | AS62: 147000 | AT62: 35919 | AU62: 30612 | AV62: 30359 | AW62: 33754 | AX62: 51873 | AY62: 28936 | AZ62: 64809 | BA62: 42767 | BB62: 51231 | BC62: 29210 | BD62: 30899 | BE62: 35126 | BF62: 20601 | BG62: 30626 | BH62: 30903 | BI62: 20166 | BJ62: 12009
A63: Biodiesel | B63: MT | C63: 0 | D63: 271 | E63: 359 | F63: 276 | G63: 924 | H63: 24 | I63: 1 | J63: 96 | K63: 439 | L63: 970 | M63: 7289 | N63: 13425 | O63: 10373 | P63: 26434 | Q63: 11558 | R63: 6288 | S63: 16913 | T63: 17806 | U63: 20768 | V63: 24665 | W63: 21255 | X63: 3458 | Y63: 674 | Z63: 407 | AA63: 8 | AB63: 1506 | AC63: 2954 | AD63: 3173 | AE63: 8746 | AF63: 5862 | AG63: 8794 | AH63: 11605 | AI63: 473 | AJ63: 3580 | AK63: 18362 | AL63: 13127 | AM63: 1650 | AN63: 1556 | AO63: 13366 | AP63: 6181 | AQ63: 148 | AR63: 293 | AS63: 426 | AT63: 186 | AU63: 1111 | AV63: 837 | AW63: 4125 | AX63: 557 | AY63: 2920 | AZ63: 6333 | BA63: 557 | BB63: 2291 | BC63: 8946 | BD63: 13926 | BE63: 11978 | BF63: 3 | BG63: 618 | BH63: 3579 | BI63: 7949 | BJ63: 13279
A64: Renewable Diesel | B64: MT | C64: 0 | D64: 0 | E64: 0 | F64: 0 | G64: 0 | H64: 0 | I64: 0 | J64: 0 | K64: 48 | L64: 128 | M64: 7700 | N64: 4743 | O64: 232 | P64: 0 | Q64: 399 | R64: 162 | S64: 298 | T64: 1416 | U64: 1823 | V64: 1155 | W64: 8060 | X64: 1189 | Y64: 93 | Z64: 67925 | AA64: 2043 | AB64: 2565 | AC64: 2218 | AD64: 861 | AE64: 0 | AF64: 32455 | AG64: 0 | AH64: 160519 | AI64: 0 | AJ64: 277 | AK64: 9864 | AL64: 59 | AM64: 692 | AN64: 631 | AO64: 417 | AP64: 133 | AQ64: 47 | AR64: 437 | AS64: 177 | AT64: 307 | AU64: 526 | AV64: 56 | AW64: 33 | AX64: 39398 | AY64: 3724 | AZ64: 13991 | BA64: 1421 | BB64: 21787 | BC64: 16981 | BD64: 1885 | BE64: 4218 | BF64: 902 | BG64: 7393 | BH64: 6619 | BI64: 821 | BJ64: 15120
A65: Alternative Jet Fuel | B65: MT | C65: 0 | D65: 0 | E65: 0 | F65: 0 | G65: 0 | H65: 0 | I65: 0 | J65: 0 | K65: 0 | L65: 0 | M65: 0 | N65: 0 | O65: 0 | P65: 0 | Q65: 0 | R65: 0 | S65: 0 | T65: 0 | U65: 0 | V65: 0 | W65: 0 | X65: 0 | Y65: 0 | Z65: 0 | AA65: 0 | AB65: 0 | AC65: 0 | AD65: 0 | AE65: 0 | AF65: 0 | AG65: 0 | AH65: 0 | AI65: 0 | AJ65: 0 | AK65: 0 | AL65: 0 | AM65: 0 | AN65: 0 | AO65: 0 | AP65: 0 | AQ65: 0 | AR65: 0 | AS65: 0 | AT65: 0 | AU65: 85 | AV65: 0 | AW65: 0 | AX65: 0 | AY65: 0 | AZ65: 0 | BA65: 1318 | BB65: 0 | BC65: 0 | BD65: 618 | BE65: 0 | BF65: 736 | BG65: 80 | BH65: 0 | BI65: 0 | BJ65: 0
A66: Renewable Gasoline Blendstocks | B66: MT | C66: 0 | D66: 0 | E66: 0 | F66: 0 | G66: 0 | H66: 0 | I66: 0 | J66: 0 | K66: 0 | L66: 0 | M66: 0 | N66: 0 | O66: 0 | P66: 0 | Q66: 0 | R66: 0 | S66: 0 | T66: 0 | U66: 0 | V66: 0 | W66: 0 | X66: 0 | Y66: 0 | Z66: 0 | AA66: 0 | AB66: 0 | AC66: 0 | AD66: 0 | AE66: 0 | AF66: 0 | AG66: 0 | AH66: 0 | AI66: 0 | AJ66: 0 | AK66: 0 | AL66: 0 | AM66: 0 | AN66: 0 | AO66: 0 | AP66: 0 | AQ66: 0 | AR66: 0 | AS66: 0 | AT66: 0 | AU66: 0 | AV66: 0 | AW66: 158 | AX66: 171 | AY66: 0 | AZ66: 0 | BA66: 122 | BB66: 132 | BC66: 558 | BD66: 0 | BE66: 0 | BF66: 2277 | BG66: 616 | BH66: 227
A67: Renewable Naphtha | B67: MT | BI67: 173 | BJ67: 5413
A68: Propane | B68: MT | C68: 0 | D68: 0 | E68: 0 | F68: 0 | G68: 0 | H68: 0 | I68: 0 | J68: 0 | K68: 0 | L68: 0 | M68: 0 | N68: 0 | O68: 0 | P68: 0 | Q68: 0 | R68: 0 | S68: 0 | T68: 0 | U68: 0 | V68: 0 | W68: 0 | X68: 0 | Y68: 0 | Z68: 0 | AA68: 0 | AB68: 0 | AC68: 0 | AD68: 0 | AE68: 0 | AF68: 0 | AG68: 0 | AH68: 0 | AI68: 0 | AJ68: 0 | AK68: 0 | AL68: 0 | AM68: 0 | AN68: 0 | AO68: 0 | AP68: 0 | AQ68: 91 | AR68: 106 | AS68: 109 | AT68: 116 | AU68: 220 | AV68: 208 | AW68: 196 | AX68: 208 | AY68: 340 | AZ68: 317 | BA68: 264 | BB68: 283 | BC68: 330 | BD68: 311 | BE68: 270 | BF68: 346 | BG68: 378 | BH68: 301 | BI68: 710 | BJ68: 636
A69: CARBOB | B69: MT | C69: 95253 | D69: 98992 | E69: 100463 | F69: 99485 | G69: 186996 | H69: 192643 | I69: 193200 | J69: 202006 | K69: 437209 | L69: 483643 | M69: 486650 | N69: 488597 | O69: 455882 | P69: 480051 | Q69: 496025 | R69: 516229 | S69: 463914 | T69: 500975 | U69: 514683 | V69: 488172 | W69: 1347800 | X69: 1373035 | Y69: 1415623 | Z69: 1400611 | AA69: 1912572 | AB69: 2044977 | AC69: 2067097 | AD69: 2037771 | AE69: 2469411 | AF69: 2644561 | AG69: 2639633 | AH69: 2580230 | AI69: 3004271 | AJ69: 3179635 | AK69: 3148565 | AL69: 3182791 | AM69: 3331845 | AN69: 2519031 | AO69: 3116361 | AP69: 3060571 | AQ69: 3385279 | AR69: 3809907 | AS69: 3998145 | AT69: 3785784 | AU69: 4050918 | AV69: 4244964 | AW69: 4107507 | AX69: 4300153 | AY69: 4325283 | AZ69: 4681729 | BA69: 4684492 | BB69: 4531806 | BC69: 4825036 | BD69: 5161198 | BE69: 4845687 | BF69: 5041196 | BG69: 5028968 | BH69: 5613454 | BI69: 8571309 | BJ69: 8366353
A70: Diesel | B70: MT | C70: 26118 | D70: 29866 | E70: 31400 | F70: 29341 | G70: 49619 | H70: 58014 | I70: 62695 | J70: 58376 | K70: 106408 | L70: 124625 | M70: 121229 | N70: 111805 | O70: 103103 | P70: 117434 | Q70: 133510 | R70: 121682 | S70: 104161 | T70: 119903 | U70: 126704 | V70: 112037 | W70: 211818 | X70: 237716 | Y70: 273932 | Z70: 214789 | AA70: 381221 | AB70: 401553 | AC70: 433010 | AD70: 439338 | AE70: 352764 | AF70: 423300 | AG70: 429907 | AH70: 399355 | AI70: 583502 | AJ70: 650567 | AK70: 668865 | AL70: 636748 | AM70: 629505 | AN70: 688077 | AO70: 734698 | AP70: 713330 | AQ70: 681122 | AR70: 794393 | AS70: 818647 | AT70: 686782 | AU70: 677014 | AV70: 707910 | AW70: 666222 | AX70: 674633 | AY70: 535167 | AZ70: 526564 | BA70: 597732 | BB70: 487657 | BC70: 367196 | BD70: 362833 | BE70: 519244 | BF70: 331852 | BG70: 290961 | BH70: 475165 | BI70: 1084147 | BJ70: 883768
A71: CARBOB Incremental Deficits | B71: MT | C71: 0 | D71: 0 | E71: 0 | F71: 0 | G71: 0 | H71: 0 | I71: 0 | J71: 0 | K71: 0 | L71: 0 | M71: 0 | N71: 0 | O71: 0 | P71: 0 | Q71: 0 | R71: 0 | S71: 0 | T71: 0 | U71: 0 | V71: 0 | W71: 0 | X71: 0 | Y71: 0 | Z71: 0 | AA71: 0 | AB71: 0 | AC71: 0 | AD71: 0 | AE71: 0 | AF71: 0 | AG71: 0 | AH71: 0 | AI71: 0 | AJ71: 0 | AK71: 0 | AL71: 0 | AM71: 86607 | AN71: 65377 | AO71: 81086 | AP71: 79632 | AQ71: 137698 | AR71: 154966 | AS71: 162626 | AT71: 153988 | AU71: 329227 | AV71: 344997 | AW71: 333825 | AX71: 349482 | AY71: 378507 | AZ71: 409700 | BA71: 409940 | BB71: 396551 | BC71: 412276 | BD71: 441002 | BE71: 414040 | BF71: 430746 | BG71: 297393 | BH71: 331957 | BI71: 317854 | BJ71: 310252
A72: Diesel Incremental Deficits | B72: MT | C72: 0 | D72: 0 | E72: 0 | F72: 0 | G72: 0 | H72: 0 | I72: 0 | J72: 0 | K72: 0 | L72: 0 | M72: 0 | N72: 0 | O72: 0 | P72: 0 | Q72: 0 | R72: 0 | S72: 0 | T72: 0 | U72: 0 | V72: 0 | W72: 0 | X72: 0 | Y72: 0 | Z72: 0 | AA72: 0 | AB72: 0 | AC72: 0 | AD72: 0 | AE72: 0 | AF72: 0 | AG72: 0 | AH72: 0 | AI72: 0 | AJ72: 0 | AK72: 0 | AL72: 0 | AM72: 19933 | AN72: 21023 | AO72: 22444 | AP72: 21789 | AQ72: 31771 | AR72: 37053 | AS72: 38185 | AT72: 32038 | AU72: 62037 | AV72: 64868 | AW72: 61047 | AX72: 61817 | AY72: 52013 | AZ72: 51255 | BA72: 58180 | BB72: 47468 | BC72: 34495 | BD72: 34086 | BE72: 48779 | BF72: 31174 | BG72: 18747 | BH72: 30627 | BI72: 40100 | BJ72: 32689
A73: Total Deficits | B73: MT | C73: 132283 | D73: 134760 | E73: 141381 | F73: 137396 | G73: 240260 | H73: 252750 | I73: 259582 | J73: 266666 | K73: 558804 | L73: 636140 | M73: 646613 | N73: 653565 | O73: 596240 | P73: 653122 | Q73: 660254 | R73: 657732 | S73: 600144 | T73: 660642 | U73: 696772 | V73: 686210 | W73: 1627195 | X73: 1641557 | Y73: 1736480 | Z73: 1775489 | AA73: 2356219 | AB73: 2497824 | AC73: 2566865 | AD73: 2595941 | AE73: 2879229 | AF73: 3141737 | AG73: 3140905 | AH73: 3204695 | AI73: 3747363 | AJ73: 3918948 | AK73: 3930131 | AL73: 3890973 | AM73: 4148685 | AN73: 3388059 | AO73: 4001573 | AP73: 3949915 | AQ73: 4282878 | AR73: 4825179 | AS73: 5165375 | AT73: 4695145 | AU73: 5152115 | AV73: 5394456 | AW73: 5207250 | AX73: 5479636 | AY73: 5327468 | AZ73: 5754900 | BA73: 5797109 | BB73: 5539309 | BC73: 5695049 | BD73: 6046763 | BE73: =SUM(BE57:BE72) -> 5879356 | BF73: =SUM(BF57:BF72) -> 5859860 | BG73: =SUM(BG57:BG72) -> 5676285 | BH73: =SUM(BH57:BH72) -> 6493008 | BI73: =SUM(BI57:BI72) -> 10043801 | BJ73: =SUM(BJ57:BJ72) -> 9639930
A75: Total Volume by Fuel Type
A76: Bio-CNG | B76: dge | C76: 0 | D76: 0 | E76: 0 | F76: 0 | G76: 0 | H76: 0 | I76: 0 | J76: 0 | K76: 0 | L76: 7532 | M76: 2583509 | N76: 2995901 | O76: 2726000 | P76: 2881044 | Q76: 4617725 | R76: 5258002 | S76: 6720568 | T76: 9981749 | U76: 11049178 | V76: 11447850 | W76: 14450356 | X76: 14575659 | Y76: 15378044 | Z76: 15905540 | AA76: 16917328 | AB76: 21283092 | AC76: 24185491 | AD76: 24066273 | AE76: 23996868 | AF76: 24647401 | AG76: 27435046 | AH76: 29113530 | AI76: 28550655 | AJ76: 31338196 | AK76: 32016663 | AL76: 30980609 | AM76: 32763027 | AN76: 28814425 | AO76: 35738973 | AP76: 36289300 | AQ76: 34313992 | AR76: 39658233 | AS76: 42853248 | AT76: 41459320 | AU76: 41865704 | AV76: 43596547 | AW76: 45788738 | AX76: 44728207 | AY76: 44983298 | AZ76: 47131654 | BA76: 48708311 | BB76: 48171958 | BC76: 48258163 | BD76: 50933328 | BE76: 53533091 | BF76: 52667016 | BG76: 48547569 | BH76: 53085487 | BI76: 55440053 | BJ76: 54170366
A77: Bio-LNG | B77: dge | C77: 236835 | D77: 328532 | E77: 530962 | F77: 478928 | G77: 468876 | H77: 453202 | I77: 384063 | J77: 287824 | K77: 439275 | L77: 612128 | M77: 2546125 | N77: 1052125 | O77: 1639132 | P77: 1064074 | Q77: 4714630 | R77: 5841140 | S77: 5277303 | T77: 6367592 | U77: 7259890 | V77: 8307511 | W77: 6595776 | X77: 7661496 | Y77: 7645395 | Z77: 7035914 | AA77: 6712351 | AB77: 6146649 | AC77: 3943161 | AD77: 3529130 | AE77: 3637857 | AF77: 3678466 | AG77: 3844316 | AH77: 3532362 | AI77: 3621779 | AJ77: 3620430 | AK77: 4599876 | AL77: 4554189 | AM77: 4573936 | AN77: 4396610 | AO77: 4566252 | AP77: 4446816 | AQ77: 4123135 | AR77: 4146664 | AS77: 4033042 | AT77: 3968462 | AU77: 3668607 | AV77: 3893434 | AW77: 3960769 | AX77: 3224680 | AY77: 3488791 | AZ77: 3664461 | BA77: 3463640 | BB77: 3490514 | BC77: 3416751 | BD77: 3233384 | BE77: 3409504 | BF77: 3230509 | BG77: 2861797 | BH77: 2980851 | BI77: 2981259 | BJ77: 2641391
A78: Fossil CNG | B78: dge | C78: 12882107 | D78: 13284682 | E78: 13100333 | F78: 12816759 | G78: 12797724 | H78: 13185688 | I78: 15819989 | J78: 15375874 | K78: 15442500 | L78: 15802030 | M78: 14502449 | N78: 14939119 | O78: 16653725 | P78: 20181754 | Q78: 19709585 | R78: 19332234 | S78: 18221747 | T78: 15299622 | U78: 15624093 | V78: 15225821 | W78: 13254354 | X78: 13751707 | Y78: 13280307 | Z78: 13057045 | AA78: 13579389 | AB78: 12297213 | AC78: 12146075 | AD78: 11480263 | AE78: 12387493 | AF78: 13341294 | AG78: 11894748 | AH78: 9083378 | AI78: 9695036 | AJ78: 9532882 | AK78: 10747480 | AL78: 9382934 | AM78: 5690749 | AN78: 3821920 | AO78: 2101106 | AP78: 743403 | AQ78: 736035 | AR78: 919368 | AS78: 838873 | AT78: 1498270 | AU78: 1121123 | AV78: 1542702 | AW78: 1568655 | AX78: 1932660 | AY78: 1453772 | AZ78: 1727616 | BA78: 2476243 | BB78: 1136609 | BC78: 669303 | BD78: 554319 | BE78: 512824 | BF78: 450026 | BG78: 3152808 | BH78: 1040240 | BI78: 529324 | BJ78: 393451
A79: Fossil LNG | B79: dge | C79: 4873272 | D79: 5280822 | E79: 5590548 | F79: 5575898 | G79: 5700917 | H79: 6766131 | I79: 7146246 | J79: 7770974 | K79: 9049261 | L79: 7133604 | M79: 5511333 | N79: 6737719 | O79: 6364147 | P79: 7378353 | Q79: 4195237 | R79: 2980243 | S79: 3242037 | T79: 2272593 | U79: 1516622 | V79: 496127 | W79: 826157 | X79: 701112 | Y79: 668756 | Z79: 696347 | AA79: 426898 | AB79: 75136 | AC79: 422474 | AD79: 616215 | AE79: 357360 | AF79: 373106 | AG79: 310021 | AH79: 416933 | AI79: 301992 | AJ79: 561969 | AK79: 190112 | AL79: 256572 | AM79: 28243 | AN79: 0 | AO79: 0 | AP79: 18901 | AQ79: 0 | AR79: 0 | AS79: 0 | AT79: 0 | AU79: 185544 | AV79: 126282 | AW79: 159800 | AX79: 510556 | AY79: 5 | AZ79: 9 | BA79: 10 | BB79: 14 | BC79: 6687 | BD79: 0 | BE79: 0 | BF79: 0 | BG79: 0 | BH79: 1766 | BI79: 784
A80: Hydrogen | B80: gge | C80: 0 | D80: 0 | E80: 0 | F80: 0 | G80: 0 | H80: 0 | I80: 0 | J80: 0 | K80: 0 | L80: 0 | M80: 0 | N80: 0 | O80: 0 | P80: 0 | Q80: 0 | R80: 0 | S80: 0 | T80: 0 | U80: 2364 | V80: 1113 | W80: 1519 | X80: 1255 | Y80: 41 | Z80: 88 | AA80: 43492 | AB80: 63903 | AC80: 76453 | AD80: 84347 | AE80: 113659 | AF80: 133239 | AG80: 142747 | AH80: 169048 | AI80: 238089 | AJ80: 277324 | AK80: 328143 | AL80: 353700 | AM80: 329375 | AN80: 244951 | AO80: 355412 | AP80: 399905 | AQ80: 363821 | AR80: 496037 | AS80: 505765 | AT80: 565849 | AU80: 597722 | AV80: 753576 | AW80: 778278 | AX80: 768258 | AY80: 711810 | AZ80: 768618 | BA80: 742122 | BB80: 691559 | BC80: 673609 | BD80: 677824 | BE80: 615517 | BF80: 581074 | BG80: 559721 | BH80: 612818 | BI80: 401896 | BJ80: 383677
A81: Ethanol | B81: gal | C81: 355943296 | D81: 387851229 | E81: 388872431 | F81: 357487052 | G81: 370292343 | H81: 374917388 | I81: 366019124 | J81: 363269339 | K81: 368807852 | L81: 358046201 | M81: 389863889 | N81: 362161026 | O81: 350786119 | P81: 364681336 | Q81: 392531450 | R81: 376855202 | S81: 372469285 | T81: 390499794 | U81: 383972772 | V81: 352283939 | W81: 414527490 | X81: 397227736 | Y81: 404071329 | Z81: 381748251 | AA81: 376822538 | AB81: 401825385 | AC81: 418522596 | AD81: 377787880 | AE81: 380940912 | AF81: 386000352 | AG81: 433159405 | AH81: 400757236 | AI81: 355104114 | AJ81: 416323940 | AK81: 392894297 | AL81: 393077295 | AM81: 375148591 | AN81: 228754963 | AO81: 365721128 | AP81: 329435151 | AQ81: 285646782 | AR81: 402071258 | AS81: 379076451 | AT81: 354054243 | AU81: 350868379 | AV81: 366275626 | AW81: 383805655 | AX81: 354490408 | AY81: 347939242 | AZ81: 296481588 | BA81: 382422796 | BB81: 354633081 | BC81: 344225384 | BD81: 365945518 | BE81: 368259292 | BF81: 374775104 | BG81: 339779634 | BH81: 354543912 | BI81: 363268730 | BJ81: 352958954
A82: Biodiesel | B82: gal | C82: 1954349 | D82: 2623187 | E82: 3477614 | F82: 4482442 | G82: 5006202 | H82: 6502404 | I82: 4240695 | J82: 4226644 | K82: 5481532 | L82: 13975203 | M82: 13936349 | N82: 26508045 | O82: 16037416 | P82: 16122376 | Q82: 13880356 | R82: 20757948 | S82: 19632811 | T82: 28502517 | U82: 42889152 | V82: 35425955 | W82: 28882258 | X82: 35790526 | Y82: 45225506 | Z82: 53450453 | AA82: 38177310 | AB82: 37575247 | AC82: 50257498 | AD82: 43756532 | AE82: 36595945 | AF82: 40693700 | AG82: 49904077 | AH82: 57231365 | AI82: 41827876 | AJ82: 57413156 | AK82: 56880071 | AL82: 55445419 | AM82: 56349932 | AN82: 59271313 | AO82: 69710273 | AP82: 81113099 | AQ82: 61422026 | AR82: 78153595 | AS82: 77619602 | AT82: 72876457 | AU82: 70878960 | AV82: 67195260 | AW82: 72306901 | AX82: 71232651 | AY82: 68541019 | AZ82: 60275869 | BA82: 67129512 | BB82: 72940256 | BC82: 64404789 | BD82: 55754578 | BE82: 58423071 | BF82: 64794424 | BG82: 49913221 | BH82: 49809958 | BI82: 57645483 | BJ82: 53878407
A83: Renewable Diesel | B83: gal | C83: 325266 | D83: 356935 | E83: 462226 | F83: 659061 | G83: 712233 | H83: 723231 | I83: 843696 | J83: 6535747 | K83: 8182191 | L83: 23562582 | M83: 40409392 | N83: 44784857 | O83: 25871987 | P83: 26668165 | Q83: 36487197 | R83: 23817520 | S83: 27058770 | T83: 40776364 | U83: 51165569 | V83: 46155232 | W83: 43663408 | X83: 75711296 | Y83: 63846512 | Z83: 72449941 | AA83: 68700606 | AB83: 94202959 | AC83: 95429959 | AD83: 77130870 | AE83: 93949619 | AF83: 100488727 | AG83: 79736407 | AH83: 109391300 | AI83: 159583033 | AJ83: 160308777 | AK83: 133219894 | AL83: 164778486 | AM83: 130973476 | AN83: 151994539 | AO83: 140072718 | AP83: 165950498 | AQ83: 199089761 | AR83: 218785737 | AS83: 250252477 | AT83: 272878865 | AU83: 313529997 | AV83: 345932564 | AW83: 351185786 | AX83: 370331676 | AY83: 404778818 | AZ83: 481200270 | BA83: 531797418 | BB83: 547388851 | BC83: 518276102 | BD83: 603001119 | BE83: 652057695 | BF83: 673220784 | BG83: 532099124 | BH83: 606858725 | BI83: 538599472 | BJ83: 530177051
A84: Alternative Jet Fuel | B84: gal | C84: 0 | D84: 0 | E84: 0 | F84: 0 | G84: 0 | H84: 0 | I84: 0 | J84: 0 | K84: 0 | L84: 0 | M84: 0 | N84: 0 | O84: 0 | P84: 0 | Q84: 0 | R84: 0 | S84: 0 | T84: 0 | U84: 0 | V84: 0 | W84: 0 | X84: 0 | Y84: 0 | Z84: 0 | AA84: 0 | AB84: 0 | AC84: 0 | AD84: 0 | AE84: 0 | AF84: 0 | AG84: 0 | AH84: 0 | AI84: 0 | AJ84: 723542 | AK84: 693621 | AL84: 445027 | AM84: 284190 | AN84: 1315875 | AO84: 2388230 | AP84: 570655 | AQ84: 873456 | AR84: 2528070 | AS84: 1717347 | AT84: 3078857 | AU84: 993399 | AV84: 4923344 | AW84: 4078887 | AX84: 1608959 | AY84: 4696266 | AZ84: 6897301 | BA84: 4177769 | BB84: 7266054 | BC84: 10703076 | BD84: 23560446 | BE84: 24478866 | BF84: 33162028 | BG84: 34089698 | BH84: 23424401 | BI84: 28678362 | BJ84: 33323893
A85: Renewable Gasoline Blendstocks | B85: gal | C85: 0 | D85: 0 | E85: 0 | F85: 0 | G85: 0 | H85: 0 | I85: 0 | J85: 0 | K85: 0 | L85: 0 | M85: 0 | N85: 0 | O85: 0 | P85: 0 | Q85: 0 | R85: 0 | S85: 0 | T85: 0 | U85: 0 | V85: 0 | W85: 0 | X85: 0 | Y85: 0 | Z85: 0 | AA85: 0 | AB85: 0 | AC85: 0 | AD85: 0 | AE85: 0 | AF85: 0 | AG85: 0 | AH85: 170876 | AI85: 107933 | AJ85: 673134 | AK85: 175948 | AL85: 290046 | AM85: 352423 | AN85: 447211 | AO85: 815855 | AP85: 591098 | AQ85: 2427368 | AR85: 4222140 | AS85: 2350926 | AT85: 2107524 | AU85: 3145585 | AV85: 5142085 | AW85: 1682809 | AX85: 2186301 | AY85: 3650982 | AZ85: 7593875 | BA85: 13728337 | BB85: 6221948 | BC85: 7520995 | BD85: 7566471 | BE85: 5966715 | BF85: 2572093 | BG85: 5529924 | BH85: 3771915
A86: Renewable Naphtha | B86: gal | BI86: 3658696 | BJ86: 5162871
A87: Propane | B87: gal | C87: 0 | D87: 0 | E87: 0 | F87: 0 | G87: 0 | H87: 0 | I87: 0 | J87: 0 | K87: 0 | L87: 0 | M87: 0 | N87: 0 | O87: 0 | P87: 0 | Q87: 0 | R87: 0 | S87: 0 | T87: 0 | U87: 0 | V87: 0 | W87: 0 | X87: 0 | Y87: 0 | Z87: 0 | AA87: 0 | AB87: 0 | AC87: 0 | AD87: 0 | AE87: 0 | AF87: 0 | AG87: 0 | AH87: 0 | AI87: 190467 | AJ87: 960366 | AK87: 1724129 | AL87: 1798336 | AM87: 6001038 | AN87: 8440645 | AO87: 8606498 | AP87: 8556202 | AQ87: 9846959 | AR87: 9328671 | AS87: 10414518 | AT87: 10926053 | AU87: 11518549 | AV87: 11827577 | AW87: 11286318 | AX87: 10655747 | AY87: 9925855 | AZ87: 9481514 | BA87: 9739520 | BB87: 9710622 | BC87: 9352107 | BD87: 9024625 | BE87: 8286227 | BF87: 9706895 | BG87: 8696062 | BH87: 8649275 | BI87: 8314402 | BJ87: 9043651
A88: CARBOB | B88: gal | C88: 3187578208 | D88: 3294107893 | E88: 3320247258 | F88: 3323012827 | G88: 3189895483 | H88: 3273254068 | I88: 3298505633 | J88: 3449039221 | K88: 2991042519 | L88: 3298305567 | M88: 3336711067 | N88: 3347165477 | O88: 3118899568 | P88: 3279279406 | Q88: 3395731910 | R88: 3539912317 | S88: 3158733458 | T88: 3433573365 | U88: 3514621395 | V88: 3337634199 | W88: 3435633723 | X88: 3478700777 | Y88: 3566483826 | Z88: 3572453275 | AA88: 3341219548 | AB88: 3529939560 | AC88: 3617739626 | AD88: 3579790158 | AE88: 3314263901 | AF88: 3500848195 | AG88: 3521521071 | AH88: 3442349061 | AI88: 3311327792 | AJ88: 3490625083 | AK88: 3427420016 | AL88: 3508158465 | AM88: 3139225686 | AN88: 2376026761 | AO88: 2927129520 | AP88: 2896415790 | AQ88: 2799387705 | AR88: 3139905796 | AS88: 3318341379 | AT88: 3136312673 | AU88: 2983974937 | AV88: 3133500850 | AW88: 3035445489 | AX88: 3178048650 | AY88: 2877639926 | AZ88: 3101909762 | BA88: 3117814822 | BB88: 3011760731 | BC88: 2923005317 | BD88: 3126653399 | BE88: 2920630023 | BF88: 3052971471 | BG88: 2785273104 | BH88: 3118823629 | BI88: 2986408204 | BJ88: 2916188271
A89: Diesel | B89: gal | C89: 806819602 | D89: 898714606 | E89: 969964838 | F89: 909161464 | G89: 771973725 | H89: 891135601 | I89: 990066549 | J89: 922317155 | K89: 801458731 | L89: 933891967 | M89: 914337244 | N89: 848422498 | O89: 782052674 | P89: 853357445 | Q89: 928242072 | R89: 923253715 | S89: 780306276 | T89: 891669978 | U89: 945127593 | V89: 848568072 | W89: 771524952 | X89: 852507840 | Y89: 995644592 | Z89: 762491040 | AA89: 758909481 | AB89: 811130582 | AC89: 878738400 | AD89: 893171901 | AE89: 711401767 | AF89: 849679238 | AG89: 861843804 | AH89: 787497672 | AI89: 684643231 | AJ89: 757142167 | AK89: 791474334 | AL89: 754020517 | AM89: 621673074 | AN89: 679469633 | AO89: 723665358 | AP89: 701111104 | AQ89: 574933496 | AR89: 672080316 | AS89: 688878020 | AT89: 581035867 | AU89: 501465695 | AV89: 522236878 | AW89: 487457259 | AX89: 499215002 | AY89: 350392323 | AZ89: 344959500 | BA89: 392693153 | BB89: 320738602 | BC89: 217083416 | BD89: 214595114 | BE89: 307009591 | BF89: 196470892 | BG89: 155720477 | BH89: 254311530 | BI89: 335041511 | BJ89: 273160634
A91: Electricity Total Volume
A92: Fuel Application Type
A93: Electricity – Onroad EV charging – LDV/MDV | B93: gge | C93: 21816 | D93: 60591 | E93: 119059 | F93: 171607 | G93: 220891 | H93: 271183 | I93: 355146 | J93: 468250 | K93: 575617 | L93: 746463 | M93: 957652 | N93: 1320154 | O93: 1595430 | P93: 1950333 | Q93: 2266455 | R93: 2640450 | S93: 2820481 | T93: 2990668 | U93: 3498333 | V93: 3652731 | W93: 4872477 | X93: 5167531 | Y93: 5538669 | Z93: 6455415 | AA93: 7501199 | AB93: 7582920 | AC93: 8034459 | AD93: 8638298 | AE93: 10704547 | AF93: 11940226 | AG93: 13760081 | AH93: 15097403 | AI93: 0 | AJ93: 0 | AK93: 0 | AL93: 0 | AM93: 0 | AN93: 0 | AO93: 0 | AP93: 0 | AQ93: 0 | AR93: 0 | AS93: 0 | AT93: 0 | AU93: 0 | AV93: 0 | AW93: 0 | AX93: 0 | AY93: 0 | AZ93: 0 | BA93: 0 | BB93: 0 | BC93: 0 | BD93: 0 | BE93: 0 | BF93: 0 | BG93: 0 | BH93: 0 | BI93: 0 | BJ93: 0
A94: Electricity – Onroad EV charging – HDV | B94: gge | C94: 0 | D94: 1624 | E94: 0 | F94: 0 | G94: 0 | H94: 0 | I94: 0 | J94: 0 | K94: 0 | L94: 0 | M94: 0 | N94: 0 | O94: 0 | P94: 0 | Q94: 0 | R94: 0 | S94: 0 | T94: 0 | U94: 7186 | V94: 6427 | W94: 8685 | X94: 10049 | Y94: 10519 | Z94: 10947 | AA94: 13207 | AB94: 13775 | AC94: 14705 | AD94: 17400 | AE94: 24451 | AF94: 24140 | AG94: 39552 | AH94: 51069 | AI94: 0 | AJ94: 0 | AK94: 0 | AL94: 0 | AM94: 0 | AN94: 0 | AO94: 0 | AP94: 0 | AQ94: 0 | AR94: 0 | AS94: 0 | AT94: 0 | AU94: 0 | AV94: 0 | AW94: 0 | AX94: 0 | AY94: 0 | AZ94: 0 | BA94: 0 | BB94: 0 | BC94: 0 | BD94: 0 | BE94: 0 | BF94: 0 | BG94: 0 | BH94: 0 | BI94: 0 | BJ94: 0
A95: Electricity – Onroad residential grid EV charging | B95: gge | C95: 0 | D95: 0 | E95: 0 | F95: 0 | G95: 0 | H95: 0 | I95: 0 | J95: 0 | K95: 0 | L95: 0 | M95: 0 | N95: 0 | O95: 0 | P95: 0 | Q95: 0 | R95: 0 | S95: 0 | T95: 0 | U95: 0 | V95: 0 | W95: 0 | X95: 0 | Y95: 0 | Z95: 0 | AA95: 0 | AB95: 0 | AC95: 0 | AD95: 0 | AE95: 0 | AF95: 0 | AG95: 0 | AH95: 0 | AI95: 14112490 | AJ95: 12387189 | AK95: 13722414 | AL95: 15357142 | AM95: 15430193 | AN95: 8803013 | AO95: 10981770 | AP95: 12182757 | AQ95: 12434539 | AR95: 15637758 | AS95: 17451974 | AT95: 19182187 | AU95: 23609406 | AV95: 25875356 | AW95: 27209559 | AX95: 31699650 | AY95: 28795362 | AZ95: 31633494 | BA95: 34677815 | BB95: 36026305 | BC95: 37038729 | BD95: 42639004 | BE95: 44951709 | BF95: 45953881 | BG95: 48669408 | BH95: 51784460 | BI95: 53254792 | BJ95: 55122546
A96: Electricity – Onroad non-residential grid EV charging – LDV/MDV | B96: gge | C96: 0 | D96: 0 | E96: 0 | F96: 0 | G96: 0 | H96: 0 | I96: 0 | J96: 0 | K96: 0 | L96: 0 | M96: 0 | N96: 0 | O96: 0 | P96: 0 | Q96: 0 | R96: 0 | S96: 0 | T96: 0 | U96: 0 | V96: 0 | W96: 0 | X96: 0 | Y96: 0 | Z96: 0 | AA96: 0 | AB96: 0 | AC96: 0 | AD96: 0 | AE96: 0 | AF96: 0 | AG96: 0 | AH96: 0 | AI96: 439089 | AJ96: 537774 | AK96: 301091 | AL96: 320797 | AM96: 238962 | AN96: 63479 | AO96: 138562 | AP96: 95476 | AQ96: 90615 | AR96: 113852 | AS96: 152123 | AT96: 179738 | AU96: 185313 | AV96: 189191 | AW96: 564263 | AX96: 621271 | AY96: 395550.77 | AZ96: 969562.67 | BA96: 865020.05 | BB96: 541603.82 | BC96: 693451.66 | BD96: 645121 | BE96: 660402 | BF96: 824326 | BG96: 2131261 | BH96: 965068 | BI96: 1325958 | BJ96: 1048813
A97: Electricity – Onroad non-residential low-CI EV charging – LDV/MDV | B97: gge | C97: 0 | D97: 0 | E97: 0 | F97: 0 | G97: 0 | H97: 0 | I97: 0 | J97: 0 | K97: 0 | L97: 0 | M97: 0 | N97: 0 | O97: 0 | P97: 0 | Q97: 0 | R97: 0 | S97: 0 | T97: 0 | U97: 0 | V97: 0 | W97: 0 | X97: 0 | Y97: 0 | Z97: 0 | AA97: 0 | AB97: 0 | AC97: 0 | AD97: 0 | AE97: 0 | AF97: 0 | AG97: 0 | AH97: 0 | AI97: 1597231 | AJ97: 1837329 | AK97: 2189362 | AL97: 2284297 | AM97: 1909165 | AN97: 1424745 | AO97: 1885552 | AP97: 1892124 | AQ97: 2236386 | AR97: 3198542 | AS97: 3944706 | AT97: 4410225 | AU97: 4653477 | AV97: 6292998 | AW97: 6734335 | AX97: 7051177 | AY97: 7779076.1 | AZ97: 8355981.8 | BA97: 9908784.6 | BB97: 11351677 | BC97: 12122888 | BD97: 13463425 | BE97: 14451547 | BF97: 14501818 | BG97: 14770447 | BH97: 16222830 | BI97: 17624581 | BJ97: 17661116
A98: Electricity – Onroad non-residential grid EV charging – HDV | B98: gge | C98: 0 | D98: 0 | E98: 0 | F98: 0 | G98: 0 | H98: 0 | I98: 0 | J98: 0 | K98: 0 | L98: 0 | M98: 0 | N98: 0 | O98: 0 | P98: 0 | Q98: 0 | R98: 0 | S98: 0 | T98: 0 | U98: 0 | V98: 0 | W98: 0 | X98: 0 | Y98: 0 | Z98: 0 | AA98: 0 | AB98: 0 | AC98: 0 | AD98: 0 | AE98: 0 | AF98: 0 | AG98: 0 | AH98: 0 | AI98: 61670 | AJ98: 84295 | AK98: 71702 | AL98: 94717 | AM98: 98629 | AN98: 87326 | AO98: 80722 | AP98: 42292 | AQ98: 35111 | AR98: 33810 | AS98: 28774 | AT98: 29145 | AU98: 27822 | AV98: 36807 | AW98: 51820 | AX98: 105779 | AY98: 109757.67 | AZ98: 115086.09 | BA98: 165502.75 | BB98: 136757.67 | BC98: 144078.73 | BD98: 130680.19 | BE98: 151279 | BF98: 160710.99 | BG98: 289015 | BH98: 168029 | BI98: 189927 | BJ98: 224588
A99: Electricity – Onroad non-residential low-CI EV charging – HDV | B99: gge | C99: 0 | D99: 0 | E99: 0 | F99: 0 | G99: 0 | H99: 0 | I99: 0 | J99: 0 | K99: 0 | L99: 0 | M99: 0 | N99: 0 | O99: 0 | P99: 0 | Q99: 0 | R99: 0 | S99: 0 | T99: 0 | U99: 0 | V99: 0 | W99: 0 | X99: 0 | Y99: 0 | Z99: 0 | AA99: 0 | AB99: 0 | AC99: 0 | AD99: 0 | AE99: 0 | AF99: 0 | AG99: 0 | AH99: 0 | AI99: 3995 | AJ99: 2385 | AK99: 50891 | AL99: 54537 | AM99: 57975 | AN99: 61093 | AO99: 102313 | AP99: 160968 | AQ99: 136123 | AR99: 162706 | AS99: 210385 | AT99: 233786 | AU99: 238700 | AV99: 265483 | AW99: 272236 | AX99: 259615 | AY99: 280569.39 | AZ99: 317096.1 | BA99: 354941.63 | BB99: 435852.65 | BC99: 496892.65 | BD99: 536213 | BE99: 538793 | BF99: 608977 | BG99: 596725 | BH99: 751966 | BI99: 825563 | BJ99: 824658
A100: Electricity – Offroad fixed guideways | B100: gge | C100: 0 | D100: 0 | E100: 0 | F100: 0 | G100: 0 | H100: 0 | I100: 0 | J100: 0 | K100: 0 | L100: 0 | M100: 0 | N100: 0 | O100: 0 | P100: 0 | Q100: 0 | R100: 0 | S100: 0 | T100: 0 | U100: 0 | V100: 0 | W100: 4120613 | X100: 4768068 | Y100: 4678241 | Z100: 5290607 | AA100: 5001004 | AB100: 5979420 | AC100: 5874243 | AD100: 6292520 | AE100: 5640429 | AF100: 5665532 | AG100: 5977296 | AH100: 6016955 | AI100: 5378515 | AJ100: 5602600 | AK100: 5744706 | AL100: 5875189 | AM100: 5504688 | AN100: 4039261 | AO100: 4448829 | AP100: 4140940 | AQ100: 4192790 | AR100: 4364180 | AS100: 4992017 | AT100: 4935359 | AU100: 4796369 | AV100: 4679212 | AW100: 5376856 | AX100: 5490893 | AY100: 5190520.9 | AZ100: 5705942 | BA100: 6243539.5 | BB100: 4994847.4 | BC100: 5258330.1 | BD100: 5407908 | BE100: 6209719 | BF100: 5964019 | BG100: 5864926 | BH100: 6000872 | BI100: 6289016 | BJ100: 5653847
A101: Electricity – Offroad eOGV | B101: gge | C101: 0 | D101: 0 | E101: 0 | F101: 0 | G101: 0 | H101: 0 | I101: 0 | J101: 0 | K101: 0 | L101: 0 | M101: 0 | N101: 0 | O101: 0 | P101: 0 | Q101: 0 | R101: 0 | S101: 0 | T101: 0 | U101: 0 | V101: 0 | W101: 0 | X101: 0 | Y101: 0 | Z101: 0 | AA101: 0 | AB101: 0 | AC101: 0 | AD101: 0 | AE101: 0 | AF101: 0 | AG101: 0 | AH101: 0 | AI101: 924451 | AJ101: 1055976 | AK101: 1111870 | AL101: 1159630 | AM101: 1078105 | AN101: 1047001 | AO101: 1158909 | AP101: 1768879 | AQ101: 1795611 | AR101: 1994763 | AS101: 2059130 | AT101: 2074920 | AU101: 1869091 | AV101: 4383063 | AW101: 4014275 | AX101: 4325911 | AY101: 3800935.9 | AZ101: 4313970.4 | BA101: 5115869 | BB101: 4869784.5 | BC101: 4391637.9 | BD101: 4575722 | BE101: 4610999 | BF101: 4710601 | BG101: 4433768 | BH101: 4251312 | BI101: 4469926 | BJ101: 4741113
A102: Electricity – Offroad eCHE | B102: gge | C102: 0 | D102: 0 | E102: 0 | F102: 0 | G102: 0 | H102: 0 | I102: 0 | J102: 0 | K102: 0 | L102: 0 | M102: 0 | N102: 0 | O102: 0 | P102: 0 | Q102: 0 | R102: 0 | S102: 0 | T102: 0 | U102: 0 | V102: 0 | W102: 0 | X102: 0 | Y102: 0 | Z102: 0 | AA102: 0 | AB102: 0 | AC102: 0 | AD102: 0 | AE102: 0 | AF102: 0 | AG102: 0 | AH102: 0 | AI102: 0 | AJ102: 141642 | AK102: 136066 | AL102: 151916 | AM102: 166761 | AN102: 192953 | AO102: 202275 | AP102: 206750 | AQ102: 235898 | AR102: 210608 | AS102: 258108 | AT102: 271518 | AU102: 324929 | AV102: 314599 | AW102: 293567 | AX102: 249895 | AY102: 277239.63 | AZ102: 248894.17 | BA102: 353679.29 | BB102: 343330.23 | BC102: 319769.54 | BD102: 290951 | BE102: 324199 | BF102: 311919 | BG102: 302824 | BH102: 275699 | BI102: 296622 | BJ102: 275828
A103: Electricity – Offroad eForklifts – EDU | B103: gge | C103: 0 | D103: 0 | E103: 0 | F103: 0 | G103: 0 | H103: 0 | I103: 0 | J103: 0 | K103: 0 | L103: 0 | M103: 0 | N103: 0 | O103: 0 | P103: 0 | Q103: 0 | R103: 0 | S103: 0 | T103: 0 | U103: 0 | V103: 0 | W103: 0 | X103: 0 | Y103: 0 | Z103: 0 | AA103: 0 | AB103: 0 | AC103: 0 | AD103: 0 | AE103: 3743846 | AF103: 3456255 | AG103: 3174942 | AH103: 2982760 | AI103: 2933204 | AJ103: 2640692 | AK103: 1825421 | AL103: 1313252 | AM103: 380989 | AN103: 0 | AO103: 0 | AP103: 0 | AQ103: 2422945 | AR103: 1571526 | AS103: 607109 | AT103: 161941 | AU103: 0 | AV103: 0 | AW103: 0 | AX103: 0 | BD103: 0 | BE103: 0 | BF103: 0 | BG103: 0 | BH103: 0 | BI103: 0 | BJ103: 0
A104: Electricity – Offroad eForklifts – Reported | B104: gge | C104: 0 | D104: 0 | E104: 0 | F104: 0 | G104: 0 | H104: 0 | I104: 0 | J104: 0 | K104: 0 | L104: 0 | M104: 0 | N104: 0 | O104: 0 | P104: 0 | Q104: 0 | R104: 0 | S104: 0 | T104: 0 | U104: 0 | V104: 0 | W104: 4684097 | X104: 4752638 | Y104: 4841054 | Z104: 5004280 | AA104: 4989228 | AB104: 5056098 | AC104: 5076687 | AD104: 5096041 | AE104: 5129549 | AF104: 5164110 | AG104: 5188442 | AH104: 5223272 | AI104: 5250727 | AJ104: 5277940 | AK104: 5291908 | AL104: 5282897 | AM104: 5316667 | AN104: 5602615 | AO104: 6660907 | AP104: 7146737 | AQ104: 10147094 | AR104: 10127077 | AS104: 10168994 | AT104: 10167338 | AU104: 10560373 | AV104: 11242201 | AW104: 11572049 | AX104: 12025518 | AY104: 12056582 | AZ104: 12390861 | BA104: 12642904 | BB104: 12857516 | BC104: 12878083 | BD104: 13073715 | BE104: 13131887 | BF104: 12993654 | BG104: 12720750 | BH104: 13061690 | BI104: 13216424 | BJ104: 13287423
A105: Electricity – Offroad eTRU | B105: gge | C105: 0 | D105: 0 | E105: 0 | F105: 0 | G105: 0 | H105: 0 | I105: 0 | J105: 0 | K105: 0 | L105: 0 | M105: 0 | N105: 0 | O105: 0 | P105: 0 | Q105: 0 | R105: 0 | S105: 0 | T105: 0 | U105: 0 | V105: 0 | W105: 0 | X105: 0 | Y105: 0 | Z105: 0 | AA105: 0 | AB105: 0 | AC105: 0 | AD105: 0 | AE105: 0 | AF105: 0 | AG105: 0 | AH105: 0 | AI105: 0 | AJ105: 0 | AK105: 124937 | AL105: 98771 | AM105: 124010 | AN105: 143373 | AO105: 148388 | AP105: 136674 | AQ105: 180187 | AR105: 198924 | AS105: 212562 | AT105: 189810 | AU105: 196027 | AV105: 252941 | AW105: 297757 | AX105: 271702 | AY105: 240401.62 | AZ105: 319074.31 | BA105: 304873.04 | BB105: 244451.47 | BC105: 224634.78 | BD105: 275419 | BE105: 285827 | BF105: 273692 | BG105: 262268 | BH105: 259266 | BI105: 286469 | BJ105: 273269
A106: Total Electricity | B106: gge | C106: 21816 | D106: 62215 | E106: 119059 | F106: 171607 | G106: 220891 | H106: 271183 | I106: 355146 | J106: 468250 | K106: 575617 | L106: 746463 | M106: 957652 | N106: 1320154 | O106: 1595430 | P106: 1950333 | Q106: 2266455 | R106: 2640450 | S106: 2820481 | T106: 2990668 | U106: 3505519 | V106: 3659158 | W106: 13685872 | X106: 14698286 | Y106: 15068483 | Z106: 16761249 | AA106: 17504638 | AB106: 18632213 | AC106: 19000094 | AD106: 20044259 | AE106: 25242822 | AF106: 26250263 | AG106: 28140313 | AH106: 29371459 | AI106: 30701372 | AJ106: 29567822 | AK106: 30570368 | AL106: 31993145 | AM106: 30306144 | AN106: 21464859 | AO106: 25808227 | AP106: 27773597 | AQ106: 33907299 | AR106: 37613746 | AS106: 40085882 | AT106: 41835967 | AU106: 46461507 | AV106: 53531851 | AW106: 56386717 | AX106: 62101411 | AY106: 58925996 | AZ106: 64369963 | BA106: 70632929 | BB106: 71802127 | BC106: 73568495 | BD106: 81038158 | BE106: =SUM(BE93:BE105) -> 85316361 | BF106: =SUM(BF93:BF105) -> 86303598 | BG106: =SUM(BG93:BG105) -> 90041392 | BH106: =SUM(BH93:BH105) -> 93741192 | BI106: =SUM(BI93:BI105) -> 97779278 | BJ106: =SUM(BJ93:BJ105) -> 99113201
...

Sheet (C.2) OR_Res%
A1: Oregon Department of Environmental Quality. “Quarter 4 Spreadsheet.” Spreadsheet. https://www.oregon.gov/deq/ghgp/Documents/cfpQ42025.xlsx.
C2: Quarter 4 2025 Summary
C3: =IF(C4="",B3,C4) -> 2016 | D3: =IF(D4="",C3,D4) -> 2016 | E3: =IF(E4="",D3,E4) -> 2016 | F3: =IF(F4="",E3,F4) -> 2016 | G3: =IF(G4="",F3,G4) -> 2017 | H3: =IF(H4="",G3,H4) -> 2017 | I3: =IF(I4="",H3,I4) -> 2017 | J3: =IF(J4="",I3,J4) -> 2017 | ... AP3: =IF(AP4="",AO3,AP4) -> 2025
A4: Credits | C4: 2016 | G4: 2017 | K4: 2018 | O4: 2019 | S4: 2020 | W4: 2021 | AA4: 2022 | AE4: 2023 | AI4: 2024 | AM4: 2025
B5: Units | C5: Q1 | D5: Q2 | E5: Q3 | F5: Q4 | G5: Q1 | H5: Q2 | I5: Q3 | J5: Q4 | K5: Q1 | L5: Q2 | M5: Q3 | N5: Q4 | O5: Q1 | P5: Q2 | Q5: Q3 | R5: Q4 | S5: Q1 | T5: Q2 | U5: Q3 | V5: Q4 | W5: Q1 | X5: Q2 | Y5: Q3 | Z5: Q4 | AA5: Q1 | AB5: Q2 | AC5: Q3 | AD5: Q4 | AE5: Q1 | AF5: Q2 | AG5: Q3 | AH5: Q4 | AI5: Q1 | AJ5: Q2 | AK5: Q3 | AL5: Q4 | AM5: Q1 | AN5: Q2 | AO5: Q3 | AP5: Q4
A6: Alternative Jet Fuel | B6: MT | C6: 0 | D6: 0 | E6: 0 | F6: 0 | G6: 0 | H6: 0 | I6: 0 | J6: 0 | K6: 0 | L6: 0 | M6: 0 | N6: 0 | O6: 0 | P6: 0 | Q6: 0 | R6: 0 | S6: 0 | T6: 0 | U6: 0 | V6: 0 | W6: 0 | X6: 0 | Y6: 0 | Z6: 0 | AA6: 0 | AB6: 0 | AC6: 0 | AD6: 0 | AE6: 0 | AF6: 0 | AG6: 0 | AH6: 0 | AI6: 0 | AJ6: 0 | AK6: 0 | AL6: 0 | AM6: 0 | AN6: 0 | AO6: 924 | AP6: 4697
A7: B20 Diesel | B7: MT | C7: 0 | D7: 0 | E7: 0 | F7: 0 | G7: 0 | H7: 0 | I7: 0 | J7: 0 | K7: 0 | L7: 12 | M7: 0 | N7: 0 | O7: 0 | P7: 0 | Q7: 0 | R7: 0 | S7: 21 | T7: 0 | U7: 0 | V7: 5 | W7: 0 | X7: 0 | Y7: 0 | Z7: 0 | AA7: 0 | AB7: 0 | AC7: 1 | AD7: 11 | AE7: 0 | AF7: 0 | AG7: 0 | AH7: 0 | AI7: 0 | AJ7: 0 | AK7: 0 | AL7: 0 | AM7: 0 | AN7: 0 | AO7: 0 | AP7: 0
A8: B5 Diesel | B8: MT | C8: 129 | D8: 185 | E8: 213 | F8: 100 | G8: 158 | H8: 311 | I8: 306 | J8: 214 | K8: 562 | L8: 870 | M8: 1053 | N8: 1046 | O8: 18 | P8: 219 | Q8: 132 | R8: 106 | S8: 610 | T8: 498 | U8: 740 | V8: 607 | W8: 1651 | X8: 1648 | Y8: 1721 | Z8: 1488 | AA8: 2302 | AB8: 1967 | AC8: 3627 | AD8: 3427 | AE8: 5844 | AF8: 6137 | AG8: 7844 | AH8: 7479 | AI8: 8952 | AJ8: 11654 | AK8: 14362 | AL8: 11207 | AM8: 11583 | AN8: 7404 | AO8: 7257 | AP8: 6142
A9: Bio-CNG | B9: MT | C9: 0 | D9: 0 | E9: 1655 | F9: 2486 | G9: 1673 | H9: 2277 | I9: 2237 | J9: 2478 | K9: 876 | L9: 1337 | M9: 1512 | N9: 1801 | O9: 1629 | P9: 1786 | Q9: 1863 | R9: 2371 | S9: 2256 | T9: 2410 | U9: 3097 | V9: 3312 | W9: 3471 | X9: 4521 | Y9: 9662 | Z9: 11595 | AA9: 11716 | AB9: 8342 | AC9: 4093 | AD9: 9021 | AE9: 21991 | AF9: 36271 | AG9: 41778 | AH9: 41393 | AI9: 11703 | AJ9: 9654 | AK9: 7869 | AL9: 9553 | AM9: 9132 | AN9: 42012 | AO9: 42366 | AP9: 40855
A10: Biodiesel | B10: MT | C10: 58529 | D10: 65175 | E10: 76526 | F10: 69420 | G10: 57466 | H10: 83384 | I10: 92219 | J10: 88392 | K10: 73382 | L10: 88804 | M10: 101480 | N10: 91173 | O10: 83643 | P10: 121921 | Q10: 125305 | R10: 116165 | S10: 116635 | T10: 112434 | U10: 126284 | V10: 126047 | W10: 102155 | X10: 141521 | Y10: 145411 | Z10: 132217 | AA10: 117168 | AB10: 171953 | AC10: 118530 | AD10: 158293 | AE10: 106747 | AF10: 117622 | AG10: 128130 | AH10: 125892 | AI10: 92409 | AJ10: 116240 | AK10: 134130 | AL10: 123899 | AM10: 76739 | AN10: 83787 | AO10: 92559 | AP10: 83722
A11: Bio-LNG | B11: MT | C11: 474 | D11: 315 | E11: 379 | F11: 357 | G11: 383 | H11: 442 | I11: 397 | J11: 129 | K11: 327 | L11: 433 | M11: 409 | N11: 314 | O11: 276 | P11: 311 | Q11: 226 | R11: 280 | S11: 219 | T11: 241 | U11: 360 | V11: 312 | W11: 0 | X11: 0 | Y11: 0 | Z11: 0 | AA11: 0 | AB11: 0 | AC11: 0 | AD11: 0 | AE11: 0 | AF11: 0 | AG11: 0 | AH11: 0 | AI11: 0 | AJ11: 0 | AK11: 0 | AL11: 0 | AM11: 0 | AN11: 0 | AO11: 0 | AP11: 0
A12: Diesel | B12: MT | C12: 230 | D12: 998 | E12: 102 | F12: 495 | G12: 322 | H12: 690 | I12: 489 | J12: 418 | K12: 625 | L12: 1068 | M12: 626 | N12: 1089 | O12: 2324 | P12: 1374 | Q12: 1316 | R12: 201 | S12: 411 | T12: 179 | U12: 1553 | V12: 2354 | W12: 262 | X12: 328 | Y12: 109 | Z12: 25 | AA12: 67 | AB12: 84 | AC12: 99 | AD12: 2 | AE12: 647 | AF12: 1 | AG12: 256 | AH12: 229 | AI12: 998 | AJ12: 1517 | AK12: 461 | AL12: 1 | AM12: 627 | AN12: 5071 | AO12: 5920 | AP12: 6368
A13: E10 Gasoline | B13: MT | C13: 351 | D13: 388 | E13: 415 | F13: 39 | G13: 86 | H13: 113 | I13: 80 | J13: 75 | K13: 133 | L13: 84 | M13: 87 | N13: 201 | O13: 0 | P13: 0 | Q13: 0 | R13: 0 | S13: 1500 | T13: 1314 | U13: 1891 | V13: 1509 | W13: 4794 | X13: 5818 | Y13: 6246 | Z13: 5511 | AA13: 10570 | AB13: 11134 | AC13: 12915 | AD13: 11731 | AE13: 15643 | AF13: 15869 | AG13: 11429 | AH13: 11854 | AI13: 13626 | AJ13: 17235 | AK13: 17714 | AL13: 16946 | AM13: 13874 | AN13: 14152 | AO13: 16513 | AP13: 16769
A14: Electricity - Offroad: eForklifts | B14: MT | C14: 0 | D14: 0 | E14: 0 | F14: 0 | G14: 0 | H14: 0 | I14: 0 | J14: 0 | K14: 0 | L14: 0 | M14: 0 | N14: 0 | O14: 315 | P14: 577 | Q14: 1571 | R14: 1715 | S14: 2165 | T14: 2908 | U14: 4221 | V14: 4760 | W14: 15328 | X14: 20430 | Y14: 23188 | Z14: 24736 | AA14: 27027 | AB14: 28745 | AC14: 32077 | AD14: 31817 | AE14: 7009 | AF14: 11099 | AG14: 11071 | AH14: 2721 | AI14: 2618 | AJ14: 2597 | AK14: 2972 | AL14: 3318 | AM14: 2533 | AN14: 2698 | AO14: 2833 | AP14: 2643
A15: Electricity - Offroad: Fixed Guideway | B15: MT | C15: 0 | D15: 0 | E15: 0 | F15: 0 | G15: 0 | H15: 0 | I15: 0 | J15: 0 | K15: 4288 | L15: 4206 | M15: 4382 | N15: 4313 | O15: 4347 | P15: 4179 | Q15: 4216 | R15: 4383 | S15: 4224 | T15: 3535 | U15: 3590 | V15: 3802 | W15: 2904 | X15: 3044 | Y15: 5692 | Z15: 5514 | AA15: 3707 | AB15: 5381 | AC15: 5213 | AD15: 5329 | AE15: 5483 | AF15: 5437 | AG15: 5042 | AH15: 6199 | AI15: 4488 | AJ15: 4814 | AK15: 5418 | AL15: 6449 | AM15: 5435 | AN15: 5110 | AO15: 5026 | AP15: 5209
A16: Electricity - Offroad: Other | B16: MT | C16: 0 | D16: 0 | E16: 0 | F16: 0 | G16: 0 | H16: 0 | I16: 0 | J16: 0 | K16: 0 | L16: 0 | M16: 0 | N16: 0 | O16: 0 | P16: 0 | Q16: 0 | R16: 0 | S16: 2 | T16: 16 | U16: 24 | V16: 17 | W16: 160 | X16: 4811 | Y16: 3569 | Z16: 5847 | AA16: 7267 | AB16: 5771 | AC16: 5627 | AD16: 9567 | AE16: 8429 | AF16: 19524 | AG16: 13997 | AH16: 21511 | AI16: 7403 | AJ16: 8729 | AK16: 10913 | AL16: 11219 | AM16: 11546 | AN16: 9885 | AO16: 16111 | AP16: 21308
A17: Electricity Onroad: Non-residential Charging | B17: MT | C17: 321 | D17: 500 | E17: 684 | F17: 640 | G17: 649 | H17: 822 | I17: 1095 | J17: 946 | K17: 539 | L17: 761 | M17: 968 | N17: 1214 | O17: 1187 | P17: 1500 | Q17: 1965 | R17: 1940 | S17: 1529 | T17: 1032 | U17: 1952 | V17: 1818 | W17: 1759 | X17: 2687 | Y17: 5360 | Z17: 5498 | AA17: 21512 | AB17: 7831 | AC17: 10139 | AD17: 10164 | AE17: 8863 | AF17: 11728 | AG17: 16224 | AH17: 17050 | AI17: 14882 | AJ17: 18691 | AK17: 23841 | AL17: 24381 | AM17: 23642 | AN17: 22628 | AO17: 26606 | AP17: 25191
... A29: Residential EV Base Credits | B29: MT | C29: 8573 | D29: 8574 | E29: 8573 | F29: 8574 | G29: 10301 | H29: 10301 | I29: 10301 | J29: 10301 | K29: 14222 | L29: 14222 | M29: 14223 | N29: 14223 | O29: 18317 | P29: 18317 | Q29: 18318 | R29: 18318 | S29: 24872 | T29: 24872 | U29: 24872 | V29: 24872 | W29: 21286.5 | X29: 21286.5 | Y29: 27644 | Z29: 27644 | AA29: 35125 | AB29: 35125 | AC29: 36053 | AD29: 36053 | AE29: 41362 | AF29: 41362 | AG29: 50261 | AH29: 50261 | AI29: 51959 | AJ29: 51959 | AK29: 59437 | AL29: 59437 | AM29: 62238 | AN29: 62238 | AO29: 70943 | AP29: 70944
A30: Residential EV Incremental Credit | B30: MT | C30: 0 | D30: 0 | E30: 0 | F30: 0 | G30: 0 | H30: 0 | I30: 0 | J30: 0 | K30: 0 | L30: 0 | M30: 0 | N30: 0 | O30: 0 | P30: 0 | Q30: 0 | R30: 0 | S30: 0 | T30: 0 | U30: 0 | V30: 0 | W30: 11709 | X30: 11709 | Y30: 11709 | Z30: 11708 | AA30: 11277 | AB30: 11277 | AC30: 11277 | AD30: 11277 | AE30: 25344 | AF30: 25344 | AG30: 25344 | AH30: 25344 | AI30: 21484 | AJ30: 21484 | AK30: 24512 | AL30: 24512 | AM30: 0 | AN30: 0 | AO30: 0 | AR30: Note: DEQ calculates residential EV credits twice per year and will include these in a future data summary. Incremental credits for utilities are done annually, and generally are added in the Q1 data release
A31: Total | B31: MT | C31: =SUM(C6:C30) -> 207355 | D31: =SUM(D6:D30) -> 199577 | E31: =SUM(E6:E30) -> 230019 | F31: =SUM(F6:F30) -> 194238 | G31: =SUM(G6:G30) -> 192703 | H31: =SUM(H6:H30) -> 230045 | I31: =SUM(I6:I30) -> 254757 | J31: =SUM(J6:J30) -> 248866 | ... AP31: =SUM(AP6:AP30) -> 782559
A33: Natural Gas | B33: MT | C33: 61 | D33: 112 | E33: 346 | F33: 292 | G33: 308 | H33: 297 | I33: 327 | J33: 272 | K33: 472 | L33: 514 | M33: 486 | N33: 430 | O33: 393 | P33: 399 | Q33: 435 | R33: 325 | S33: 263 | T33: 136 | U33: 99 | V33: 113 | W33: 302 | X33: 284 | Y33: 89 | Z33: 16 | AA33: 2 | AB33: 162 | AC33: 156 | AD33: 178 | AE33: 5 | AF33: 6 | AG33: 8 | AH33: 4 | AI33: 4 | AJ33: 3 | AK33: 4 | AL33: 4 | AM33: 4 | AN33: 5 | AO33: 5 | AP33: 4
A34: Biomethane | B34: MT | C34: 474 | D34: 315 | E34: 2034 | F34: 2843 | G34: 2056 | H34: 2719 | I34: 2634 | J34: 2607 | K34: 1203 | L34: 1770 | M34: 1921 | N34: 2115 | O34: 1905 | P34: 2097 | Q34: 2089 | R34: 2651 | S34: 2475 | T34: 2651 | U34: 3457 | V34: 3624 | W34: 3471 | X34: 4521 | Y34: 9662 | Z34: 11595 | AA34: 11716 | AB34: 8342 | AC34: 4093 | AD34: 9021 | AE34: 21991 | AF34: 36271 | AG34: 41778 | AH34: 41393 | AI34: 11703 | AJ34: 9654 | AK34: 7869 | AL34: 9553 | AM34: 9132 | AN34: 42012 | AO34: 42366 | AP34: 40855
A35: Other | B35: MT | C35: 230 | D35: 1701 | E35: 225 | F35: 617 | G35: 516 | H35: 1531 | I35: 1166 | J35: 749 | K35: 753 | L35: 2273 | M35: 1027 | N35: 2883 | O35: 3888 | P35: 3473 | Q35: 3725 | R35: 203 | S35: 2584 | T35: 4917 | U35: 2907 | V35: 2716 | W35: 377 | X35: 7347 | Y35: 538 | Z35: 1713 | AA35: 2170 | AB35: 4834 | AC35: 972 | AD35: 67 | AE35: 1676 | AF35: 8862 | AG35: 358 | AH35: 311 | AI35: 1565 | AJ35: 3209 | AK35: 3491 | AL35: 95 | AM35: 1309 | AN35: 12501 | AO35: 7146 | AP35: 6645
A37: Deficits | C37: 2016 | G37: 2017 | K37: 2018 | O37: 2019 | S37: 2020 | W37: 2021 | AA37: 2022 | AE37: 2023 | AI37: 2024 | AM37: 2025
B38: Units | C38: Q1 | D38: Q2 | E38: Q3 | F38: Q4 | G38: Q1 | H38: Q2 | I38: Q3 | J38: Q4 | K38: Q1 | L38: Q2 | M38: Q3 | N38: Q4 | O38: Q1 | P38: Q2 | Q38: Q3 | R38: Q4 | S38: Q1 | T38: Q2 | U38: Q3 | V38: Q4 | W38: Q1 | X38: Q2 | Y38: Q3 | Z38: Q4 | AA38: Q1 | AB38: Q2 | AC38: Q3 | AD38: Q4 | AE38: Q1 | AF38: Q2 | AG38: Q3 | AH38: Q4 | AI38: Q1 | AJ38: Q2 | AK38: Q3 | AL38: Q4 | AM38: Q1 | AN38: Q2 | AO38: Q3 | AP38: Q4
A39: Alternative Jet Fuel | B39: MT | AD39: 0 | AO39: 0 | AP39: 0
A40: B20 Diesel | B40: MT | L40: 0 | O40: 3 | P40: 11 | Q40: 13 | R40: 9 | S40: 61 | T40: 18 | U40: 20 | V40: 56 | W40: 95 | X40: 242 | Y40: 172 | Z40: 125 | AA40: 139 | AB40: 318 | AC40: 576 | AD40: 202 | AE40: 356 | AF40: 190 | AG40: 275 | AH40: 140 | AI40: 124 | AJ40: 331 | AK40: 405 | AL40: 144 | AM40: 40 | AN40: 133 | AO40: 112 | AP40: 54
A41: B5 Diesel | B41: MT | C41: 455 | D41: 213 | E41: 194 | F41: 169 | G41: 262 | H41: 335 | I41: 309 | J41: 367 | K41: 549 | L41: 437 | M41: 534 | N41: 488 | O41: 1056 | P41: 1593 | Q41: 1623 | R41: 1064 | S41: 1819 | T41: 1413 | U41: 1380 | V41: 1172 | W41: 1479 | X41: 2151 | Y41: 1871 | Z41: 1327 | AA41: 2252 | AB41: 1924 | AC41: 1635 | AD41: 1159 | AE41: 1146 | AF41: 2099 | AG41: 3523 | AH41: 2158 | AI41: 1481 | AJ41: 1125 | AK41: 1413 | AL41: 1427 | AM41: 826 | AN41: 3090 | AO41: 2284 | AP41: 1757
A42: Bio-CNG | B42: MT | E42: 0 | F42: 0 | G42: 0 | H42: 0 | I42: 0 | J42: 0 | K42: 0 | L42: 0 | M42: 0 | N42: 0 | O42: 0 | P42: 0 | Q42: 0 | R42: 0 | S42: 0 | T42: 0 | U42: 0 | V42: 0 | W42: 0 | X42: 0 | Y42: 0 | Z42: 0 | AA42: 0 | AB42: 0 | AC42: 0 | AD42: 0 | AE42: 0 | AF42: 0 | AG42: 0 | AH42: 0 | AI42: 0 | AJ42: 0 | AK42: 0 | AL42: 0 | AM42: 0 | AN42: 0 | AO42: 0 | AP42: 0
A43: Biodiesel | B43: MT | C43: 148 | D43: 1256 | E43: 1287 | F43: 483 | G43: 514 | H43: 906 | I43: 2144 | J43: 1286 | K43: 659 | L43: 1134 | M43: 1096 | N43: 593 | O43: 1869 | P43: 1406 | Q43: 1513 | R43: 942 | S43: 159 | T43: 3928 | U43: 1445 | V43: 3193 | W43: 1375 | X43: 383 | Y43: 2222 | Z43: 256 | AA43: 1306 | AB43: 10530 | AC43: 5623 | AD43: 4582 | AE43: 831 | AF43: 893 | AG43: 1873 | AH43: 652 | AI43: 1676 | AJ43: 1662 | AK43: 480 | AL43: 1329 | AM43: 2613 | AN43: 2851 | AO43: 4266 | AP43: 3061
A44: Bio-LNG | B44: MT | C44: 0 | D44: 0 | E44: 0 | F44: 0 | G44: 0 | H44: 0 | I44: 0 | J44: 0 | K44: 0 | L44: 0 | M44: 0 | N44: 0 | O44: 0 | P44: 0 | Q44: 0 | R44: 0 | S44: 0 | T44: 0 | U44: 0 | V44: 0
A45: Diesel | B45: MT | C45: 56065 | D45: 47111 | E45: 54209 | F45: 48337 | G45: 45529 | H45: 60739 | I45: 63246 | J45: 52953 | K45: 66852 | L45: 76577 | M45: 85850 | N45: 71455 | O45: 83000 | P45: 79497 | Q45: 89450 | R45: 85464 | S45: 87193 | T45: 109990 | U45: 106701 | V45: 109403 | W45: 137378 | X45: 137217 | Y45: 150733 | Z45: 127096 | AA45: 186759 | AB45: 167279 | AC45: 187253 | AD45: 179896 | AE45: 180686 | AF45: 166256 | AG45: 195970 | AH45: 164340 | AI45: 176683 | AJ45: 183702 | AK45: 235723 | AL45: 250201 | AM45: 244061 | AN45: 270001 | AO45: 284712 | AP45: 224782
